Workbook
Name Adm: [2]PRESUPUESTO!$F$237
Name Adm: #REF!
Name base: [3]BaseDatos!$A$2:$F$505
Name base: #REF!
Name CAP.1: PPTO!#REF!
Name CAP.1: ITEMS!#REF!
Name CAP.1: PPTO!#REF!
Name CAP.2: PPTO!#REF!
Name CAP.2: ITEMS!#REF!
Name CAP.2: PPTO!#REF!
Name CAP.3: PPTO!#REF!
Name CAP.3: ITEMS!#REF!
Name CAP.3: PPTO!#REF!
Name CAP.4: [4]PPTO!$C$37
Name CAP.4: #REF!
Name CAP.5: [4]PPTO!$C$44
Name CAP.5: #REF!
Name CAP.6: [4]PPTO!$C$50
Name CAP.6: #REF!
Name CAP.7: [4]PPTO!$C$60
Name CAP.7: #REF!
Name CAP.8: [4]PPTO!$C$73
Name CAP.8: #REF!
Name CAP.9: [4]PPTO!$C$79
Name CAP.9: #REF!
Name equipo: [5]Equipo!$A$7:$A$65536
Name equipo: #REF!
Name EQUIPO_2: [6]Equipo!$A$7:$A$65536
Name EQUIPO_2: #REF!
Name Imprev: [2]PRESUPUESTO!$F$238
Name Imprev: #REF!
Name inf: #REF!
Name inf: #REF!
Name item: #REF!
Name IvaSUtl: [2]PRESUPUESTO!#REF!
Name IvaSUtl: #REF!
Name materiales: [5]materiales!$A$7:$A$1317
Name materiales: #REF!
Name MATERIALES_2: [6]materiales!$A$7:$A$1317
Name MATERIALES_2: #REF!
Name otros: [5]otros!$A$6:$A$1235
Name otros: #REF!
Name OTROS_2: [6]otros!$A$6:$A$1235
Name OTROS_2: #REF!
Name Utilidad: [2]PRESUPUESTO!$F$239
Name Utilidad: #REF!

Sheet INFORMACION
A2: PROYECTO:
A3: "CONSULTORIA PARA EL ANALISIS Y DIAGNOSITCO DEL ESTADO ESTRUCTURAL Y DE LAS REDES HIDROSANITARIAS DE LA EDIFICACION INCLUYENDO LA EVALUACION DEL SISTEMA HIDRAULICO DEL SOTANO DEL PALACIO DE JUSTICIA NUEVO DE ARAUCA, UBICADO EN LA CALLE 21, Y LA ELABORACION DE UNA PROPUESTA TECNICA PARA LA OPTIMIZACION Y/O REPARACIONES NECESARIAS"
A5: LOCALIZACIÓN:
A6: ARAUCA, ARAUCA
A8: FECHA:
A9: MARZO DE 2025
A11: CLIENTE:
C16: =+A6 -> ARAUCA, ARAUCA
A21: DURACION:
A22: 3 | C22: meses
A25: ELABORO: | C25: ING. EDGAR VILLEGAS PALLARES
C26: MP 54202136467 NTS

Sheet RENDIMIENTO
B3: ITEM | C3: DESCRIPCIÓN | D3: UND | E3: CANTIDAD | F3: RENDIMIENTO | H3: TOTAL
F4: X CUADRILLA | G4: # CUARILLAS | H4: DIAS | I4: MESES
B6: =PPTO!C8 -> ARAUCA, ARAUCA
B7: CAP.1 | C7: =VLOOKUP(B7,PPTO!$C$6:$H$60,2,0) -> PRELIMINARES Y REPARACIONES | L7: =CONCATENATE(B7," ","-"," ",C7) -> CAP.1 - PRELIMINARES Y REPARACIONES
B8: 1.1 | C8: =VLOOKUP(B8,PPTO!$C$6:$H$60,2,0) -> #N/A | D8: =VLOOKUP(B8,PPTO!$C$6:$H$60,3,0) -> #N/A | E8: =VLOOKUP(B8,PPTO!$C$6:$H$60,4,0) -> #N/A | F8: =ROUND(VLOOKUP(B8,APUS!$J$140:$Z$231,8,0),2) -> #N/A | G8: 2 | H8: =ROUNDUP(E8/(F8*G8),0) -> #N/A | I8: =ROUND(H8/30,2) -> #N/A | L8: =CONCATENATE(B8," ","-"," ",C8) -> #N/A
B9: 1.2 | C9: =VLOOKUP(B9,PPTO!$C$6:$H$60,2,0) -> #N/A | D9: =VLOOKUP(B9,PPTO!$C$6:$H$60,3,0) -> #N/A | E9: =VLOOKUP(B9,PPTO!$C$6:$H$60,4,0) -> #N/A | F9: =ROUND(VLOOKUP(B9,APUS!$J$140:$Z$231,8,0),2) -> #N/A | G9: 4 | H9: =ROUNDUP(E9/(F9*G9),0) -> #N/A | I9: =ROUND(H9/30,2) -> #N/A | L9: =CONCATENATE(B9," ","-"," ",C9) -> #N/A
B10: 1.3 | C10: =VLOOKUP(B10,PPTO!$C$6:$H$60,2,0) -> #N/A | D10: =VLOOKUP(B10,PPTO!$C$6:$H$60,3,0) -> #N/A | E10: =VLOOKUP(B10,PPTO!$C$6:$H$60,4,0) -> #N/A | F10: =ROUND(VLOOKUP(B10,APUS!$J$140:$Z$231,8,0),2) -> #N/A | G10: 2 | H10: =ROUNDUP(E10/(F10*G10),0) -> #N/A | I10: =ROUND(H10/30,2) -> #N/A | L10: =CONCATENATE(B10," ","-"," ",C10) -> #N/A
B11: 1.4 | C11: =VLOOKUP(B11,PPTO!$C$6:$H$60,2,0) -> #N/A | D11: =VLOOKUP(B11,PPTO!$C$6:$H$60,3,0) -> #N/A | E11: =VLOOKUP(B11,PPTO!$C$6:$H$60,4,0) -> #N/A | F11: =ROUND(VLOOKUP(B11,APUS!$J$140:$Z$231,8,0),2) -> #N/A | G11: 1 | H11: =ROUNDUP(E11/(F11*G11),0) -> #N/A | I11: =ROUND(H11/30,2) -> #N/A | L11: =CONCATENATE(B11," ","-"," ",C11) -> #N/A
B12: 1.5 | C12: =VLOOKUP(B12,PPTO!$C$6:$H$60,2,0) -> #N/A | D12: =VLOOKUP(B12,PPTO!$C$6:$H$60,3,0) -> #N/A | E12: =VLOOKUP(B12,PPTO!$C$6:$H$60,4,0) -> #N/A | F12: =ROUND(VLOOKUP(B12,APUS!$J$140:$Z$231,8,0),2) -> #N/A | G12: 1 | H12: =ROUNDUP(E12/(F12*G12),0) -> #N/A | I12: =ROUND(H12/30,2) -> #N/A | L12: =CONCATENATE(B12," ","-"," ",C12) -> #N/A
B13: 1.6 | C13: =VLOOKUP(B13,PPTO!$C$6:$H$60,2,0) -> #N/A | D13: =VLOOKUP(B13,PPTO!$C$6:$H$60,3,0) -> #N/A | E13: =VLOOKUP(B13,PPTO!$C$6:$H$60,4,0) -> #N/A | F13: =ROUND(VLOOKUP(B13,APUS!$J$140:$Z$231,8,0),2) -> #N/A | G13: 4 | H13: =ROUNDUP(E13/(F13*G13),0) -> #N/A | I13: =ROUND(H13/30,2) -> #N/A | L13: =CONCATENATE(B13," ","-"," ",C13) -> #N/A
B14: 1.7 | C14: =VLOOKUP(B14,PPTO!$C$6:$H$60,2,0) -> #N/A | D14: =VLOOKUP(B14,PPTO!$C$6:$H$60,3,0) -> #N/A | E14: =VLOOKUP(B14,PPTO!$C$6:$H$60,4,0) -> #N/A | F14: =ROUND(VLOOKUP(B14,APUS!$J$140:$Z$231,8,0),2) -> #N/A | G14: 1 | H14: =ROUNDUP(E14/(F14*G14),0) -> #N/A | I14: =ROUND(H14/30,2) -> #N/A | L14: =CONCATENATE(B14," ","-"," ",C14) -> #N/A
B15: 1.8 | C15: =VLOOKUP(B15,PPTO!$C$6:$H$60,2,0) -> #N/A | D15: =VLOOKUP(B15,PPTO!$C$6:$H$60,3,0) -> #N/A | E15: =VLOOKUP(B15,PPTO!$C$6:$H$60,4,0) -> #N/A | F15: =ROUND(VLOOKUP(B15,APUS!$J$140:$Z$231,8,0),2) -> #N/A | G15: 1 | H15: =ROUNDUP(E15/(F15*G15),0) -> #N/A | I15: =ROUND(H15/30,2) -> #N/A | L15: =CONCATENATE(B15," ","-"," ",C15) -> #N/A
B16: 1.9 | C16: =VLOOKUP(B16,PPTO!$C$6:$H$60,2,0) -> #N/A | D16: =VLOOKUP(B16,PPTO!$C$6:$H$60,3,0) -> #N/A | E16: =VLOOKUP(B16,PPTO!$C$6:$H$60,4,0) -> #N/A | F16: =ROUND(VLOOKUP(B16,APUS!$J$140:$Z$231,8,0),2) -> #N/A | G16: 2 | H16: =ROUNDUP(E16/(F16*G16),0) -> #N/A | I16: =ROUND(H16/30,2) -> #N/A | L16: =CONCATENATE(B16," ","-"," ",C16) -> #N/A
B17: CAP.2 | C17: =VLOOKUP(B17,PPTO!$C$6:$H$60,2,0) -> RED HIDRAULICA | L17: =CONCATENATE(B17," ","-"," ",C17) -> CAP.2 - RED HIDRAULICA
B18: 2.1 | C18: =VLOOKUP(B18,PPTO!$C$6:$H$60,2,0) -> #N/A | D18: =VLOOKUP(B18,PPTO!$C$6:$H$60,3,0) -> #N/A | E18: =VLOOKUP(B18,PPTO!$C$6:$H$60,4,0) -> #N/A | F18: =ROUND(VLOOKUP(B18,APUS!$J$140:$Z$231,8,0),2) -> #N/A | G18: 8 | H18: =ROUNDUP(E18/(F18*G18),0) -> #N/A | I18: =ROUND(H18/30,2) -> #N/A | L18: =CONCATENATE(B18," ","-"," ",C18) -> #N/A
B19: 2.2 | C19: =VLOOKUP(B19,PPTO!$C$6:$H$60,2,0) -> #N/A | D19: =VLOOKUP(B19,PPTO!$C$6:$H$60,3,0) -> #N/A | E19: =VLOOKUP(B19,PPTO!$C$6:$H$60,4,0) -> #N/A | F19: =ROUND(VLOOKUP(B19,APUS!$J$140:$Z$231,8,0),2) -> #N/A | G19: 2 | H19: =ROUNDUP(E19/(F19*G19),0) -> #N/A | I19: =ROUND(H19/30,2) -> #N/A | L19: =CONCATENATE(B19," ","-"," ",C19) -> #N/A
B20: 2.3 | C20: =VLOOKUP(B20,PPTO!$C$6:$H$60,2,0) -> #N/A | D20: =VLOOKUP(B20,PPTO!$C$6:$H$60,3,0) -> #N/A | E20: =VLOOKUP(B20,PPTO!$C$6:$H$60,4,0) -> #N/A | F20: =ROUND(VLOOKUP(B20,APUS!$J$140:$Z$231,8,0),2) -> #N/A | G20: 8 | H20: =ROUNDUP(E20/(F20*G20),0) -> #N/A | I20: =ROUND(H20/30,2) -> #N/A | L20: =CONCATENATE(B20," ","-"," ",C20) -> #N/A
B21: 2.4 | C21: =VLOOKUP(B21,PPTO!$C$6:$H$60,2,0) -> #N/A | D21: =VLOOKUP(B21,PPTO!$C$6:$H$60,3,0) -> #N/A | E21: =VLOOKUP(B21,PPTO!$C$6:$H$60,4,0) -> #N/A | F21: =ROUND(VLOOKUP(B21,APUS!$J$140:$Z$231,8,0),2) -> #N/A | G21: 10 | H21: =ROUNDUP(E21/(F21*G21),0) -> #N/A | I21: =ROUND(H21/30,2) -> #N/A | L21: =CONCATENATE(B21," ","-"," ",C21) -> #N/A
B22: 2.5 | C22: =VLOOKUP(B22,PPTO!$C$6:$H$60,2,0) -> #N/A | D22: =VLOOKUP(B22,PPTO!$C$6:$H$60,3,0) -> #N/A | E22: =VLOOKUP(B22,PPTO!$C$6:$H$60,4,0) -> #N/A | F22: =ROUND(VLOOKUP(B22,APUS!$J$140:$Z$231,8,0),2) -> #N/A | G22: 15 | H22: =ROUNDUP(E22/(F22*G22),0) -> #N/A | I22: =ROUND(H22/30,2) -> #N/A | L22: =CONCATENATE(B22," ","-"," ",C22) -> #N/A
B23: 2.6 | C23: =VLOOKUP(B23,PPTO!$C$6:$H$60,2,0) -> #N/A | D23: =VLOOKUP(B23,PPTO!$C$6:$H$60,3,0) -> #N/A | E23: =VLOOKUP(B23,PPTO!$C$6:$H$60,4,0) -> #N/A | F23: =ROUND(VLOOKUP(B23,APUS!$J$140:$Z$231,8,0),2) -> #N/A | G23: 2 | H23: =ROUNDUP(E23/(F23*G23),0) -> #N/A | I23: =ROUND(H23/30,2) -> #N/A | L23: =CONCATENATE(B23," ","-"," ",C23) -> #N/A
B24: CAP.3 | C24: =VLOOKUP(B24,PPTO!$C$6:$H$60,2,0) -> RED CONTRAINCENDIOS | L24: =CONCATENATE(B24," ","-"," ",C24) -> CAP.3 - RED CONTRAINCENDIOS
B25: 3.1 | C25: =VLOOKUP(B25,PPTO!$C$6:$H$60,2,0) -> #N/A | D25: =VLOOKUP(B25,PPTO!$C$6:$H$60,3,0) -> #N/A | E25: =VLOOKUP(B25,PPTO!$C$6:$H$60,4,0) -> #N/A | F25: =ROUND(VLOOKUP(B25,APUS!$J$140:$Z$231,8,0),2) -> #N/A | G25: 3 | H25: =ROUNDUP(E25/(F25*G25),0) -> #N/A | I25: =ROUND(H25/30,2) -> #N/A | L25: =CONCATENATE(B25," ","-"," ",C25) -> #N/A
B26: 3.2 | C26: =VLOOKUP(B26,PPTO!$C$6:$H$60,2,0) -> #N/A | D26: =VLOOKUP(B26,PPTO!$C$6:$H$60,3,0) -> #N/A | E26: =VLOOKUP(B26,PPTO!$C$6:$H$60,4,0) -> #N/A | F26: =ROUND(VLOOKUP(B26,APUS!$J$140:$Z$231,8,0),2) -> #N/A | G26: 3 | H26: =ROUNDUP(E26/(F26*G26),0) -> #N/A | I26: =ROUND(H26/30,2) -> #N/A | L26: =CONCATENATE(B26," ","-"," ",C26) -> #N/A
B27: 3.3 | C27: =VLOOKUP(B27,PPTO!$C$6:$H$60,2,0) -> #N/A | D27: =VLOOKUP(B27,PPTO!$C$6:$H$60,3,0) -> #N/A | E27: =VLOOKUP(B27,PPTO!$C$6:$H$60,4,0) -> #N/A | F27: =ROUND(VLOOKUP(B27,APUS!$J$140:$Z$231,8,0),2) -> #N/A | G27: 2 | H27: =ROUNDUP(E27/(F27*G27),0) -> #N/A | I27: =ROUND(H27/30,2) -> #N/A | L27: =CONCATENATE(B27," ","-"," ",C27) -> #N/A
B28: 3.4 | C28: =VLOOKUP(B28,PPTO!$C$6:$H$60,2,0) -> #N/A | D28: =VLOOKUP(B28,PPTO!$C$6:$H$60,3,0) -> #N/A | E28: =VLOOKUP(B28,PPTO!$C$6:$H$60,4,0) -> #N/A | F28: =ROUND(VLOOKUP(B28,APUS!$J$140:$Z$231,8,0),2) -> #N/A | G28: 8 | H28: =ROUNDUP(E28/(F28*G28),0) -> #N/A | I28: =ROUND(H28/30,2) -> #N/A | L28: =CONCATENATE(B28," ","-"," ",C28) -> #N/A
B29: 3.5 | C29: =VLOOKUP(B29,PPTO!$C$6:$H$60,2,0) -> #N/A | D29: =VLOOKUP(B29,PPTO!$C$6:$H$60,3,0) -> #N/A | E29: =VLOOKUP(B29,PPTO!$C$6:$H$60,4,0) -> #N/A | F29: =ROUND(VLOOKUP(B29,APUS!$J$140:$Z$231,8,0),2) -> #N/A | G29: 2 | H29: =ROUNDUP(E29/(F29*G29),0) -> #N/A | I29: =ROUND(H29/30,2) -> #N/A | L29: =CONCATENATE(B29," ","-"," ",C29) -> #N/A
B30: 3.6 | C30: =VLOOKUP(B30,PPTO!$C$6:$H$60,2,0) -> #N/A | D30: =VLOOKUP(B30,PPTO!$C$6:$H$60,3,0) -> #N/A | E30: =VLOOKUP(B30,PPTO!$C$6:$H$60,4,0) -> #N/A | F30: =ROUND(VLOOKUP(B30,APUS!$J$140:$Z$231,8,0),2) -> #N/A | G30: 2 | H30: =ROUNDUP(E30/(F30*G30),0) -> #N/A | I30: =ROUND(H30/30,2) -> #N/A | L30: =CONCATENATE(B30," ","-"," ",C30) -> #N/A
B31: 3.7 | C31: =VLOOKUP(B31,PPTO!$C$6:$H$60,2,0) -> #N/A | D31: =VLOOKUP(B31,PPTO!$C$6:$H$60,3,0) -> #N/A | E31: =VLOOKUP(B31,PPTO!$C$6:$H$60,4,0) -> #N/A | F31: =ROUND(VLOOKUP(B31,APUS!$J$140:$Z$231,8,0),2) -> #N/A | G31: 3 | H31: =ROUNDUP(E31/(F31*G31),0) -> #N/A | I31: =ROUND(H31/30,2) -> #N/A | L31: =CONCATENATE(B31," ","-"," ",C31) -> #N/A
B32: 3.8 | C32: =VLOOKUP(B32,PPTO!$C$6:$H$60,2,0) -> #N/A | D32: =VLOOKUP(B32,PPTO!$C$6:$H$60,3,0) -> #N/A | E32: =VLOOKUP(B32,PPTO!$C$6:$H$60,4,0) -> #N/A | F32: =ROUND(VLOOKUP(B32,APUS!$J$140:$Z$231,8,0),2) -> #N/A | G32: 2 | H32: =ROUNDUP(E32/(F32*G32),0) -> #N/A | I32: =ROUND(H32/30,2) -> #N/A | L32: =CONCATENATE(B32," ","-"," ",C32) -> #N/A
B33: 3.9 | C33: =VLOOKUP(B33,PPTO!$C$6:$H$60,2,0) -> #N/A | D33: =VLOOKUP(B33,PPTO!$C$6:$H$60,3,0) -> #N/A | E33: =VLOOKUP(B33,PPTO!$C$6:$H$60,4,0) -> #N/A | F33: =ROUND(VLOOKUP(B33,APUS!$J$140:$Z$231,8,0),2) -> #N/A | G33: 2 | H33: =ROUNDUP(E33/(F33*G33),0) -> #N/A | I33: =ROUND(H33/30,2) -> #N/A | L33: =CONCATENATE(B33," ","-"," ",C33) -> #N/A
B34: 3.10 | C34: =VLOOKUP(B34,PPTO!$C$6:$H$60,2,0) -> #N/A | D34: =VLOOKUP(B34,PPTO!$C$6:$H$60,3,0) -> #N/A | E34: =VLOOKUP(B34,PPTO!$C$6:$H$60,4,0) -> #N/A | F34: =ROUND(VLOOKUP(B34,APUS!$J$140:$Z$231,8,0),2) -> #N/A | G34: 2 | H34: =ROUNDUP(E34/(F34*G34),0) -> #N/A | I34: =ROUND(H34/30,2) -> #N/A | L34: =CONCATENATE(B34," ","-"," ",C34) -> #N/A
B35: 3.11 | C35: =VLOOKUP(B35,PPTO!$C$6:$H$60,2,0) -> #N/A | D35: =VLOOKUP(B35,PPTO!$C$6:$H$60,3,0) -> #N/A | E35: =VLOOKUP(B35,PPTO!$C$6:$H$60,4,0) -> #N/A | F35: =ROUND(VLOOKUP(B35,APUS!$J$140:$Z$231,8,0),2) -> #N/A | G35: 2 | H35: =ROUNDUP(E35/(F35*G35),0) -> #N/A | I35: =ROUND(H35/30,2) -> #N/A | L35: =CONCATENATE(B35," ","-"," ",C35) -> #N/A
B36: 3.12 | C36: =VLOOKUP(B36,PPTO!$C$6:$H$60,2,0) -> #N/A | D36: =VLOOKUP(B36,PPTO!$C$6:$H$60,3,0) -> #N/A | E36: =VLOOKUP(B36,PPTO!$C$6:$H$60,4,0) -> #N/A | F36: =ROUND(VLOOKUP(B36,APUS!$J$140:$Z$231,8,0),2) -> #N/A | G36: 2 | H36: =ROUNDUP(E36/(F36*G36),0) -> #N/A | I36: =ROUND(H36/30,2) -> #N/A | L36: =CONCATENATE(B36," ","-"," ",C36) -> #N/A
... B38: 3.14 | C38: =VLOOKUP(B38,PPTO!$C$6:$H$60,2,0) -> #N/A | D38: =VLOOKUP(B38,PPTO!$C$6:$H$60,3,0) -> #N/A | E38: =VLOOKUP(B38,PPTO!$C$6:$H$60,4,0) -> #N/A | F38: =ROUND(VLOOKUP(B38,APUS!$J$140:$Z$231,8,0),2) -> #N/A | G38: 2 | H38: =ROUNDUP(E38/(F38*G38),0) -> #N/A | I38: =ROUND(H38/30,2) -> #N/A | L38: =CONCATENATE(B38," ","-"," ",C38) -> #N/A
B39: CAP.4 | C39: =VLOOKUP(B39,PPTO!$C$6:$H$60,2,0) -> #N/A | L39: =CONCATENATE(B39," ","-"," ",C39) -> #N/A
B40: 4.1 | C40: =VLOOKUP(B40,PPTO!$C$6:$H$60,2,0) -> #N/A | D40: =VLOOKUP(B40,PPTO!$C$6:$H$60,3,0) -> #N/A | E40: =VLOOKUP(B40,PPTO!$C$6:$H$60,4,0) -> #N/A | F40: =ROUND(VLOOKUP(B40,APUS!$J$140:$Z$231,8,0),2) -> #N/A | G40: 2 | H40: =ROUNDUP(E40/(F40*G40),0) -> #N/A | I40: =ROUND(H40/30,2) -> #N/A | L40: =CONCATENATE(B40," ","-"," ",C40) -> #N/A
B41: 4.2 | C41: =VLOOKUP(B41,PPTO!$C$6:$H$60,2,0) -> #N/A | D41: =VLOOKUP(B41,PPTO!$C$6:$H$60,3,0) -> #N/A | E41: =VLOOKUP(B41,PPTO!$C$6:$H$60,4,0) -> #N/A | F41: =ROUND(VLOOKUP(B41,APUS!$J$140:$Z$231,8,0),2) -> #N/A | G41: 2 | H41: =ROUNDUP(E41/(F41*G41),0) -> #N/A | I41: =ROUND(H41/30,2) -> #N/A | L41: =CONCATENATE(B41," ","-"," ",C41) -> #N/A
B42: 4.3 | C42: =VLOOKUP(B42,PPTO!$C$6:$H$60,2,0) -> #N/A | D42: =VLOOKUP(B42,PPTO!$C$6:$H$60,3,0) -> #N/A | E42: =VLOOKUP(B42,PPTO!$C$6:$H$60,4,0) -> #N/A | F42: =ROUND(VLOOKUP(B42,APUS!$J$140:$Z$231,8,0),2) -> #N/A | G42: 2 | H42: =ROUNDUP(E42/(F42*G42),0) -> #N/A | I42: =ROUND(H42/30,2) -> #N/A | L42: =CONCATENATE(B42," ","-"," ",C42) -> #N/A
B43: 4.4 | C43: =VLOOKUP(B43,PPTO!$C$6:$H$60,2,0) -> #N/A | D43: =VLOOKUP(B43,PPTO!$C$6:$H$60,3,0) -> #N/A | E43: =VLOOKUP(B43,PPTO!$C$6:$H$60,4,0) -> #N/A | F43: =ROUND(VLOOKUP(B43,APUS!$J$140:$Z$231,8,0),2) -> #N/A | G43: 2 | H43: =ROUNDUP(E43/(F43*G43),0) -> #N/A | I43: =ROUND(H43/30,2) -> #N/A | L43: =CONCATENATE(B43," ","-"," ",C43) -> #N/A
B44: 4.5 | C44: =VLOOKUP(B44,PPTO!$C$6:$H$60,2,0) -> #N/A | D44: =VLOOKUP(B44,PPTO!$C$6:$H$60,3,0) -> #N/A | E44: =VLOOKUP(B44,PPTO!$C$6:$H$60,4,0) -> #N/A | F44: =ROUND(VLOOKUP(B44,APUS!$J$140:$Z$231,8,0),2) -> #N/A | G44: 2 | H44: =ROUNDUP(E44/(F44*G44),0) -> #N/A | I44: =ROUND(H44/30,2) -> #N/A | L44: =CONCATENATE(B44," ","-"," ",C44) -> #N/A
B45: 4.6 | C45: =VLOOKUP(B45,PPTO!$C$6:$H$60,2,0) -> #N/A | D45: =VLOOKUP(B45,PPTO!$C$6:$H$60,3,0) -> #N/A | E45: =VLOOKUP(B45,PPTO!$C$6:$H$60,4,0) -> #N/A | F45: =ROUND(VLOOKUP(B45,APUS!$J$140:$Z$231,8,0),2) -> #N/A | G45: 2 | H45: =ROUNDUP(E45/(F45*G45),0) -> #N/A | I45: =ROUND(H45/30,2) -> #N/A | L45: =CONCATENATE(B45," ","-"," ",C45) -> #N/A
B46: CAP.5 | C46: =VLOOKUP(B46,PPTO!$C$6:$H$60,2,0) -> #N/A | L46: =CONCATENATE(B46," ","-"," ",C46) -> #N/A
B47: 5.1 | C47: =VLOOKUP(B47,PPTO!$C$6:$H$60,2,0) -> #N/A | D47: =VLOOKUP(B47,PPTO!$C$6:$H$60,3,0) -> #N/A | E47: =VLOOKUP(B47,PPTO!$C$6:$H$60,4,0) -> #N/A | F47: =ROUND(VLOOKUP(B47,APUS!$J$140:$Z$231,8,0),2) -> #N/A | G47: 4 | H47: =ROUNDUP(E47/(F47*G47),0) -> #N/A | I47: =ROUND(H47/30,2) -> #N/A | L47: =CONCATENATE(B47," ","-"," ",C47) -> #N/A
B48: 5.2 | C48: =VLOOKUP(B48,PPTO!$C$6:$H$60,2,0) -> #N/A | D48: =VLOOKUP(B48,PPTO!$C$6:$H$60,3,0) -> #N/A | E48: =VLOOKUP(B48,PPTO!$C$6:$H$60,4,0) -> #N/A | F48: =ROUND(VLOOKUP(B48,APUS!$J$140:$Z$231,8,0),2) -> #N/A | G48: 2 | H48: =ROUNDUP(E48/(F48*G48),0) -> #N/A | I48: =ROUND(H48/30,2) -> #N/A | L48: =CONCATENATE(B48," ","-"," ",C48) -> #N/A
B49: 5.3 | C49: =VLOOKUP(B49,PPTO!$C$6:$H$60,2,0) -> #N/A | D49: =VLOOKUP(B49,PPTO!$C$6:$H$60,3,0) -> #N/A | E49: =VLOOKUP(B49,PPTO!$C$6:$H$60,4,0) -> #N/A | F49: =ROUND(VLOOKUP(B49,APUS!$J$140:$Z$231,8,0),2) -> #N/A | G49: 2 | H49: =ROUNDUP(E49/(F49*G49),0) -> #N/A | I49: =ROUND(H49/30,2) -> #N/A | L49: =CONCATENATE(B49," ","-"," ",C49) -> #N/A
B50: 5.4 | C50: =VLOOKUP(B50,PPTO!$C$6:$H$60,2,0) -> #N/A | D50: =VLOOKUP(B50,PPTO!$C$6:$H$60,3,0) -> #N/A | E50: =VLOOKUP(B50,PPTO!$C$6:$H$60,4,0) -> #N/A | F50: =ROUND(VLOOKUP(B50,APUS!$J$140:$Z$231,8,0),2) -> #N/A | G50: 15 | H50: =ROUNDUP(E50/(F50*G50),0) -> #N/A | I50: =ROUND(H50/30,2) -> #N/A | L50: =CONCATENATE(B50," ","-"," ",C50) -> #N/A
B51: 5.5 | C51: =VLOOKUP(B51,PPTO!$C$6:$H$60,2,0) -> #N/A | D51: =VLOOKUP(B51,PPTO!$C$6:$H$60,3,0) -> #N/A | E51: =VLOOKUP(B51,PPTO!$C$6:$H$60,4,0) -> #N/A | F51: =ROUND(VLOOKUP(B51,APUS!$J$140:$Z$231,8,0),2) -> #N/A | G51: 2 | H51: =ROUNDUP(E51/(F51*G51),0) -> #N/A | I51: =ROUND(H51/30,2) -> #N/A | L51: =CONCATENATE(B51," ","-"," ",C51) -> #N/A
B52: 5.6 | C52: =VLOOKUP(B52,PPTO!$C$6:$H$60,2,0) -> #N/A | D52: =VLOOKUP(B52,PPTO!$C$6:$H$60,3,0) -> #N/A | E52: =VLOOKUP(B52,PPTO!$C$6:$H$60,4,0) -> #N/A | F52: =ROUND(VLOOKUP(B52,APUS!$J$140:$Z$231,8,0),2) -> #N/A | G52: 1 | H52: =ROUNDUP(E52/(F52*G52),0) -> #N/A | I52: =ROUND(H52/30,2) -> #N/A | L52: =CONCATENATE(B52," ","-"," ",C52) -> #N/A
B53: 5.7 | C53: =VLOOKUP(B53,PPTO!$C$6:$H$60,2,0) -> #N/A | D53: =VLOOKUP(B53,PPTO!$C$6:$H$60,3,0) -> #N/A | E53: =VLOOKUP(B53,PPTO!$C$6:$H$60,4,0) -> #N/A | F53: =ROUND(VLOOKUP(B53,APUS!$J$140:$Z$231,8,0),2) -> #N/A | G53: 2 | H53: =ROUNDUP(E53/(F53*G53),0) -> #N/A | I53: =ROUND(H53/30,2) -> #N/A | L53: =CONCATENATE(B53," ","-"," ",C53) -> #N/A
B54: 5.8 | C54: =VLOOKUP(B54,PPTO!$C$6:$H$60,2,0) -> #N/A | D54: =VLOOKUP(B54,PPTO!$C$6:$H$60,3,0) -> #N/A | E54: =VLOOKUP(B54,PPTO!$C$6:$H$60,4,0) -> #N/A | F54: =ROUND(VLOOKUP(B54,APUS!$J$140:$Z$231,8,0),2) -> #N/A | G54: 2 | H54: =ROUNDUP(E54/(F54*G54),0) -> #N/A | I54: =ROUND(H54/30,2) -> #N/A | L54: =CONCATENATE(B54," ","-"," ",C54) -> #N/A
B55: CAP.6 | C55: =VLOOKUP(B55,PPTO!$C$6:$H$60,2,0) -> #N/A | L55: =CONCATENATE(B55," ","-"," ",C55) -> #N/A
B56: 6.1 | C56: =VLOOKUP(B56,PPTO!$C$6:$H$60,2,0) -> #N/A | D56: =VLOOKUP(B56,PPTO!$C$6:$H$60,3,0) -> #N/A | E56: =VLOOKUP(B56,PPTO!$C$6:$H$60,4,0) -> #N/A | F56: =ROUND(VLOOKUP(B56,APUS!$J$140:$Z$231,8,0),2) -> #N/A | G56: 2 | H56: =ROUNDUP(E56/(F56*G56),0) -> #N/A | I56: =ROUND(H56/30,2) -> #N/A | L56: =CONCATENATE(B56," ","-"," ",C56) -> #N/A
B57: 6.2 | C57: =VLOOKUP(B57,PPTO!$C$6:$H$60,2,0) -> #N/A | D57: =VLOOKUP(B57,PPTO!$C$6:$H$60,3,0) -> #N/A | E57: =VLOOKUP(B57,PPTO!$C$6:$H$60,4,0) -> #N/A | F57: =ROUND(VLOOKUP(B57,APUS!$J$140:$Z$231,8,0),2) -> #N/A | G57: 2 | H57: =ROUNDUP(E57/(F57*G57),0) -> #N/A | I57: =ROUND(H57/30,2) -> #N/A | L57: =CONCATENATE(B57," ","-"," ",C57) -> #N/A
B58: 6.3 | C58: =VLOOKUP(B58,PPTO!$C$6:$H$60,2,0) -> #N/A | D58: =VLOOKUP(B58,PPTO!$C$6:$H$60,3,0) -> #N/A | E58: =VLOOKUP(B58,PPTO!$C$6:$H$60,4,0) -> #N/A | F58: =ROUND(VLOOKUP(B58,APUS!$J$140:$Z$231,8,0),2) -> #N/A | G58: 2 | H58: =ROUNDUP(E58/(F58*G58),0) -> #N/A | I58: =ROUND(H58/30,2) -> #N/A | L58: =CONCATENATE(B58," ","-"," ",C58) -> #N/A
B59: 6.4 | C59: =VLOOKUP(B59,PPTO!$C$6:$H$60,2,0) -> #N/A | D59: =VLOOKUP(B59,PPTO!$C$6:$H$60,3,0) -> #N/A | E59: =VLOOKUP(B59,PPTO!$C$6:$H$60,4,0) -> #N/A | F59: =ROUND(VLOOKUP(B59,APUS!$J$140:$Z$231,8,0),2) -> #N/A | G59: 2 | H59: =ROUNDUP(E59/(F59*G59),0) -> #N/A | I59: =ROUND(H59/30,2) -> #N/A | L59: =CONCATENATE(B59," ","-"," ",C59) -> #N/A
B60: 6.5 | C60: =VLOOKUP(B60,PPTO!$C$6:$H$60,2,0) -> #N/A | D60: =VLOOKUP(B60,PPTO!$C$6:$H$60,3,0) -> #N/A | E60: =VLOOKUP(B60,PPTO!$C$6:$H$60,4,0) -> #N/A | F60: =ROUND(VLOOKUP(B60,APUS!$J$140:$Z$231,8,0),2) -> #N/A | G60: 2 | H60: =ROUNDUP(E60/(F60*G60),0) -> #N/A | I60: =ROUND(H60/30,2) -> #N/A | L60: =CONCATENATE(B60," ","-"," ",C60) -> #N/A
B61: 6.6 | C61: =VLOOKUP(B61,PPTO!$C$6:$H$60,2,0) -> #N/A | D61: =VLOOKUP(B61,PPTO!$C$6:$H$60,3,0) -> #N/A | E61: =VLOOKUP(B61,PPTO!$C$6:$H$60,4,0) -> #N/A | F61: =ROUND(VLOOKUP(B61,APUS!$J$140:$Z$231,8,0),2) -> #N/A | G61: 2 | H61: =ROUNDUP(E61/(F61*G61),0) -> #N/A | I61: =ROUND(H61/30,2) -> #N/A | L61: =CONCATENATE(B61," ","-"," ",C61) -> #N/A
B62: 6.7 | C62: =VLOOKUP(B62,PPTO!$C$6:$H$60,2,0) -> #N/A | D62: =VLOOKUP(B62,PPTO!$C$6:$H$60,3,0) -> #N/A | E62: =VLOOKUP(B62,PPTO!$C$6:$H$60,4,0) -> #N/A | F62: =ROUND(VLOOKUP(B62,APUS!$J$140:$Z$231,8,0),2) -> #N/A | G62: 2 | H62: =ROUNDUP(E62/(F62*G62),0) -> #N/A | I62: =ROUND(H62/30,2) -> #N/A | L62: =CONCATENATE(B62," ","-"," ",C62) -> #N/A
B63: 6.8 | C63: =VLOOKUP(B63,PPTO!$C$6:$H$60,2,0) -> #N/A | D63: =VLOOKUP(B63,PPTO!$C$6:$H$60,3,0) -> #N/A | E63: =VLOOKUP(B63,PPTO!$C$6:$H$60,4,0) -> #N/A | F63: =ROUND(VLOOKUP(B63,APUS!$J$140:$Z$231,8,0),2) -> #N/A | G63: 2 | H63: =ROUNDUP(E63/(F63*G63),0) -> #N/A | I63: =ROUND(H63/30,2) -> #N/A | L63: =CONCATENATE(B63," ","-"," ",C63) -> #N/A
B64: 6.9 | C64: =VLOOKUP(B64,PPTO!$C$6:$H$60,2,0) -> #N/A | D64: =VLOOKUP(B64,PPTO!$C$6:$H$60,3,0) -> #N/A | E64: =VLOOKUP(B64,PPTO!$C$6:$H$60,4,0) -> #N/A | F64: =ROUND(VLOOKUP(B64,APUS!$J$140:$Z$231,8,0),2) -> #N/A | G64: 2 | H64: =ROUNDUP(E64/(F64*G64),0) -> #N/A | I64: =ROUND(H64/30,2) -> #N/A | L64: =CONCATENATE(B64," ","-"," ",C64) -> #N/A
B65: 6.10 | C65: =VLOOKUP(B65,PPTO!$C$6:$H$60,2,0) -> #N/A | D65: =VLOOKUP(B65,PPTO!$C$6:$H$60,3,0) -> #N/A | E65: =VLOOKUP(B65,PPTO!$C$6:$H$60,4,0) -> #N/A | F65: =ROUND(VLOOKUP(B65,APUS!$J$140:$Z$231,8,0),2) -> #N/A | G65: 2 | H65: =ROUNDUP(E65/(F65*G65),0) -> #N/A | I65: =ROUND(H65/30,2) -> #N/A | L65: =CONCATENATE(B65," ","-"," ",C65) -> #N/A
B66: 6.11 | C66: =VLOOKUP(B66,PPTO!$C$6:$H$60,2,0) -> #N/A | D66: =VLOOKUP(B66,PPTO!$C$6:$H$60,3,0) -> #N/A | E66: =VLOOKUP(B66,PPTO!$C$6:$H$60,4,0) -> #N/A | F66: =ROUND(VLOOKUP(B66,APUS!$J$140:$Z$231,8,0),2) -> #N/A | G66: 2 | H66: =ROUNDUP(E66/(F66*G66),0) -> #N/A | I66: =ROUND(H66/30,2) -> #N/A | L66: =CONCATENATE(B66," ","-"," ",C66) -> #N/A
B67: 6.12 | C67: =VLOOKUP(B67,PPTO!$C$6:$H$60,2,0) -> #N/A | D67: =VLOOKUP(B67,PPTO!$C$6:$H$60,3,0) -> #N/A | E67: =VLOOKUP(B67,PPTO!$C$6:$H$60,4,0) -> #N/A | F67: =ROUND(VLOOKUP(B67,APUS!$J$140:$Z$231,8,0),2) -> #N/A | G67: 2 | H67: =ROUNDUP(E67/(F67*G67),0) -> #N/A | I67: =ROUND(H67/30,2) -> #N/A | L67: =CONCATENATE(B67," ","-"," ",C67) -> #N/A
... B75: 6.20 | C75: =VLOOKUP(B75,PPTO!$C$6:$H$60,2,0) -> #N/A | D75: =VLOOKUP(B75,PPTO!$C$6:$H$60,3,0) -> #N/A | E75: =VLOOKUP(B75,PPTO!$C$6:$H$60,4,0) -> #N/A | F75: =ROUND(VLOOKUP(B75,APUS!$J$140:$Z$231,8,0),2) -> #N/A | G75: 2 | H75: =ROUNDUP(E75/(F75*G75),0) -> #N/A | I75: =ROUND(H75/30,2) -> #N/A | L75: =CONCATENATE(B75," ","-"," ",C75) -> #N/A
B76: 6.21 | C76: =VLOOKUP(B76,PPTO!$C$6:$H$60,2,0) -> #N/A | D76: =VLOOKUP(B76,PPTO!$C$6:$H$60,3,0) -> #N/A | E76: =VLOOKUP(B76,PPTO!$C$6:$H$60,4,0) -> #N/A | F76: =ROUND(VLOOKUP(B76,APUS!$J$140:$Z$231,8,0),2) -> #N/A | G76: 3 | H76: 15 | L76: =CONCATENATE(B76," ","-"," ",C76) -> #N/A

Sheet ITEMS
P2: UNITARIOS O TOTALES | Q2: UNITARIOS | S2: UNITARIOS
C3: PRESUPUESTO GENERAL DE OBRA | P3: Decimales | Q3: 0 | S3: TOTALES
C4: OBRA: | D4: =#REF! -> #REF!
C5: =CONCATENATE(INFORMACION!A5,INFORMACION!A6) -> LOCALIZACIÓN:ARAUCA, ARAUCA | F5: FECHA: | H5: =#REF! -> #REF!
C7: ITEM | D7: DESCRIPCIÓN | E7: UND | F7: CANTIDAD | G7: VR. UNIT. | H7: VR. TOTAL | K7: COSTO DIRECTO | L7: COSTO INDIRECTO | M7: COSTO UNIT. | N7: COSTO TOTAL | O7: I. HERR | P7: II. MAT. | Q7: III. TRANSP. | R7: IV. MO | S7: TOTAL
C9: CAP.1 | D9: =VLOOKUP(C9,PPTO!$C$6:$H$60,2,0) -> PRELIMINARES Y REPARACIONES
C10: 1.1 | D10: =VLOOKUP(C10,PPTO!$C$6:$H$60,2,0) -> #N/A | E10: =VLOOKUP(C10,PPTO!$C$6:$H$60,3,0) -> #N/A | F10: =IFERROR(SUMIFS(PPTO!$F$6:$F$60,PPTO!$C$6:$C$60,ITEMS!C10),0) -> 0 | G10: =VLOOKUP(C10,PPTO!$C$6:$H$60,5,0) -> #N/A | H10: =+ROUND(F10*G10,$Q$3) -> #N/A | K10: =ROUND(F10*M10,$Q$3) -> #N/A | L10: =ROUND(F10*N10,$Q$3) -> #N/A | M10: =ROUND(VLOOKUP(C10,APUS!$H$140:$V$231,14,0),2) -> #N/A | N10: =ROUND(VLOOKUP(C10,APUS!$I$140:$V$231,13,0),2) -> #N/A | O10: =ROUND(VLOOKUP(C10,APUS!$D$140:$Z$231,23,0),2) -> #N/A | P10: =ROUND(VLOOKUP(C10,APUS!$E$140:$Z$231,22,0),2) -> #N/A | Q10: =ROUND(VLOOKUP(C10,APUS!$F$140:$Z$231,21,0),2) -> #N/A | R10: =ROUND(VLOOKUP(C10,APUS!$G$140:$Z$231,20,0),2) -> #N/A | S10: =ROUND(SUM(O10:R10),$Q$3) -> #N/A
C11: 1.2 | D11: =VLOOKUP(C11,PPTO!$C$6:$H$60,2,0) -> #N/A | E11: =VLOOKUP(C11,PPTO!$C$6:$H$60,3,0) -> #N/A | F11: =IFERROR(SUMIFS(PPTO!$F$6:$F$60,PPTO!$C$6:$C$60,ITEMS!C11),0) -> 0 | G11: =VLOOKUP(C11,PPTO!$C$6:$H$60,5,0) -> #N/A | H11: =+ROUND(F11*G11,$Q$3) -> #N/A | K11: =ROUND(F11*M11,$Q$3) -> #N/A | L11: =ROUND(F11*N11,$Q$3) -> #N/A | M11: =ROUND(VLOOKUP(C11,APUS!$H$140:$V$231,14,0),2) -> #N/A | N11: =ROUND(VLOOKUP(C11,APUS!$I$140:$V$231,13,0),2) -> #N/A | O11: =ROUND(VLOOKUP(C11,APUS!$D$140:$Z$231,23,0),2) -> #N/A | P11: =ROUND(VLOOKUP(C11,APUS!$E$140:$Z$231,22,0),2) -> #N/A | Q11: =ROUND(VLOOKUP(C11,APUS!$F$140:$Z$231,21,0),2) -> #N/A | R11: =ROUND(VLOOKUP(C11,APUS!$G$140:$Z$231,20,0),2) -> #N/A | S11: =ROUND(SUM(O11:R11),$Q$3) -> #N/A
C12: 1.3 | D12: =VLOOKUP(C12,PPTO!$C$6:$H$60,2,0) -> #N/A | E12: =VLOOKUP(C12,PPTO!$C$6:$H$60,3,0) -> #N/A | F12: =IFERROR(SUMIFS(PPTO!$F$6:$F$60,PPTO!$C$6:$C$60,ITEMS!C12),0) -> 0 | G12: =VLOOKUP(C12,PPTO!$C$6:$H$60,5,0) -> #N/A | H12: =+ROUND(F12*G12,$Q$3) -> #N/A | K12: =ROUND(F12*M12,$Q$3) -> #N/A | L12: =ROUND(F12*N12,$Q$3) -> #N/A | M12: =ROUND(VLOOKUP(C12,APUS!$H$140:$V$231,14,0),2) -> #N/A | N12: =ROUND(VLOOKUP(C12,APUS!$I$140:$V$231,13,0),2) -> #N/A | O12: =ROUND(VLOOKUP(C12,APUS!$D$140:$Z$231,23,0),2) -> #N/A | P12: =ROUND(VLOOKUP(C12,APUS!$E$140:$Z$231,22,0),2) -> #N/A | Q12: =ROUND(VLOOKUP(C12,APUS!$F$140:$Z$231,21,0),2) -> #N/A | R12: =ROUND(VLOOKUP(C12,APUS!$G$140:$Z$231,20,0),2) -> #N/A | S12: =ROUND(SUM(O12:R12),$Q$3) -> #N/A
C13: 1.4 | D13: =VLOOKUP(C13,PPTO!$C$6:$H$60,2,0) -> #N/A | E13: =VLOOKUP(C13,PPTO!$C$6:$H$60,3,0) -> #N/A | F13: =IFERROR(SUMIFS(PPTO!$F$6:$F$60,PPTO!$C$6:$C$60,ITEMS!C13),0) -> 0 | G13: =VLOOKUP(C13,PPTO!$C$6:$H$60,5,0) -> #N/A | H13: =+ROUND(F13*G13,$Q$3) -> #N/A | K13: =ROUND(F13*M13,$Q$3) -> #N/A | L13: =ROUND(F13*N13,$Q$3) -> #N/A | M13: =ROUND(VLOOKUP(C13,APUS!$H$140:$V$231,14,0),2) -> #N/A | N13: =ROUND(VLOOKUP(C13,APUS!$I$140:$V$231,13,0),2) -> #N/A | O13: =ROUND(VLOOKUP(C13,APUS!$D$140:$Z$231,23,0),2) -> #N/A | P13: =ROUND(VLOOKUP(C13,APUS!$E$140:$Z$231,22,0),2) -> #N/A | Q13: =ROUND(VLOOKUP(C13,APUS!$F$140:$Z$231,21,0),2) -> #N/A | R13: =ROUND(VLOOKUP(C13,APUS!$G$140:$Z$231,20,0),2) -> #N/A | S13: =ROUND(SUM(O13:R13),$Q$3) -> #N/A
C14: 1.5 | D14: =VLOOKUP(C14,PPTO!$C$6:$H$60,2,0) -> #N/A | E14: =VLOOKUP(C14,PPTO!$C$6:$H$60,3,0) -> #N/A | F14: =IFERROR(SUMIFS(PPTO!$F$6:$F$60,PPTO!$C$6:$C$60,ITEMS!C14),0) -> 0 | G14: =VLOOKUP(C14,PPTO!$C$6:$H$60,5,0) -> #N/A | H14: =+ROUND(F14*G14,$Q$3) -> #N/A | K14: =ROUND(F14*M14,$Q$3) -> #N/A | L14: =ROUND(F14*N14,$Q$3) -> #N/A | M14: =ROUND(VLOOKUP(C14,APUS!$H$140:$V$231,14,0),2) -> #N/A | N14: =ROUND(VLOOKUP(C14,APUS!$I$140:$V$231,13,0),2) -> #N/A | O14: =ROUND(VLOOKUP(C14,APUS!$D$140:$Z$231,23,0),2) -> #N/A | P14: =ROUND(VLOOKUP(C14,APUS!$E$140:$Z$231,22,0),2) -> #N/A | Q14: =ROUND(VLOOKUP(C14,APUS!$F$140:$Z$231,21,0),2) -> #N/A | R14: =ROUND(VLOOKUP(C14,APUS!$G$140:$Z$231,20,0),2) -> #N/A | S14: =ROUND(SUM(O14:R14),$Q$3) -> #N/A
C15: 1.6 | D15: =VLOOKUP(C15,PPTO!$C$6:$H$60,2,0) -> #N/A | E15: =VLOOKUP(C15,PPTO!$C$6:$H$60,3,0) -> #N/A | F15: =IFERROR(SUMIFS(PPTO!$F$6:$F$60,PPTO!$C$6:$C$60,ITEMS!C15),0) -> 0 | G15: =VLOOKUP(C15,PPTO!$C$6:$H$60,5,0) -> #N/A | H15: =+ROUND(F15*G15,$Q$3) -> #N/A | K15: =ROUND(F15*M15,$Q$3) -> #N/A | L15: =ROUND(F15*N15,$Q$3) -> #N/A | M15: =ROUND(VLOOKUP(C15,APUS!$H$140:$V$231,14,0),2) -> #N/A | N15: =ROUND(VLOOKUP(C15,APUS!$I$140:$V$231,13,0),2) -> #N/A | O15: =ROUND(VLOOKUP(C15,APUS!$D$140:$Z$231,23,0),2) -> #N/A | P15: =ROUND(VLOOKUP(C15,APUS!$E$140:$Z$231,22,0),2) -> #N/A | Q15: =ROUND(VLOOKUP(C15,APUS!$F$140:$Z$231,21,0),2) -> #N/A | R15: =ROUND(VLOOKUP(C15,APUS!$G$140:$Z$231,20,0),2) -> #N/A | S15: =ROUND(SUM(O15:R15),$Q$3) -> #N/A
C16: 1.7 | D16: =VLOOKUP(C16,PPTO!$C$6:$H$60,2,0) -> #N/A | E16: =VLOOKUP(C16,PPTO!$C$6:$H$60,3,0) -> #N/A | F16: =IFERROR(SUMIFS(PPTO!$F$6:$F$60,PPTO!$C$6:$C$60,ITEMS!C16),0) -> 0 | G16: =VLOOKUP(C16,PPTO!$C$6:$H$60,5,0) -> #N/A | H16: =+ROUND(F16*G16,$Q$3) -> #N/A | K16: =ROUND(F16*M16,$Q$3) -> #N/A | L16: =ROUND(F16*N16,$Q$3) -> #N/A | M16: =ROUND(VLOOKUP(C16,APUS!$H$140:$V$231,14,0),2) -> #N/A | N16: =ROUND(VLOOKUP(C16,APUS!$I$140:$V$231,13,0),2) -> #N/A | O16: =ROUND(VLOOKUP(C16,APUS!$D$140:$Z$231,23,0),2) -> #N/A | P16: =ROUND(VLOOKUP(C16,APUS!$E$140:$Z$231,22,0),2) -> #N/A | Q16: =ROUND(VLOOKUP(C16,APUS!$F$140:$Z$231,21,0),2) -> #N/A | R16: =ROUND(VLOOKUP(C16,APUS!$G$140:$Z$231,20,0),2) -> #N/A | S16: =ROUND(SUM(O16:R16),$Q$3) -> #N/A
C17: 1.8 | D17: =VLOOKUP(C17,PPTO!$C$6:$H$60,2,0) -> #N/A | E17: =VLOOKUP(C17,PPTO!$C$6:$H$60,3,0) -> #N/A | F17: =IFERROR(SUMIFS(PPTO!$F$6:$F$60,PPTO!$C$6:$C$60,ITEMS!C17),0) -> 0 | G17: =VLOOKUP(C17,PPTO!$C$6:$H$60,5,0) -> #N/A | H17: =+ROUND(F17*G17,$Q$3) -> #N/A | K17: =ROUND(F17*M17,$Q$3) -> #N/A | L17: =ROUND(F17*N17,$Q$3) -> #N/A | M17: =ROUND(VLOOKUP(C17,APUS!$H$140:$V$231,14,0),2) -> #N/A | N17: =ROUND(VLOOKUP(C17,APUS!$I$140:$V$231,13,0),2) -> #N/A | O17: =ROUND(VLOOKUP(C17,APUS!$D$140:$Z$231,23,0),2) -> #N/A | P17: =ROUND(VLOOKUP(C17,APUS!$E$140:$Z$231,22,0),2) -> #N/A | Q17: =ROUND(VLOOKUP(C17,APUS!$F$140:$Z$231,21,0),2) -> #N/A | R17: =ROUND(VLOOKUP(C17,APUS!$G$140:$Z$231,20,0),2) -> #N/A | S17: =ROUND(SUM(O17:R17),$Q$3) -> #N/A
C18: 1.9 | D18: =VLOOKUP(C18,PPTO!$C$6:$H$60,2,0) -> #N/A | E18: =VLOOKUP(C18,PPTO!$C$6:$H$60,3,0) -> #N/A | F18: =IFERROR(SUMIFS(PPTO!$F$6:$F$60,PPTO!$C$6:$C$60,ITEMS!C18),0) -> 0 | G18: =VLOOKUP(C18,PPTO!$C$6:$H$60,5,0) -> #N/A | H18: =+ROUND(F18*G18,$Q$3) -> #N/A | K18: =ROUND(F18*M18,$Q$3) -> #N/A | L18: =ROUND(F18*N18,$Q$3) -> #N/A | M18: =ROUND(VLOOKUP(C18,APUS!$H$140:$V$231,14,0),2) -> #N/A | N18: =ROUND(VLOOKUP(C18,APUS!$I$140:$V$231,13,0),2) -> #N/A | O18: =ROUND(VLOOKUP(C18,APUS!$D$140:$Z$231,23,0),2) -> #N/A | P18: =ROUND(VLOOKUP(C18,APUS!$E$140:$Z$231,22,0),2) -> #N/A | Q18: =ROUND(VLOOKUP(C18,APUS!$F$140:$Z$231,21,0),2) -> #N/A | R18: =ROUND(VLOOKUP(C18,APUS!$G$140:$Z$231,20,0),2) -> #N/A | S18: =ROUND(SUM(O18:R18),$Q$3) -> #N/A
C20: =+CONCATENATE("Subtotal ",D9) -> Subtotal PRELIMINARES Y REPARACIONES | H20: =+SUM(H9:H19) -> #N/A | K20: =+SUM(K9:K19) -> #N/A | L20: =+SUM(L9:L19) -> #N/A | M20: =+SUM(M9:M19) -> #N/A | N20: =+SUM(N9:N19) -> #N/A | O20: =+SUM(O9:O19) -> #N/A | P20: =+SUM(P9:P19) -> #N/A | Q20: =+SUM(Q9:Q19) -> #N/A | R20: =+SUM(R9:R19) -> #N/A | S20: =+SUM(S9:S19) -> #N/A
C21: CAP.2 | D21: =VLOOKUP(C21,PPTO!$C$6:$H$60,2,0) -> RED HIDRAULICA
C22: 2.1 | D22: =VLOOKUP(C22,PPTO!$C$6:$H$60,2,0) -> #N/A | E22: =VLOOKUP(C22,PPTO!$C$6:$H$60,3,0) -> #N/A | F22: =IFERROR(SUMIFS(PPTO!$F$6:$F$60,PPTO!$C$6:$C$60,ITEMS!C22),0) -> 29 | G22: =VLOOKUP(C22,PPTO!$C$6:$H$60,5,0) -> #N/A | H22: =+ROUND(F22*G22,$Q$3) -> #N/A | K22: =ROUND(F22*M22,$Q$3) -> #N/A | L22: =ROUND(F22*N22,$Q$3) -> #N/A | M22: =ROUND(VLOOKUP(C22,APUS!$H$140:$V$231,14,0),2) -> #N/A | N22: =ROUND(VLOOKUP(C22,APUS!$I$140:$V$231,13,0),2) -> #N/A | O22: =ROUND(VLOOKUP(C22,APUS!$D$140:$Z$231,23,0),2) -> #N/A | P22: =ROUND(VLOOKUP(C22,APUS!$E$140:$Z$231,22,0),2) -> #N/A | Q22: =ROUND(VLOOKUP(C22,APUS!$F$140:$Z$231,21,0),2) -> #N/A | R22: =ROUND(VLOOKUP(C22,APUS!$G$140:$Z$231,20,0),2) -> #N/A | S22: =ROUND(SUM(O22:R22),$Q$3) -> #N/A
C23: 2.2 | D23: =VLOOKUP(C23,PPTO!$C$6:$H$60,2,0) -> #N/A | E23: =VLOOKUP(C23,PPTO!$C$6:$H$60,3,0) -> #N/A | F23: =IFERROR(SUMIFS(PPTO!$F$6:$F$60,PPTO!$C$6:$C$60,ITEMS!C23),0) -> 3 | G23: =VLOOKUP(C23,PPTO!$C$6:$H$60,5,0) -> #N/A | H23: =+ROUND(F23*G23,$Q$3) -> #N/A | K23: =ROUND(F23*M23,$Q$3) -> #N/A | L23: =ROUND(F23*N23,$Q$3) -> #N/A | M23: =ROUND(VLOOKUP(C23,APUS!$H$140:$V$231,14,0),2) -> #N/A | N23: =ROUND(VLOOKUP(C23,APUS!$I$140:$V$231,13,0),2) -> #N/A | O23: =ROUND(VLOOKUP(C23,APUS!$D$140:$Z$231,23,0),2) -> #N/A | P23: =ROUND(VLOOKUP(C23,APUS!$E$140:$Z$231,22,0),2) -> #N/A | Q23: =ROUND(VLOOKUP(C23,APUS!$F$140:$Z$231,21,0),2) -> #N/A | R23: =ROUND(VLOOKUP(C23,APUS!$G$140:$Z$231,20,0),2) -> #N/A | S23: =ROUND(SUM(O23:R23),$Q$3) -> #N/A
C24: 2.3 | D24: =VLOOKUP(C24,PPTO!$C$6:$H$60,2,0) -> #N/A | E24: =VLOOKUP(C24,PPTO!$C$6:$H$60,3,0) -> #N/A | F24: =IFERROR(SUMIFS(PPTO!$F$6:$F$60,PPTO!$C$6:$C$60,ITEMS!C24),0) -> 1 | G24: =VLOOKUP(C24,PPTO!$C$6:$H$60,5,0) -> #N/A | H24: =+ROUND(F24*G24,$Q$3) -> #N/A | K24: =ROUND(F24*M24,$Q$3) -> #N/A | L24: =ROUND(F24*N24,$Q$3) -> #N/A | M24: =ROUND(VLOOKUP(C24,APUS!$H$140:$V$231,14,0),2) -> #N/A | N24: =ROUND(VLOOKUP(C24,APUS!$I$140:$V$231,13,0),2) -> #N/A | O24: =ROUND(VLOOKUP(C24,APUS!$D$140:$Z$231,23,0),2) -> #N/A | P24: =ROUND(VLOOKUP(C24,APUS!$E$140:$Z$231,22,0),2) -> #N/A | Q24: =ROUND(VLOOKUP(C24,APUS!$F$140:$Z$231,21,0),2) -> #N/A | R24: =ROUND(VLOOKUP(C24,APUS!$G$140:$Z$231,20,0),2) -> #N/A | S24: =ROUND(SUM(O24:R24),$Q$3) -> #N/A
C25: 2.4 | D25: =VLOOKUP(C25,PPTO!$C$6:$H$60,2,0) -> #N/A | E25: =VLOOKUP(C25,PPTO!$C$6:$H$60,3,0) -> #N/A | F25: =IFERROR(SUMIFS(PPTO!$F$6:$F$60,PPTO!$C$6:$C$60,ITEMS!C25),0) -> 0 | G25: =VLOOKUP(C25,PPTO!$C$6:$H$60,5,0) -> #N/A | H25: =+ROUND(F25*G25,$Q$3) -> #N/A | K25: =ROUND(F25*M25,$Q$3) -> #N/A | L25: =ROUND(F25*N25,$Q$3) -> #N/A | M25: =ROUND(VLOOKUP(C25,APUS!$H$140:$V$231,14,0),2) -> #N/A | N25: =ROUND(VLOOKUP(C25,APUS!$I$140:$V$231,13,0),2) -> #N/A | O25: =ROUND(VLOOKUP(C25,APUS!$D$140:$Z$231,23,0),2) -> #N/A | P25: =ROUND(VLOOKUP(C25,APUS!$E$140:$Z$231,22,0),2) -> #N/A | Q25: =ROUND(VLOOKUP(C25,APUS!$F$140:$Z$231,21,0),2) -> #N/A | R25: =ROUND(VLOOKUP(C25,APUS!$G$140:$Z$231,20,0),2) -> #N/A | S25: =ROUND(SUM(O25:R25),$Q$3) -> #N/A
C26: 2.5 | D26: =VLOOKUP(C26,PPTO!$C$6:$H$60,2,0) -> #N/A | E26: =VLOOKUP(C26,PPTO!$C$6:$H$60,3,0) -> #N/A | F26: =IFERROR(SUMIFS(PPTO!$F$6:$F$60,PPTO!$C$6:$C$60,ITEMS!C26),0) -> 0 | G26: =VLOOKUP(C26,PPTO!$C$6:$H$60,5,0) -> #N/A | H26: =+ROUND(F26*G26,$Q$3) -> #N/A | K26: =ROUND(F26*M26,$Q$3) -> #N/A | L26: =ROUND(F26*N26,$Q$3) -> #N/A | M26: =ROUND(VLOOKUP(C26,APUS!$H$140:$V$231,14,0),2) -> #N/A | N26: =ROUND(VLOOKUP(C26,APUS!$I$140:$V$231,13,0),2) -> #N/A | O26: =ROUND(VLOOKUP(C26,APUS!$D$140:$Z$231,23,0),2) -> #N/A | P26: =ROUND(VLOOKUP(C26,APUS!$E$140:$Z$231,22,0),2) -> #N/A | Q26: =ROUND(VLOOKUP(C26,APUS!$F$140:$Z$231,21,0),2) -> #N/A | R26: =ROUND(VLOOKUP(C26,APUS!$G$140:$Z$231,20,0),2) -> #N/A | S26: =ROUND(SUM(O26:R26),$Q$3) -> #N/A
C27: 2.6 | D27: =VLOOKUP(C27,PPTO!$C$6:$H$60,2,0) -> #N/A | E27: =VLOOKUP(C27,PPTO!$C$6:$H$60,3,0) -> #N/A | F27: =IFERROR(SUMIFS(PPTO!$F$6:$F$60,PPTO!$C$6:$C$60,ITEMS!C27),0) -> 0 | G27: =VLOOKUP(C27,PPTO!$C$6:$H$60,5,0) -> #N/A | H27: =+ROUND(F27*G27,$Q$3) -> #N/A | K27: =ROUND(F27*M27,$Q$3) -> #N/A | L27: =ROUND(F27*N27,$Q$3) -> #N/A | M27: =ROUND(VLOOKUP(C27,APUS!$H$140:$V$231,14,0),2) -> #N/A | N27: =ROUND(VLOOKUP(C27,APUS!$I$140:$V$231,13,0),2) -> #N/A | O27: =ROUND(VLOOKUP(C27,APUS!$D$140:$Z$231,23,0),2) -> #N/A | P27: =ROUND(VLOOKUP(C27,APUS!$E$140:$Z$231,22,0),2) -> #N/A | Q27: =ROUND(VLOOKUP(C27,APUS!$F$140:$Z$231,21,0),2) -> #N/A | R27: =ROUND(VLOOKUP(C27,APUS!$G$140:$Z$231,20,0),2) -> #N/A | S27: =ROUND(SUM(O27:R27),$Q$3) -> #N/A
C29: =+CONCATENATE("Subtotal ",D21) -> Subtotal RED HIDRAULICA | H29: =+SUM(H21:H28) -> #N/A | K29: =+SUM(K21:K28) -> #N/A | L29: =+SUM(L21:L28) -> #N/A | M29: =+SUM(M21:M28) -> #N/A | N29: =+SUM(N21:N28) -> #N/A | O29: =+SUM(O21:O28) -> #N/A | P29: =+SUM(P21:P28) -> #N/A | Q29: =+SUM(Q21:Q28) -> #N/A | R29: =+SUM(R21:R28) -> #N/A | S29: =+SUM(S21:S28) -> #N/A
C30: CAP.3 | D30: =VLOOKUP(C30,PPTO!$C$6:$H$60,2,0) -> RED CONTRAINCENDIOS
C31: 3.1 | D31: =VLOOKUP(C31,PPTO!$C$6:$H$60,2,0) -> #N/A | E31: =VLOOKUP(C31,PPTO!$C$6:$H$60,3,0) -> #N/A | F31: =IFERROR(SUMIFS(PPTO!$F$6:$F$60,PPTO!$C$6:$C$60,ITEMS!C31),0) -> 0 | G31: =VLOOKUP(C31,PPTO!$C$6:$H$60,5,0) -> #N/A | H31: =+ROUND(F31*G31,$Q$3) -> #N/A | K31: =ROUND(F31*M31,$Q$3) -> #N/A | L31: =ROUND(F31*N31,$Q$3) -> #N/A | M31: =ROUND(VLOOKUP(C31,APUS!$H$140:$V$231,14,0),2) -> #N/A | N31: =ROUND(VLOOKUP(C31,APUS!$I$140:$V$231,13,0),2) -> #N/A | O31: =ROUND(VLOOKUP(C31,APUS!$D$140:$Z$231,23,0),2) -> #N/A | P31: =ROUND(VLOOKUP(C31,APUS!$E$140:$Z$231,22,0),2) -> #N/A | Q31: =ROUND(VLOOKUP(C31,APUS!$F$140:$Z$231,21,0),2) -> #N/A | R31: =ROUND(VLOOKUP(C31,APUS!$G$140:$Z$231,20,0),2) -> #N/A | S31: =ROUND(SUM(O31:R31),$Q$3) -> #N/A
C32: 3.2 | D32: =VLOOKUP(C32,PPTO!$C$6:$H$60,2,0) -> #N/A | E32: =VLOOKUP(C32,PPTO!$C$6:$H$60,3,0) -> #N/A | F32: =IFERROR(SUMIFS(PPTO!$F$6:$F$60,PPTO!$C$6:$C$60,ITEMS!C32),0) -> 0 | G32: =VLOOKUP(C32,PPTO!$C$6:$H$60,5,0) -> #N/A | H32: =+ROUND(F32*G32,$Q$3) -> #N/A | K32: =ROUND(F32*M32,$Q$3) -> #N/A | L32: =ROUND(F32*N32,$Q$3) -> #N/A | M32: =ROUND(VLOOKUP(C32,APUS!$H$140:$V$231,14,0),2) -> #N/A | N32: =ROUND(VLOOKUP(C32,APUS!$I$140:$V$231,13,0),2) -> #N/A | O32: =ROUND(VLOOKUP(C32,APUS!$D$140:$Z$231,23,0),2) -> #N/A | P32: =ROUND(VLOOKUP(C32,APUS!$E$140:$Z$231,22,0),2) -> #N/A | Q32: =ROUND(VLOOKUP(C32,APUS!$F$140:$Z$231,21,0),2) -> #N/A | R32: =ROUND(VLOOKUP(C32,APUS!$G$140:$Z$231,20,0),2) -> #N/A | S32: =ROUND(SUM(O32:R32),$Q$3) -> #N/A
C33: 3.3 | D33: =VLOOKUP(C33,PPTO!$C$6:$H$60,2,0) -> #N/A | E33: =VLOOKUP(C33,PPTO!$C$6:$H$60,3,0) -> #N/A | F33: =IFERROR(SUMIFS(PPTO!$F$6:$F$60,PPTO!$C$6:$C$60,ITEMS!C33),0) -> 0 | G33: =VLOOKUP(C33,PPTO!$C$6:$H$60,5,0) -> #N/A | H33: =+ROUND(F33*G33,$Q$3) -> #N/A | K33: =ROUND(F33*M33,$Q$3) -> #N/A | L33: =ROUND(F33*N33,$Q$3) -> #N/A | M33: =ROUND(VLOOKUP(C33,APUS!$H$140:$V$231,14,0),2) -> #N/A | N33: =ROUND(VLOOKUP(C33,APUS!$I$140:$V$231,13,0),2) -> #N/A | O33: =ROUND(VLOOKUP(C33,APUS!$D$140:$Z$231,23,0),2) -> #N/A | P33: =ROUND(VLOOKUP(C33,APUS!$E$140:$Z$231,22,0),2) -> #N/A | Q33: =ROUND(VLOOKUP(C33,APUS!$F$140:$Z$231,21,0),2) -> #N/A | R33: =ROUND(VLOOKUP(C33,APUS!$G$140:$Z$231,20,0),2) -> #N/A | S33: =ROUND(SUM(O33:R33),$Q$3) -> #N/A
C34: 3.4 | D34: =VLOOKUP(C34,PPTO!$C$6:$H$60,2,0) -> #N/A | E34: =VLOOKUP(C34,PPTO!$C$6:$H$60,3,0) -> #N/A | F34: =IFERROR(SUMIFS(PPTO!$F$6:$F$60,PPTO!$C$6:$C$60,ITEMS!C34),0) -> 0 | G34: =VLOOKUP(C34,PPTO!$C$6:$H$60,5,0) -> #N/A | H34: =+ROUND(F34*G34,$Q$3) -> #N/A | K34: =ROUND(F34*M34,$Q$3) -> #N/A | L34: =ROUND(F34*N34,$Q$3) -> #N/A | M34: =ROUND(VLOOKUP(C34,APUS!$H$140:$V$231,14,0),2) -> #N/A | N34: =ROUND(VLOOKUP(C34,APUS!$I$140:$V$231,13,0),2) -> #N/A | O34: =ROUND(VLOOKUP(C34,APUS!$D$140:$Z$231,23,0),2) -> #N/A | P34: =ROUND(VLOOKUP(C34,APUS!$E$140:$Z$231,22,0),2) -> #N/A | Q34: =ROUND(VLOOKUP(C34,APUS!$F$140:$Z$231,21,0),2) -> #N/A | R34: =ROUND(VLOOKUP(C34,APUS!$G$140:$Z$231,20,0),2) -> #N/A | S34: =ROUND(SUM(O34:R34),$Q$3) -> #N/A
C35: 3.5 | D35: =VLOOKUP(C35,PPTO!$C$6:$H$60,2,0) -> #N/A | E35: =VLOOKUP(C35,PPTO!$C$6:$H$60,3,0) -> #N/A | F35: =IFERROR(SUMIFS(PPTO!$F$6:$F$60,PPTO!$C$6:$C$60,ITEMS!C35),0) -> 0 | G35: =VLOOKUP(C35,PPTO!$C$6:$H$60,5,0) -> #N/A | H35: =+ROUND(F35*G35,$Q$3) -> #N/A | K35: =ROUND(F35*M35,$Q$3) -> #N/A | L35: =ROUND(F35*N35,$Q$3) -> #N/A | M35: =ROUND(VLOOKUP(C35,APUS!$H$140:$V$231,14,0),2) -> #N/A | N35: =ROUND(VLOOKUP(C35,APUS!$I$140:$V$231,13,0),2) -> #N/A | O35: =ROUND(VLOOKUP(C35,APUS!$D$140:$Z$231,23,0),2) -> #N/A | P35: =ROUND(VLOOKUP(C35,APUS!$E$140:$Z$231,22,0),2) -> #N/A | Q35: =ROUND(VLOOKUP(C35,APUS!$F$140:$Z$231,21,0),2) -> #N/A | R35: =ROUND(VLOOKUP(C35,APUS!$G$140:$Z$231,20,0),2) -> #N/A | S35: =ROUND(SUM(O35:R35),$Q$3) -> #N/A
C36: 3.6 | D36: =VLOOKUP(C36,PPTO!$C$6:$H$60,2,0) -> #N/A | E36: =VLOOKUP(C36,PPTO!$C$6:$H$60,3,0) -> #N/A | F36: =IFERROR(SUMIFS(PPTO!$F$6:$F$60,PPTO!$C$6:$C$60,ITEMS!C36),0) -> 0 | G36: =VLOOKUP(C36,PPTO!$C$6:$H$60,5,0) -> #N/A | H36: =+ROUND(F36*G36,$Q$3) -> #N/A | K36: =ROUND(F36*M36,$Q$3) -> #N/A | L36: =ROUND(F36*N36,$Q$3) -> #N/A | M36: =ROUND(VLOOKUP(C36,APUS!$H$140:$V$231,14,0),2) -> #N/A | N36: =ROUND(VLOOKUP(C36,APUS!$I$140:$V$231,13,0),2) -> #N/A | O36: =ROUND(VLOOKUP(C36,APUS!$D$140:$Z$231,23,0),2) -> #N/A | P36: =ROUND(VLOOKUP(C36,APUS!$E$140:$Z$231,22,0),2) -> #N/A | Q36: =ROUND(VLOOKUP(C36,APUS!$F$140:$Z$231,21,0),2) -> #N/A | R36: =ROUND(VLOOKUP(C36,APUS!$G$140:$Z$231,20,0),2) -> #N/A | S36: =ROUND(SUM(O36:R36),$Q$3) -> #N/A
C37: 3.7 | D37: =VLOOKUP(C37,PPTO!$C$6:$H$60,2,0) -> #N/A | E37: =VLOOKUP(C37,PPTO!$C$6:$H$60,3,0) -> #N/A | F37: =IFERROR(SUMIFS(PPTO!$F$6:$F$60,PPTO!$C$6:$C$60,ITEMS!C37),0) -> 0 | G37: =VLOOKUP(C37,PPTO!$C$6:$H$60,5,0) -> #N/A | H37: =+ROUND(F37*G37,$Q$3) -> #N/A | K37: =ROUND(F37*M37,$Q$3) -> #N/A | L37: =ROUND(F37*N37,$Q$3) -> #N/A | M37: =ROUND(VLOOKUP(C37,APUS!$H$140:$V$231,14,0),2) -> #N/A | N37: =ROUND(VLOOKUP(C37,APUS!$I$140:$V$231,13,0),2) -> #N/A | O37: =ROUND(VLOOKUP(C37,APUS!$D$140:$Z$231,23,0),2) -> #N/A | P37: =ROUND(VLOOKUP(C37,APUS!$E$140:$Z$231,22,0),2) -> #N/A | Q37: =ROUND(VLOOKUP(C37,APUS!$F$140:$Z$231,21,0),2) -> #N/A | R37: =ROUND(VLOOKUP(C37,APUS!$G$140:$Z$231,20,0),2) -> #N/A | S37: =ROUND(SUM(O37:R37),$Q$3) -> #N/A
C38: 3.8 | D38: =VLOOKUP(C38,PPTO!$C$6:$H$60,2,0) -> #N/A | E38: =VLOOKUP(C38,PPTO!$C$6:$H$60,3,0) -> #N/A | F38: =IFERROR(SUMIFS(PPTO!$F$6:$F$60,PPTO!$C$6:$C$60,ITEMS!C38),0) -> 0 | G38: =VLOOKUP(C38,PPTO!$C$6:$H$60,5,0) -> #N/A | H38: =+ROUND(F38*G38,$Q$3) -> #N/A | K38: =ROUND(F38*M38,$Q$3) -> #N/A | L38: =ROUND(F38*N38,$Q$3) -> #N/A | M38: =ROUND(VLOOKUP(C38,APUS!$H$140:$V$231,14,0),2) -> #N/A | N38: =ROUND(VLOOKUP(C38,APUS!$I$140:$V$231,13,0),2) -> #N/A | O38: =ROUND(VLOOKUP(C38,APUS!$D$140:$Z$231,23,0),2) -> #N/A | P38: =ROUND(VLOOKUP(C38,APUS!$E$140:$Z$231,22,0),2) -> #N/A | Q38: =ROUND(VLOOKUP(C38,APUS!$F$140:$Z$231,21,0),2) -> #N/A | R38: =ROUND(VLOOKUP(C38,APUS!$G$140:$Z$231,20,0),2) -> #N/A | S38: =ROUND(SUM(O38:R38),$Q$3) -> #N/A
C39: 3.9 | D39: =VLOOKUP(C39,PPTO!$C$6:$H$60,2,0) -> #N/A | E39: =VLOOKUP(C39,PPTO!$C$6:$H$60,3,0) -> #N/A | F39: =IFERROR(SUMIFS(PPTO!$F$6:$F$60,PPTO!$C$6:$C$60,ITEMS!C39),0) -> 0 | G39: =VLOOKUP(C39,PPTO!$C$6:$H$60,5,0) -> #N/A | H39: =+ROUND(F39*G39,$Q$3) -> #N/A | K39: =ROUND(F39*M39,$Q$3) -> #N/A | L39: =ROUND(F39*N39,$Q$3) -> #N/A | M39: =ROUND(VLOOKUP(C39,APUS!$H$140:$V$231,14,0),2) -> #N/A | N39: =ROUND(VLOOKUP(C39,APUS!$I$140:$V$231,13,0),2) -> #N/A | O39: =ROUND(VLOOKUP(C39,APUS!$D$140:$Z$231,23,0),2) -> #N/A | P39: =ROUND(VLOOKUP(C39,APUS!$E$140:$Z$231,22,0),2) -> #N/A | Q39: =ROUND(VLOOKUP(C39,APUS!$F$140:$Z$231,21,0),2) -> #N/A | R39: =ROUND(VLOOKUP(C39,APUS!$G$140:$Z$231,20,0),2) -> #N/A | S39: =ROUND(SUM(O39:R39),$Q$3) -> #N/A
C40: 3.10 | D40: =VLOOKUP(C40,PPTO!$C$6:$H$60,2,0) -> #N/A | E40: =VLOOKUP(C40,PPTO!$C$6:$H$60,3,0) -> #N/A | F40: =IFERROR(SUMIFS(PPTO!$F$6:$F$60,PPTO!$C$6:$C$60,ITEMS!C40),0) -> 0 | G40: =VLOOKUP(C40,PPTO!$C$6:$H$60,5,0) -> #N/A | H40: =+ROUND(F40*G40,$Q$3) -> #N/A | K40: =ROUND(F40*M40,$Q$3) -> #N/A | L40: =ROUND(F40*N40,$Q$3) -> #N/A | M40: =ROUND(VLOOKUP(C40,APUS!$H$140:$V$231,14,0),2) -> #N/A | N40: =ROUND(VLOOKUP(C40,APUS!$I$140:$V$231,13,0),2) -> #N/A | O40: =ROUND(VLOOKUP(C40,APUS!$D$140:$Z$231,23,0),2) -> #N/A | P40: =ROUND(VLOOKUP(C40,APUS!$E$140:$Z$231,22,0),2) -> #N/A | Q40: =ROUND(VLOOKUP(C40,APUS!$F$140:$Z$231,21,0),2) -> #N/A | R40: =ROUND(VLOOKUP(C40,APUS!$G$140:$Z$231,20,0),2) -> #N/A | S40: =ROUND(SUM(O40:R40),$Q$3) -> #N/A
C41: 3.11 | D41: =VLOOKUP(C41,PPTO!$C$6:$H$60,2,0) -> #N/A | E41: =VLOOKUP(C41,PPTO!$C$6:$H$60,3,0) -> #N/A | F41: =IFERROR(SUMIFS(PPTO!$F$6:$F$60,PPTO!$C$6:$C$60,ITEMS!C41),0) -> 0 | G41: =VLOOKUP(C41,PPTO!$C$6:$H$60,5,0) -> #N/A | H41: =+ROUND(F41*G41,$Q$3) -> #N/A | K41: =ROUND(F41*M41,$Q$3) -> #N/A | L41: =ROUND(F41*N41,$Q$3) -> #N/A | M41: =ROUND(VLOOKUP(C41,APUS!$H$140:$V$231,14,0),2) -> #N/A | N41: =ROUND(VLOOKUP(C41,APUS!$I$140:$V$231,13,0),2) -> #N/A | O41: =ROUND(VLOOKUP(C41,APUS!$D$140:$Z$231,23,0),2) -> #N/A | P41: =ROUND(VLOOKUP(C41,APUS!$E$140:$Z$231,22,0),2) -> #N/A | Q41: =ROUND(VLOOKUP(C41,APUS!$F$140:$Z$231,21,0),2) -> #N/A | R41: =ROUND(VLOOKUP(C41,APUS!$G$140:$Z$231,20,0),2) -> #N/A | S41: =ROUND(SUM(O41:R41),$Q$3) -> #N/A
C42: 3.12 | D42: =VLOOKUP(C42,PPTO!$C$6:$H$60,2,0) -> #N/A | E42: =VLOOKUP(C42,PPTO!$C$6:$H$60,3,0) -> #N/A | F42: =IFERROR(SUMIFS(PPTO!$F$6:$F$60,PPTO!$C$6:$C$60,ITEMS!C42),0) -> 0 | G42: =VLOOKUP(C42,PPTO!$C$6:$H$60,5,0) -> #N/A | H42: =+ROUND(F42*G42,$Q$3) -> #N/A | K42: =ROUND(F42*M42,$Q$3) -> #N/A | L42: =ROUND(F42*N42,$Q$3) -> #N/A | M42: =ROUND(VLOOKUP(C42,APUS!$H$140:$V$231,14,0),2) -> #N/A | N42: =ROUND(VLOOKUP(C42,APUS!$I$140:$V$231,13,0),2) -> #N/A | O42: =ROUND(VLOOKUP(C42,APUS!$D$140:$Z$231,23,0),2) -> #N/A | P42: =ROUND(VLOOKUP(C42,APUS!$E$140:$Z$231,22,0),2) -> #N/A | Q42: =ROUND(VLOOKUP(C42,APUS!$F$140:$Z$231,21,0),2) -> #N/A | R42: =ROUND(VLOOKUP(C42,APUS!$G$140:$Z$231,20,0),2) -> #N/A | S42: =ROUND(SUM(O42:R42),$Q$3) -> #N/A
... C44: 3.14 | D44: =VLOOKUP(C44,PPTO!$C$6:$H$60,2,0) -> #N/A | E44: =VLOOKUP(C44,PPTO!$C$6:$H$60,3,0) -> #N/A | F44: =IFERROR(SUMIFS(PPTO!$F$6:$F$60,PPTO!$C$6:$C$60,ITEMS!C44),0) -> 0 | G44: =VLOOKUP(C44,PPTO!$C$6:$H$60,5,0) -> #N/A | H44: =+ROUND(F44*G44,$Q$3) -> #N/A | K44: =ROUND(F44*M44,$Q$3) -> #N/A | L44: =ROUND(F44*N44,$Q$3) -> #N/A | M44: =ROUND(VLOOKUP(C44,APUS!$H$140:$V$231,14,0),2) -> #N/A | N44: =ROUND(VLOOKUP(C44,APUS!$I$140:$V$231,13,0),2) -> #N/A | O44: =ROUND(VLOOKUP(C44,APUS!$D$140:$Z$231,23,0),2) -> #N/A | P44: =ROUND(VLOOKUP(C44,APUS!$E$140:$Z$231,22,0),2) -> #N/A | Q44: =ROUND(VLOOKUP(C44,APUS!$F$140:$Z$231,21,0),2) -> #N/A | R44: =ROUND(VLOOKUP(C44,APUS!$G$140:$Z$231,20,0),2) -> #N/A | S44: =ROUND(SUM(O44:R44),$Q$3) -> #N/A
C46: =+CONCATENATE("Subtotal ",D30) -> Subtotal RED CONTRAINCENDIOS | H46: =+SUM(H30:H45) -> #N/A | K46: =+SUM(K30:K45) -> #N/A | L46: =+SUM(L30:L45) -> #N/A | M46: =+SUM(M30:M45) -> #N/A | N46: =+SUM(N30:N45) -> #N/A | O46: =+SUM(O30:O45) -> #N/A | P46: =+SUM(P30:P45) -> #N/A | Q46: =+SUM(Q30:Q45) -> #N/A | R46: =+SUM(R30:R45) -> #N/A | S46: =+SUM(S30:S45) -> #N/A
C47: CAP.4 | D47: =VLOOKUP(C47,PPTO!$C$6:$H$60,2,0) -> #N/A
C48: 4.1 | D48: =VLOOKUP(C48,PPTO!$C$6:$H$60,2,0) -> #N/A | E48: =VLOOKUP(C48,PPTO!$C$6:$H$60,3,0) -> #N/A | F48: =IFERROR(SUMIFS(PPTO!$F$6:$F$60,PPTO!$C$6:$C$60,ITEMS!C48),0) -> 0 | G48: =VLOOKUP(C48,PPTO!$C$6:$H$60,5,0) -> #N/A | H48: =+ROUND(F48*G48,$Q$3) -> #N/A | K48: =ROUND(F48*M48,$Q$3) -> #N/A | L48: =ROUND(F48*N48,$Q$3) -> #N/A | M48: =ROUND(VLOOKUP(C48,APUS!$H$140:$V$231,14,0),2) -> #N/A | N48: =ROUND(VLOOKUP(C48,APUS!$I$140:$V$231,13,0),2) -> #N/A | O48: =ROUND(VLOOKUP(C48,APUS!$D$140:$Z$231,23,0),2) -> #N/A | P48: =ROUND(VLOOKUP(C48,APUS!$E$140:$Z$231,22,0),2) -> #N/A | Q48: =ROUND(VLOOKUP(C48,APUS!$F$140:$Z$231,21,0),2) -> #N/A | R48: =ROUND(VLOOKUP(C48,APUS!$G$140:$Z$231,20,0),2) -> #N/A | S48: =ROUND(SUM(O48:R48),$Q$3) -> #N/A
C49: 4.2 | D49: =VLOOKUP(C49,PPTO!$C$6:$H$60,2,0) -> #N/A | E49: =VLOOKUP(C49,PPTO!$C$6:$H$60,3,0) -> #N/A | F49: =IFERROR(SUMIFS(PPTO!$F$6:$F$60,PPTO!$C$6:$C$60,ITEMS!C49),0) -> 0 | G49: =VLOOKUP(C49,PPTO!$C$6:$H$60,5,0) -> #N/A | H49: =+ROUND(F49*G49,$Q$3) -> #N/A | K49: =ROUND(F49*M49,$Q$3) -> #N/A | L49: =ROUND(F49*N49,$Q$3) -> #N/A | M49: =ROUND(VLOOKUP(C49,APUS!$H$140:$V$231,14,0),2) -> #N/A | N49: =ROUND(VLOOKUP(C49,APUS!$I$140:$V$231,13,0),2) -> #N/A | O49: =ROUND(VLOOKUP(C49,APUS!$D$140:$Z$231,23,0),2) -> #N/A | P49: =ROUND(VLOOKUP(C49,APUS!$E$140:$Z$231,22,0),2) -> #N/A | Q49: =ROUND(VLOOKUP(C49,APUS!$F$140:$Z$231,21,0),2) -> #N/A | R49: =ROUND(VLOOKUP(C49,APUS!$G$140:$Z$231,20,0),2) -> #N/A | S49: =ROUND(SUM(O49:R49),$Q$3) -> #N/A
C50: 4.3 | D50: =VLOOKUP(C50,PPTO!$C$6:$H$60,2,0) -> #N/A | E50: =VLOOKUP(C50,PPTO!$C$6:$H$60,3,0) -> #N/A | F50: =IFERROR(SUMIFS(PPTO!$F$6:$F$60,PPTO!$C$6:$C$60,ITEMS!C50),0) -> 0 | G50: =VLOOKUP(C50,PPTO!$C$6:$H$60,5,0) -> #N/A | H50: =+ROUND(F50*G50,$Q$3) -> #N/A | K50: =ROUND(F50*M50,$Q$3) -> #N/A | L50: =ROUND(F50*N50,$Q$3) -> #N/A | M50: =ROUND(VLOOKUP(C50,APUS!$H$140:$V$231,14,0),2) -> #N/A | N50: =ROUND(VLOOKUP(C50,APUS!$I$140:$V$231,13,0),2) -> #N/A | O50: =ROUND(VLOOKUP(C50,APUS!$D$140:$Z$231,23,0),2) -> #N/A | P50: =ROUND(VLOOKUP(C50,APUS!$E$140:$Z$231,22,0),2) -> #N/A | Q50: =ROUND(VLOOKUP(C50,APUS!$F$140:$Z$231,21,0),2) -> #N/A | R50: =ROUND(VLOOKUP(C50,APUS!$G$140:$Z$231,20,0),2) -> #N/A | S50: =ROUND(SUM(O50:R50),$Q$3) -> #N/A
C51: 4.4 | D51: =VLOOKUP(C51,PPTO!$C$6:$H$60,2,0) -> #N/A | E51: =VLOOKUP(C51,PPTO!$C$6:$H$60,3,0) -> #N/A | F51: =IFERROR(SUMIFS(PPTO!$F$6:$F$60,PPTO!$C$6:$C$60,ITEMS!C51),0) -> 0 | G51: =VLOOKUP(C51,PPTO!$C$6:$H$60,5,0) -> #N/A | H51: =+ROUND(F51*G51,$Q$3) -> #N/A | K51: =ROUND(F51*M51,$Q$3) -> #N/A | L51: =ROUND(F51*N51,$Q$3) -> #N/A | M51: =ROUND(VLOOKUP(C51,APUS!$H$140:$V$231,14,0),2) -> #N/A | N51: =ROUND(VLOOKUP(C51,APUS!$I$140:$V$231,13,0),2) -> #N/A | O51: =ROUND(VLOOKUP(C51,APUS!$D$140:$Z$231,23,0),2) -> #N/A | P51: =ROUND(VLOOKUP(C51,APUS!$E$140:$Z$231,22,0),2) -> #N/A | Q51: =ROUND(VLOOKUP(C51,APUS!$F$140:$Z$231,21,0),2) -> #N/A | R51: =ROUND(VLOOKUP(C51,APUS!$G$140:$Z$231,20,0),2) -> #N/A | S51: =ROUND(SUM(O51:R51),$Q$3) -> #N/A
C52: 4.5 | D52: =VLOOKUP(C52,PPTO!$C$6:$H$60,2,0) -> #N/A | E52: =VLOOKUP(C52,PPTO!$C$6:$H$60,3,0) -> #N/A | F52: =IFERROR(SUMIFS(PPTO!$F$6:$F$60,PPTO!$C$6:$C$60,ITEMS!C52),0) -> 0 | G52: =VLOOKUP(C52,PPTO!$C$6:$H$60,5,0) -> #N/A | H52: =+ROUND(F52*G52,$Q$3) -> #N/A | K52: =ROUND(F52*M52,$Q$3) -> #N/A | L52: =ROUND(F52*N52,$Q$3) -> #N/A | M52: =ROUND(VLOOKUP(C52,APUS!$H$140:$V$231,14,0),2) -> #N/A | N52: =ROUND(VLOOKUP(C52,APUS!$I$140:$V$231,13,0),2) -> #N/A | O52: =ROUND(VLOOKUP(C52,APUS!$D$140:$Z$231,23,0),2) -> #N/A | P52: =ROUND(VLOOKUP(C52,APUS!$E$140:$Z$231,22,0),2) -> #N/A | Q52: =ROUND(VLOOKUP(C52,APUS!$F$140:$Z$231,21,0),2) -> #N/A | R52: =ROUND(VLOOKUP(C52,APUS!$G$140:$Z$231,20,0),2) -> #N/A | S52: =ROUND(SUM(O52:R52),$Q$3) -> #N/A
C53: 4.6 | D53: =VLOOKUP(C53,PPTO!$C$6:$H$60,2,0) -> #N/A | E53: =VLOOKUP(C53,PPTO!$C$6:$H$60,3,0) -> #N/A | F53: =IFERROR(SUMIFS(PPTO!$F$6:$F$60,PPTO!$C$6:$C$60,ITEMS!C53),0) -> 0 | G53: =VLOOKUP(C53,PPTO!$C$6:$H$60,5,0) -> #N/A | H53: =+ROUND(F53*G53,$Q$3) -> #N/A | K53: =ROUND(F53*M53,$Q$3) -> #N/A | L53: =ROUND(F53*N53,$Q$3) -> #N/A | M53: =ROUND(VLOOKUP(C53,APUS!$H$140:$V$231,14,0),2) -> #N/A | N53: =ROUND(VLOOKUP(C53,APUS!$I$140:$V$231,13,0),2) -> #N/A | O53: =ROUND(VLOOKUP(C53,APUS!$D$140:$Z$231,23,0),2) -> #N/A | P53: =ROUND(VLOOKUP(C53,APUS!$E$140:$Z$231,22,0),2) -> #N/A | Q53: =ROUND(VLOOKUP(C53,APUS!$F$140:$Z$231,21,0),2) -> #N/A | R53: =ROUND(VLOOKUP(C53,APUS!$G$140:$Z$231,20,0),2) -> #N/A | S53: =ROUND(SUM(O53:R53),$Q$3) -> #N/A
C55: =+CONCATENATE("Subtotal ",D47) -> #N/A | H55: =+SUM(H47:H54) -> #N/A | K55: =+SUM(K47:K54) -> #N/A | L55: =+SUM(L47:L54) -> #N/A | M55: =+SUM(M47:M54) -> #N/A | N55: =+SUM(N47:N54) -> #N/A | O55: =+SUM(O47:O54) -> #N/A | P55: =+SUM(P47:P54) -> #N/A | Q55: =+SUM(Q47:Q54) -> #N/A | R55: =+SUM(R47:R54) -> #N/A | S55: =+SUM(S47:S54) -> #N/A
C56: CAP.5 | D56: =VLOOKUP(C56,PPTO!$C$6:$H$60,2,0) -> #N/A
C57: 5.1 | D57: =VLOOKUP(C57,PPTO!$C$6:$H$60,2,0) -> #N/A | E57: =VLOOKUP(C57,PPTO!$C$6:$H$60,3,0) -> #N/A | F57: =IFERROR(SUMIFS(PPTO!$F$6:$F$60,PPTO!$C$6:$C$60,ITEMS!C57),0) -> 0 | G57: =VLOOKUP(C57,PPTO!$C$6:$H$60,5,0) -> #N/A | H57: =+ROUND(F57*G57,$Q$3) -> #N/A | K57: =ROUND(F57*M57,$Q$3) -> #N/A | L57: =ROUND(F57*N57,$Q$3) -> #N/A | M57: =ROUND(VLOOKUP(C57,APUS!$H$140:$V$231,14,0),2) -> #N/A | N57: =ROUND(VLOOKUP(C57,APUS!$I$140:$V$231,13,0),2) -> #N/A | O57: =ROUND(VLOOKUP(C57,APUS!$D$140:$Z$231,23,0),2) -> #N/A | P57: =ROUND(VLOOKUP(C57,APUS!$E$140:$Z$231,22,0),2) -> #N/A | Q57: =ROUND(VLOOKUP(C57,APUS!$F$140:$Z$231,21,0),2) -> #N/A | R57: =ROUND(VLOOKUP(C57,APUS!$G$140:$Z$231,20,0),2) -> #N/A | S57: =ROUND(SUM(O57:R57),$Q$3) -> #N/A
C58: 5.2 | D58: =VLOOKUP(C58,PPTO!$C$6:$H$60,2,0) -> #N/A | E58: =VLOOKUP(C58,PPTO!$C$6:$H$60,3,0) -> #N/A | F58: =IFERROR(SUMIFS(PPTO!$F$6:$F$60,PPTO!$C$6:$C$60,ITEMS!C58),0) -> 0 | G58: =VLOOKUP(C58,PPTO!$C$6:$H$60,5,0) -> #N/A | H58: =+ROUND(F58*G58,$Q$3) -> #N/A | K58: =ROUND(F58*M58,$Q$3) -> #N/A | L58: =ROUND(F58*N58,$Q$3) -> #N/A | M58: =ROUND(VLOOKUP(C58,APUS!$H$140:$V$231,14,0),2) -> #N/A | N58: =ROUND(VLOOKUP(C58,APUS!$I$140:$V$231,13,0),2) -> #N/A | O58: =ROUND(VLOOKUP(C58,APUS!$D$140:$Z$231,23,0),2) -> #N/A | P58: =ROUND(VLOOKUP(C58,APUS!$E$140:$Z$231,22,0),2) -> #N/A | Q58: =ROUND(VLOOKUP(C58,APUS!$F$140:$Z$231,21,0),2) -> #N/A | R58: =ROUND(VLOOKUP(C58,APUS!$G$140:$Z$231,20,0),2) -> #N/A | S58: =ROUND(SUM(O58:R58),$Q$3) -> #N/A
C59: 5.3 | D59: =VLOOKUP(C59,PPTO!$C$6:$H$60,2,0) -> #N/A | E59: =VLOOKUP(C59,PPTO!$C$6:$H$60,3,0) -> #N/A | F59: =IFERROR(SUMIFS(PPTO!$F$6:$F$60,PPTO!$C$6:$C$60,ITEMS!C59),0) -> 0 | G59: =VLOOKUP(C59,PPTO!$C$6:$H$60,5,0) -> #N/A | H59: =+ROUND(F59*G59,$Q$3) -> #N/A | K59: =ROUND(F59*M59,$Q$3) -> #N/A | L59: =ROUND(F59*N59,$Q$3) -> #N/A | M59: =ROUND(VLOOKUP(C59,APUS!$H$140:$V$231,14,0),2) -> #N/A | N59: =ROUND(VLOOKUP(C59,APUS!$I$140:$V$231,13,0),2) -> #N/A | O59: =ROUND(VLOOKUP(C59,APUS!$D$140:$Z$231,23,0),2) -> #N/A | P59: =ROUND(VLOOKUP(C59,APUS!$E$140:$Z$231,22,0),2) -> #N/A | Q59: =ROUND(VLOOKUP(C59,APUS!$F$140:$Z$231,21,0),2) -> #N/A | R59: =ROUND(VLOOKUP(C59,APUS!$G$140:$Z$231,20,0),2) -> #N/A | S59: =ROUND(SUM(O59:R59),$Q$3) -> #N/A
C60: 5.4 | D60: =VLOOKUP(C60,PPTO!$C$6:$H$60,2,0) -> #N/A | E60: =VLOOKUP(C60,PPTO!$C$6:$H$60,3,0) -> #N/A | F60: =IFERROR(SUMIFS(PPTO!$F$6:$F$60,PPTO!$C$6:$C$60,ITEMS!C60),0) -> 0 | G60: =VLOOKUP(C60,PPTO!$C$6:$H$60,5,0) -> #N/A | H60: =+ROUND(F60*G60,$Q$3) -> #N/A | K60: =ROUND(F60*M60,$Q$3) -> #N/A | L60: =ROUND(F60*N60,$Q$3) -> #N/A | M60: =ROUND(VLOOKUP(C60,APUS!$H$140:$V$231,14,0),2) -> #N/A | N60: =ROUND(VLOOKUP(C60,APUS!$I$140:$V$231,13,0),2) -> #N/A | O60: =ROUND(VLOOKUP(C60,APUS!$D$140:$Z$231,23,0),2) -> #N/A | P60: =ROUND(VLOOKUP(C60,APUS!$E$140:$Z$231,22,0),2) -> #N/A | Q60: =ROUND(VLOOKUP(C60,APUS!$F$140:$Z$231,21,0),2) -> #N/A | R60: =ROUND(VLOOKUP(C60,APUS!$G$140:$Z$231,20,0),2) -> #N/A | S60: =ROUND(SUM(O60:R60),$Q$3) -> #N/A
C61: 5.5 | D61: =VLOOKUP(C61,PPTO!$C$6:$H$60,2,0) -> #N/A | E61: =VLOOKUP(C61,PPTO!$C$6:$H$60,3,0) -> #N/A | F61: =IFERROR(SUMIFS(PPTO!$F$6:$F$60,PPTO!$C$6:$C$60,ITEMS!C61),0) -> 0 | G61: =VLOOKUP(C61,PPTO!$C$6:$H$60,5,0) -> #N/A | H61: =+ROUND(F61*G61,$Q$3) -> #N/A | K61: =ROUND(F61*M61,$Q$3) -> #N/A | L61: =ROUND(F61*N61,$Q$3) -> #N/A | M61: =ROUND(VLOOKUP(C61,APUS!$H$140:$V$231,14,0),2) -> #N/A | N61: =ROUND(VLOOKUP(C61,APUS!$I$140:$V$231,13,0),2) -> #N/A | O61: =ROUND(VLOOKUP(C61,APUS!$D$140:$Z$231,23,0),2) -> #N/A | P61: =ROUND(VLOOKUP(C61,APUS!$E$140:$Z$231,22,0),2) -> #N/A | Q61: =ROUND(VLOOKUP(C61,APUS!$F$140:$Z$231,21,0),2) -> #N/A | R61: =ROUND(VLOOKUP(C61,APUS!$G$140:$Z$231,20,0),2) -> #N/A | S61: =ROUND(SUM(O61:R61),$Q$3) -> #N/A
C62: 5.6 | D62: =VLOOKUP(C62,PPTO!$C$6:$H$60,2,0) -> #N/A | E62: =VLOOKUP(C62,PPTO!$C$6:$H$60,3,0) -> #N/A | F62: =IFERROR(SUMIFS(PPTO!$F$6:$F$60,PPTO!$C$6:$C$60,ITEMS!C62),0) -> 0 | G62: =VLOOKUP(C62,PPTO!$C$6:$H$60,5,0) -> #N/A | H62: =+ROUND(F62*G62,$Q$3) -> #N/A | K62: =ROUND(F62*M62,$Q$3) -> #N/A | L62: =ROUND(F62*N62,$Q$3) -> #N/A | M62: =ROUND(VLOOKUP(C62,APUS!$H$140:$V$231,14,0),2) -> #N/A | N62: =ROUND(VLOOKUP(C62,APUS!$I$140:$V$231,13,0),2) -> #N/A | O62: =ROUND(VLOOKUP(C62,APUS!$D$140:$Z$231,23,0),2) -> #N/A | P62: =ROUND(VLOOKUP(C62,APUS!$E$140:$Z$231,22,0),2) -> #N/A | Q62: =ROUND(VLOOKUP(C62,APUS!$F$140:$Z$231,21,0),2) -> #N/A | R62: =ROUND(VLOOKUP(C62,APUS!$G$140:$Z$231,20,0),2) -> #N/A | S62: =ROUND(SUM(O62:R62),$Q$3) -> #N/A
C63: 5.7 | D63: =VLOOKUP(C63,PPTO!$C$6:$H$60,2,0) -> #N/A | E63: =VLOOKUP(C63,PPTO!$C$6:$H$60,3,0) -> #N/A | F63: =IFERROR(SUMIFS(PPTO!$F$6:$F$60,PPTO!$C$6:$C$60,ITEMS!C63),0) -> 0 | G63: =VLOOKUP(C63,PPTO!$C$6:$H$60,5,0) -> #N/A | H63: =+ROUND(F63*G63,$Q$3) -> #N/A | K63: =ROUND(F63*M63,$Q$3) -> #N/A | L63: =ROUND(F63*N63,$Q$3) -> #N/A | M63: =ROUND(VLOOKUP(C63,APUS!$H$140:$V$231,14,0),2) -> #N/A | N63: =ROUND(VLOOKUP(C63,APUS!$I$140:$V$231,13,0),2) -> #N/A | O63: =ROUND(VLOOKUP(C63,APUS!$D$140:$Z$231,23,0),2) -> #N/A | P63: =ROUND(VLOOKUP(C63,APUS!$E$140:$Z$231,22,0),2) -> #N/A | Q63: =ROUND(VLOOKUP(C63,APUS!$F$140:$Z$231,21,0),2) -> #N/A | R63: =ROUND(VLOOKUP(C63,APUS!$G$140:$Z$231,20,0),2) -> #N/A | S63: =ROUND(SUM(O63:R63),$Q$3) -> #N/A
C64: 5.8 | D64: =VLOOKUP(C64,PPTO!$C$6:$H$60,2,0) -> #N/A | E64: =VLOOKUP(C64,PPTO!$C$6:$H$60,3,0) -> #N/A | F64: =IFERROR(SUMIFS(PPTO!$F$6:$F$60,PPTO!$C$6:$C$60,ITEMS!C64),0) -> 0 | G64: =VLOOKUP(C64,PPTO!$C$6:$H$60,5,0) -> #N/A | H64: =+ROUND(F64*G64,$Q$3) -> #N/A | K64: =ROUND(F64*M64,$Q$3) -> #N/A | L64: =ROUND(F64*N64,$Q$3) -> #N/A | M64: =ROUND(VLOOKUP(C64,APUS!$H$140:$V$231,14,0),2) -> #N/A | N64: =ROUND(VLOOKUP(C64,APUS!$I$140:$V$231,13,0),2) -> #N/A | O64: =ROUND(VLOOKUP(C64,APUS!$D$140:$Z$231,23,0),2) -> #N/A | P64: =ROUND(VLOOKUP(C64,APUS!$E$140:$Z$231,22,0),2) -> #N/A | Q64: =ROUND(VLOOKUP(C64,APUS!$F$140:$Z$231,21,0),2) -> #N/A | R64: =ROUND(VLOOKUP(C64,APUS!$G$140:$Z$231,20,0),2) -> #N/A | S64: =ROUND(SUM(O64:R64),$Q$3) -> #N/A
C66: =+CONCATENATE("Subtotal ",D56) -> #N/A | H66: =+SUM(H56:H65) -> #N/A | K66: =+SUM(K56:K65) -> #N/A | L66: =+SUM(L56:L65) -> #N/A | M66: =+SUM(M56:M65) -> #N/A | N66: =+SUM(N56:N65) -> #N/A | O66: =+SUM(O56:O65) -> #N/A | P66: =+SUM(P56:P65) -> #N/A | Q66: =+SUM(Q56:Q65) -> #N/A | R66: =+SUM(R56:R65) -> #N/A | S66: =+SUM(S56:S65) -> #N/A
C67: CAP.6 | D67: =VLOOKUP(C67,PPTO!$C$6:$H$60,2,0) -> #N/A
C68: 6.1 | D68: =VLOOKUP(C68,PPTO!$C$6:$H$60,2,0) -> #N/A | E68: =VLOOKUP(C68,PPTO!$C$6:$H$60,3,0) -> #N/A | F68: =IFERROR(SUMIFS(PPTO!$F$6:$F$60,PPTO!$C$6:$C$60,ITEMS!C68),0) -> 0 | G68: =VLOOKUP(C68,PPTO!$C$6:$H$60,5,0) -> #N/A | H68: =+ROUND(F68*G68,$Q$3) -> #N/A | K68: =ROUND(F68*M68,$Q$3) -> #N/A | L68: =ROUND(F68*N68,$Q$3) -> #N/A | M68: =ROUND(VLOOKUP(C68,APUS!$H$140:$V$231,14,0),2) -> #N/A | N68: =ROUND(VLOOKUP(C68,APUS!$I$140:$V$231,13,0),2) -> #N/A | O68: =ROUND(VLOOKUP(C68,APUS!$D$140:$Z$231,23,0),2) -> #N/A | P68: =ROUND(VLOOKUP(C68,APUS!$E$140:$Z$231,22,0),2) -> #N/A | Q68: =ROUND(VLOOKUP(C68,APUS!$F$140:$Z$231,21,0),2) -> #N/A | R68: =ROUND(VLOOKUP(C68,APUS!$G$140:$Z$231,20,0),2) -> #N/A | S68: =ROUND(SUM(O68:R68),$Q$3) -> #N/A
C69: 6.2 | D69: =VLOOKUP(C69,PPTO!$C$6:$H$60,2,0) -> #N/A | E69: =VLOOKUP(C69,PPTO!$C$6:$H$60,3,0) -> #N/A | F69: =IFERROR(SUMIFS(PPTO!$F$6:$F$60,PPTO!$C$6:$C$60,ITEMS!C69),0) -> 0 | G69: =VLOOKUP(C69,PPTO!$C$6:$H$60,5,0) -> #N/A | H69: =+ROUND(F69*G69,$Q$3) -> #N/A | K69: =ROUND(F69*M69,$Q$3) -> #N/A | L69: =ROUND(F69*N69,$Q$3) -> #N/A | M69: =ROUND(VLOOKUP(C69,APUS!$H$140:$V$231,14,0),2) -> #N/A | N69: =ROUND(VLOOKUP(C69,APUS!$I$140:$V$231,13,0),2) -> #N/A | O69: =ROUND(VLOOKUP(C69,APUS!$D$140:$Z$231,23,0),2) -> #N/A | P69: =ROUND(VLOOKUP(C69,APUS!$E$140:$Z$231,22,0),2) -> #N/A | Q69: =ROUND(VLOOKUP(C69,APUS!$F$140:$Z$231,21,0),2) -> #N/A | R69: =ROUND(VLOOKUP(C69,APUS!$G$140:$Z$231,20,0),2) -> #N/A | S69: =ROUND(SUM(O69:R69),$Q$3) -> #N/A
C70: 6.3 | D70: =VLOOKUP(C70,PPTO!$C$6:$H$60,2,0) -> #N/A | E70: =VLOOKUP(C70,PPTO!$C$6:$H$60,3,0) -> #N/A | F70: =IFERROR(SUMIFS(PPTO!$F$6:$F$60,PPTO!$C$6:$C$60,ITEMS!C70),0) -> 0 | G70: =VLOOKUP(C70,PPTO!$C$6:$H$60,5,0) -> #N/A | H70: =+ROUND(F70*G70,$Q$3) -> #N/A | K70: =ROUND(F70*M70,$Q$3) -> #N/A | L70: =ROUND(F70*N70,$Q$3) -> #N/A | M70: =ROUND(VLOOKUP(C70,APUS!$H$140:$V$231,14,0),2) -> #N/A | N70: =ROUND(VLOOKUP(C70,APUS!$I$140:$V$231,13,0),2) -> #N/A | O70: =ROUND(VLOOKUP(C70,APUS!$D$140:$Z$231,23,0),2) -> #N/A | P70: =ROUND(VLOOKUP(C70,APUS!$E$140:$Z$231,22,0),2) -> #N/A | Q70: =ROUND(VLOOKUP(C70,APUS!$F$140:$Z$231,21,0),2) -> #N/A | R70: =ROUND(VLOOKUP(C70,APUS!$G$140:$Z$231,20,0),2) -> #N/A | S70: =ROUND(SUM(O70:R70),$Q$3) -> #N/A
C71: 6.4 | D71: =VLOOKUP(C71,PPTO!$C$6:$H$60,2,0) -> #N/A | E71: =VLOOKUP(C71,PPTO!$C$6:$H$60,3,0) -> #N/A | F71: =IFERROR(SUMIFS(PPTO!$F$6:$F$60,PPTO!$C$6:$C$60,ITEMS!C71),0) -> 0 | G71: =VLOOKUP(C71,PPTO!$C$6:$H$60,5,0) -> #N/A | H71: =+ROUND(F71*G71,$Q$3) -> #N/A | K71: =ROUND(F71*M71,$Q$3) -> #N/A | L71: =ROUND(F71*N71,$Q$3) -> #N/A | M71: =ROUND(VLOOKUP(C71,APUS!$H$140:$V$231,14,0),2) -> #N/A | N71: =ROUND(VLOOKUP(C71,APUS!$I$140:$V$231,13,0),2) -> #N/A | O71: =ROUND(VLOOKUP(C71,APUS!$D$140:$Z$231,23,0),2) -> #N/A | P71: =ROUND(VLOOKUP(C71,APUS!$E$140:$Z$231,22,0),2) -> #N/A | Q71: =ROUND(VLOOKUP(C71,APUS!$F$140:$Z$231,21,0),2) -> #N/A | R71: =ROUND(VLOOKUP(C71,APUS!$G$140:$Z$231,20,0),2) -> #N/A | S71: =ROUND(SUM(O71:R71),$Q$3) -> #N/A
C72: 6.5 | D72: =VLOOKUP(C72,PPTO!$C$6:$H$60,2,0) -> #N/A | E72: =VLOOKUP(C72,PPTO!$C$6:$H$60,3,0) -> #N/A | F72: =IFERROR(SUMIFS(PPTO!$F$6:$F$60,PPTO!$C$6:$C$60,ITEMS!C72),0) -> 0 | G72: =VLOOKUP(C72,PPTO!$C$6:$H$60,5,0) -> #N/A | H72: =+ROUND(F72*G72,$Q$3) -> #N/A | K72: =ROUND(F72*M72,$Q$3) -> #N/A | L72: =ROUND(F72*N72,$Q$3) -> #N/A | M72: =ROUND(VLOOKUP(C72,APUS!$H$140:$V$231,14,0),2) -> #N/A | N72: =ROUND(VLOOKUP(C72,APUS!$I$140:$V$231,13,0),2) -> #N/A | O72: =ROUND(VLOOKUP(C72,APUS!$D$140:$Z$231,23,0),2) -> #N/A | P72: =ROUND(VLOOKUP(C72,APUS!$E$140:$Z$231,22,0),2) -> #N/A | Q72: =ROUND(VLOOKUP(C72,APUS!$F$140:$Z$231,21,0),2) -> #N/A | R72: =ROUND(VLOOKUP(C72,APUS!$G$140:$Z$231,20,0),2) -> #N/A | S72: =ROUND(SUM(O72:R72),$Q$3) -> #N/A
C73: 6.6 | D73: =VLOOKUP(C73,PPTO!$C$6:$H$60,2,0) -> #N/A | E73: =VLOOKUP(C73,PPTO!$C$6:$H$60,3,0) -> #N/A | F73: =IFERROR(SUMIFS(PPTO!$F$6:$F$60,PPTO!$C$6:$C$60,ITEMS!C73),0) -> 0 | G73: =VLOOKUP(C73,PPTO!$C$6:$H$60,5,0) -> #N/A | H73: =+ROUND(F73*G73,$Q$3) -> #N/A | K73: =ROUND(F73*M73,$Q$3) -> #N/A | L73: =ROUND(F73*N73,$Q$3) -> #N/A | M73: =ROUND(VLOOKUP(C73,APUS!$H$140:$V$231,14,0),2) -> #N/A | N73: =ROUND(VLOOKUP(C73,APUS!$I$140:$V$231,13,0),2) -> #N/A | O73: =ROUND(VLOOKUP(C73,APUS!$D$140:$Z$231,23,0),2) -> #N/A | P73: =ROUND(VLOOKUP(C73,APUS!$E$140:$Z$231,22,0),2) -> #N/A | Q73: =ROUND(VLOOKUP(C73,APUS!$F$140:$Z$231,21,0),2) -> #N/A | R73: =ROUND(VLOOKUP(C73,APUS!$G$140:$Z$231,20,0),2) -> #N/A | S73: =ROUND(SUM(O73:R73),$Q$3) -> #N/A
C74: 6.7 | D74: =VLOOKUP(C74,PPTO!$C$6:$H$60,2,0) -> #N/A | E74: =VLOOKUP(C74,PPTO!$C$6:$H$60,3,0) -> #N/A | F74: =IFERROR(SUMIFS(PPTO!$F$6:$F$60,PPTO!$C$6:$C$60,ITEMS!C74),0) -> 0 | G74: =VLOOKUP(C74,PPTO!$C$6:$H$60,5,0) -> #N/A | H74: =+ROUND(F74*G74,$Q$3) -> #N/A | K74: =ROUND(F74*M74,$Q$3) -> #N/A | L74: =ROUND(F74*N74,$Q$3) -> #N/A | M74: =ROUND(VLOOKUP(C74,APUS!$H$140:$V$231,14,0),2) -> #N/A | N74: =ROUND(VLOOKUP(C74,APUS!$I$140:$V$231,13,0),2) -> #N/A | O74: =ROUND(VLOOKUP(C74,APUS!$D$140:$Z$231,23,0),2) -> #N/A | P74: =ROUND(VLOOKUP(C74,APUS!$E$140:$Z$231,22,0),2) -> #N/A | Q74: =ROUND(VLOOKUP(C74,APUS!$F$140:$Z$231,21,0),2) -> #N/A | R74: =ROUND(VLOOKUP(C74,APUS!$G$140:$Z$231,20,0),2) -> #N/A | S74: =ROUND(SUM(O74:R74),$Q$3) -> #N/A
C75: 6.8 | D75: =VLOOKUP(C75,PPTO!$C$6:$H$60,2,0) -> #N/A | E75: =VLOOKUP(C75,PPTO!$C$6:$H$60,3,0) -> #N/A | F75: =IFERROR(SUMIFS(PPTO!$F$6:$F$60,PPTO!$C$6:$C$60,ITEMS!C75),0) -> 0 | G75: =VLOOKUP(C75,PPTO!$C$6:$H$60,5,0) -> #N/A | H75: =+ROUND(F75*G75,$Q$3) -> #N/A | K75: =ROUND(F75*M75,$Q$3) -> #N/A | L75: =ROUND(F75*N75,$Q$3) -> #N/A | M75: =ROUND(VLOOKUP(C75,APUS!$H$140:$V$231,14,0),2) -> #N/A | N75: =ROUND(VLOOKUP(C75,APUS!$I$140:$V$231,13,0),2) -> #N/A | O75: =ROUND(VLOOKUP(C75,APUS!$D$140:$Z$231,23,0),2) -> #N/A | P75: =ROUND(VLOOKUP(C75,APUS!$E$140:$Z$231,22,0),2) -> #N/A | Q75: =ROUND(VLOOKUP(C75,APUS!$F$140:$Z$231,21,0),2) -> #N/A | R75: =ROUND(VLOOKUP(C75,APUS!$G$140:$Z$231,20,0),2) -> #N/A | S75: =ROUND(SUM(O75:R75),$Q$3) -> #N/A
C76: 6.9 | D76: =VLOOKUP(C76,PPTO!$C$6:$H$60,2,0) -> #N/A | E76: =VLOOKUP(C76,PPTO!$C$6:$H$60,3,0) -> #N/A | F76: =IFERROR(SUMIFS(PPTO!$F$6:$F$60,PPTO!$C$6:$C$60,ITEMS!C76),0) -> 0 | G76: =VLOOKUP(C76,PPTO!$C$6:$H$60,5,0) -> #N/A | H76: =+ROUND(F76*G76,$Q$3) -> #N/A | K76: =ROUND(F76*M76,$Q$3) -> #N/A | L76: =ROUND(F76*N76,$Q$3) -> #N/A | M76: =ROUND(VLOOKUP(C76,APUS!$H$140:$V$231,14,0),2) -> #N/A | N76: =ROUND(VLOOKUP(C76,APUS!$I$140:$V$231,13,0),2) -> #N/A | O76: =ROUND(VLOOKUP(C76,APUS!$D$140:$Z$231,23,0),2) -> #N/A | P76: =ROUND(VLOOKUP(C76,APUS!$E$140:$Z$231,22,0),2) -> #N/A | Q76: =ROUND(VLOOKUP(C76,APUS!$F$140:$Z$231,21,0),2) -> #N/A | R76: =ROUND(VLOOKUP(C76,APUS!$G$140:$Z$231,20,0),2) -> #N/A | S76: =ROUND(SUM(O76:R76),$Q$3) -> #N/A
C77: 6.10 | D77: =VLOOKUP(C77,PPTO!$C$6:$H$60,2,0) -> #N/A | E77: =VLOOKUP(C77,PPTO!$C$6:$H$60,3,0) -> #N/A | F77: =IFERROR(SUMIFS(PPTO!$F$6:$F$60,PPTO!$C$6:$C$60,ITEMS!C77),0) -> 0 | G77: =VLOOKUP(C77,PPTO!$C$6:$H$60,5,0) -> #N/A | H77: =+ROUND(F77*G77,$Q$3) -> #N/A | K77: =ROUND(F77*M77,$Q$3) -> #N/A | L77: =ROUND(F77*N77,$Q$3) -> #N/A | M77: =ROUND(VLOOKUP(C77,APUS!$H$140:$V$231,14,0),2) -> #N/A | N77: =ROUND(VLOOKUP(C77,APUS!$I$140:$V$231,13,0),2) -> #N/A | O77: =ROUND(VLOOKUP(C77,APUS!$D$140:$Z$231,23,0),2) -> #N/A | P77: =ROUND(VLOOKUP(C77,APUS!$E$140:$Z$231,22,0),2) -> #N/A | Q77: =ROUND(VLOOKUP(C77,APUS!$F$140:$Z$231,21,0),2) -> #N/A | R77: =ROUND(VLOOKUP(C77,APUS!$G$140:$Z$231,20,0),2) -> #N/A | S77: =ROUND(SUM(O77:R77),$Q$3) -> #N/A
C78: 6.11 | D78: =VLOOKUP(C78,PPTO!$C$6:$H$60,2,0) -> #N/A | E78: =VLOOKUP(C78,PPTO!$C$6:$H$60,3,0) -> #N/A | F78: =IFERROR(SUMIFS(PPTO!$F$6:$F$60,PPTO!$C$6:$C$60,ITEMS!C78),0) -> 0 | G78: =VLOOKUP(C78,PPTO!$C$6:$H$60,5,0) -> #N/A | H78: =+ROUND(F78*G78,$Q$3) -> #N/A | K78: =ROUND(F78*M78,$Q$3) -> #N/A | L78: =ROUND(F78*N78,$Q$3) -> #N/A | M78: =ROUND(VLOOKUP(C78,APUS!$H$140:$V$231,14,0),2) -> #N/A | N78: =ROUND(VLOOKUP(C78,APUS!$I$140:$V$231,13,0),2) -> #N/A | O78: =ROUND(VLOOKUP(C78,APUS!$D$140:$Z$231,23,0),2) -> #N/A | P78: =ROUND(VLOOKUP(C78,APUS!$E$140:$Z$231,22,0),2) -> #N/A | Q78: =ROUND(VLOOKUP(C78,APUS!$F$140:$Z$231,21,0),2) -> #N/A | R78: =ROUND(VLOOKUP(C78,APUS!$G$140:$Z$231,20,0),2) -> #N/A | S78: =ROUND(SUM(O78:R78),$Q$3) -> #N/A
C79: 6.12 | D79: =VLOOKUP(C79,PPTO!$C$6:$H$60,2,0) -> #N/A | E79: =VLOOKUP(C79,PPTO!$C$6:$H$60,3,0) -> #N/A | F79: =IFERROR(SUMIFS(PPTO!$F$6:$F$60,PPTO!$C$6:$C$60,ITEMS!C79),0) -> 0 | G79: =VLOOKUP(C79,PPTO!$C$6:$H$60,5,0) -> #N/A | H79: =+ROUND(F79*G79,$Q$3) -> #N/A | K79: =ROUND(F79*M79,$Q$3) -> #N/A | L79: =ROUND(F79*N79,$Q$3) -> #N/A | M79: =ROUND(VLOOKUP(C79,APUS!$H$140:$V$231,14,0),2) -> #N/A | N79: =ROUND(VLOOKUP(C79,APUS!$I$140:$V$231,13,0),2) -> #N/A | O79: =ROUND(VLOOKUP(C79,APUS!$D$140:$Z$231,23,0),2) -> #N/A | P79: =ROUND(VLOOKUP(C79,APUS!$E$140:$Z$231,22,0),2) -> #N/A | Q79: =ROUND(VLOOKUP(C79,APUS!$F$140:$Z$231,21,0),2) -> #N/A | R79: =ROUND(VLOOKUP(C79,APUS!$G$140:$Z$231,20,0),2) -> #N/A | S79: =ROUND(SUM(O79:R79),$Q$3) -> #N/A
... C85: 6.18 | D85: =VLOOKUP(C85,PPTO!$C$6:$H$60,2,0) -> #N/A | E85: =VLOOKUP(C85,PPTO!$C$6:$H$60,3,0) -> #N/A | F85: =IFERROR(SUMIFS(PPTO!$F$6:$F$60,PPTO!$C$6:$C$60,ITEMS!C85),0) -> 0 | G85: =VLOOKUP(C85,PPTO!$C$6:$H$60,5,0) -> #N/A | H85: =+ROUND(F85*G85,$Q$3) -> #N/A | K85: =ROUND(F85*M85,$Q$3) -> #N/A | L85: =ROUND(F85*N85,$Q$3) -> #N/A | M85: =ROUND(VLOOKUP(C85,APUS!$H$140:$V$231,14,0),2) -> #N/A | N85: =ROUND(VLOOKUP(C85,APUS!$I$140:$V$231,13,0),2) -> #N/A | O85: =ROUND(VLOOKUP(C85,APUS!$D$140:$Z$231,23,0),2) -> #N/A | P85: =ROUND(VLOOKUP(C85,APUS!$E$140:$Z$231,22,0),2) -> #N/A | Q85: =ROUND(VLOOKUP(C85,APUS!$F$140:$Z$231,21,0),2) -> #N/A | R85: =ROUND(VLOOKUP(C85,APUS!$G$140:$Z$231,20,0),2) -> #N/A | S85: =ROUND(SUM(O85:R85),$Q$3) -> #N/A
C86: 6.19 | D86: =VLOOKUP(C86,PPTO!$C$6:$H$60,2,0) -> #N/A | E86: =VLOOKUP(C86,PPTO!$C$6:$H$60,3,0) -> #N/A | F86: =IFERROR(SUMIFS(PPTO!$F$6:$F$60,PPTO!$C$6:$C$60,ITEMS!C86),0) -> 0 | G86: =VLOOKUP(C86,PPTO!$C$6:$H$60,5,0) -> #N/A | H86: =+ROUND(F86*G86,$Q$3) -> #N/A
C87: 6.20 | D87: =VLOOKUP(C87,PPTO!$C$6:$H$60,2,0) -> #N/A | E87: =VLOOKUP(C87,PPTO!$C$6:$H$60,3,0) -> #N/A | F87: =IFERROR(SUMIFS(PPTO!$F$6:$F$60,PPTO!$C$6:$C$60,ITEMS!C87),0) -> 0 | G87: =VLOOKUP(C87,PPTO!$C$6:$H$60,5,0) -> #N/A | H87: =+ROUND(F87*G87,$Q$3) -> #N/A | K87: =ROUND(F87*M87,$Q$3) -> #N/A | L87: =ROUND(F87*N87,$Q$3) -> #N/A | M87: =ROUND(VLOOKUP(C87,APUS!$H$140:$V$231,14,0),2) -> #N/A | N87: =ROUND(VLOOKUP(C87,APUS!$I$140:$V$231,13,0),2) -> #N/A | O87: =ROUND(VLOOKUP(C87,APUS!$D$140:$Z$231,23,0),2) -> #N/A | P87: =ROUND(VLOOKUP(C87,APUS!$E$140:$Z$231,22,0),2) -> #N/A | Q87: =ROUND(VLOOKUP(C87,APUS!$F$140:$Z$231,21,0),2) -> #N/A | R87: =ROUND(VLOOKUP(C87,APUS!$G$140:$Z$231,20,0),2) -> #N/A | S87: =ROUND(SUM(O87:R87),$Q$3) -> #N/A
C88: 6.21 | D88: =VLOOKUP(C88,PPTO!$C$6:$H$60,2,0) -> #N/A | E88: =VLOOKUP(C88,PPTO!$C$6:$H$60,3,0) -> #N/A | F88: =IFERROR(SUMIFS(PPTO!$F$6:$F$60,PPTO!$C$6:$C$60,ITEMS!C88),0) -> 0 | G88: =VLOOKUP(C88,PPTO!$C$6:$H$60,5,0) -> #N/A | H88: =+ROUND(F88*G88,$Q$3) -> #N/A | K88: =ROUND(F88*M88,$Q$3) -> #N/A | L88: =ROUND(F88*N88,$Q$3) -> #N/A | M88: =ROUND(VLOOKUP(C88,APUS!$H$140:$V$231,14,0),2) -> #N/A | N88: =ROUND(VLOOKUP(C88,APUS!$I$140:$V$231,13,0),2) -> #N/A | O88: =ROUND(VLOOKUP(C88,APUS!$D$140:$Z$231,23,0),2) -> #N/A | P88: =ROUND(VLOOKUP(C88,APUS!$E$140:$Z$231,22,0),2) -> #N/A | Q88: =ROUND(VLOOKUP(C88,APUS!$F$140:$Z$231,21,0),2) -> #N/A | R88: =ROUND(VLOOKUP(C88,APUS!$G$140:$Z$231,20,0),2) -> #N/A | S88: =ROUND(SUM(O88:R88),$Q$3) -> #N/A
C90: =+CONCATENATE("Subtotal ",D67) -> #N/A | H90: =+SUM(H67:H89) -> #N/A | K90: =+SUM(K67:K89) -> #N/A | L90: =+SUM(L67:L89) -> #N/A | M90: =+SUM(M67:M89) -> #N/A | N90: =+SUM(N67:N89) -> #N/A | O90: =+SUM(O67:O89) -> #N/A | P90: =+SUM(P67:P89) -> #N/A | Q90: =+SUM(Q67:Q89) -> #N/A | R90: =+SUM(R67:R89) -> #N/A | S90: =+SUM(S67:S89) -> #N/A
C92: COSTO TOTAL DIRECTO | H92: =H20+H29+H46+H55+H66+H90 -> #N/A | K92: =K20+K29+K46+K55+K90 -> #N/A | L92: =L20+L29+L46+L55+L90 -> #N/A | M92: =M20+M29+M46+M55+M90 -> #N/A | N92: =N20+N29+N46+N55+N90 -> #N/A | O92: =O20+O29+O46+O55+O90 -> #N/A | P92: =P20+P29+P46+P55+P90 -> #N/A | Q92: =Q20+Q29+Q46+Q55+Q90 -> #N/A | R92: =R20+R29+R46+R55+R90 -> #N/A | S92: =S20+S29+S46+S55+S90 -> #N/A
C93: ADMINISTRACCION | G93: 0.29 | H93: =+ROUND($H$92*G93,$Q$3) -> #N/A
C94: IMPREVISTOS | G94: 0.01 | H94: =+ROUND($H$92*G94,$Q$3) -> #N/A
C95: UTILIDAD | G95: 0.05 | H95: =+ROUND($H$92*G95,$Q$3) -> #N/A
C96: I.V.A. SOBRE LA UTILIDAD | H96: =+ROUND(H95*G96,$Q$3) -> #N/A
C97: COSTO TOTAL INDIRECTO (A.I.U.) | H97: =+SUM(H93:H96) -> #N/A
C99: COSTO TOTAL OBRA | H99: =H92+H97 -> #N/A
C101: PRESUPUESTO PLAN DE MANEJO AMBIENTAL | H101: =PPTO!#REF! -> #REF!
C102: INTERVENTORIA | H102: =PPTO!#REF! -> #REF!
C103: COSTO TOTAL PROYECTO | H103: =SUM(H99:H102) -> #N/A
C105: ELABORO: | E105: APROBO:
C109: ING. EDWIN ANTONIO ORTIZ HIGUERA | E109: =INFORMACION!$C$14 -> 0
C110: MP. 68202-096275 STD | E110: =INFORMACION!$C$15 -> 0
E111: =INFORMACION!$C$16 -> ARAUCA, ARAUCA

Sheet PPTO
P1: UNITARIOS O TOTALES | Q1: UNITARIOS | S1: UNITARIOS
C2: PRESUPUESTO GENERAL DE OBRA | P2: Decimales | Q2: 0 | S2: TOTALES
C3: OBRA: | D3: =+INFORMACION!A3 -> "CONSULTORIA PARA EL ANALISIS Y DIAGNOSITCO DEL ESTADO ESTRUCTURAL Y DE LAS REDES HIDROSANITARIAS DE LA EDIFICACION INCLUYENDO LA EVALUACION DEL SISTEMA HIDRAULICO DEL SOTANO DEL PALACIO DE JUSTICIA NUEVO DE ARAUCA, UBICADO EN LA CALLE 21, Y LA ELABORACION DE UNA PROPUESTA TECNICA PARA LA OPTIMIZACION Y/O REPARACIONES NECESARIAS"
C4: =+CONCATENATE("LOCALIZACION:"," ",INFORMACION!$C$16) -> LOCALIZACION: ARAUCA, ARAUCA | F4: FECHA: | H4: =+INFORMACION!A9 -> MARZO DE 2025
C6: ITEM | D6: DESCRIPCIÓN | E6: UND | F6: CANTIDAD | G6: VR. UNIT. | H6: VR. TOTAL | K6: COSTO DIRECTO | L6: COSTO INDIRECTO | M6: COSTO UNIT. | N6: COSTO TOTAL | O6: I. HERR | P6: II. MAT. | Q6: III. TRANSP. | R6: IV. MO | S6: TOTAL
C8: =+INFORMACION!A6 -> ARAUCA, ARAUCA
B9: 1 | C9: =+CONCATENATE("CAP.",B9) -> CAP.1 | D9: =+VLOOKUP(B9,'[7]CANTIDADES DE OBRA'!$B:$E,2,FALSE) -> PRELIMINARES Y REPARACIONES | H9: =+SUM(H10:H17) -> 41180890 | K9: =+SUM(K10:K17) -> 41180890 | L9: =+SUM(L10:L17) -> 43239930 | O9: =+SUM(O10:O17) -> 2058306.3 | P9: =+SUM(P10:P17) -> 18273955 | Q9: =+SUM(Q10:Q17) -> 0 | R9: =+SUM(R10:R17) -> 20848627 | S9: =+SUM(S10:S17) -> 41180888 | V9: =CONCATENATE(C9," ","-"," ",D9) -> CAP.1 - PRELIMINARES Y REPARACIONES
C10: =+B9+0.01 -> 1.01 | D10: =+VLOOKUP(C10,'[7]CANTIDADES DE OBRA'!$B:$E,2,FALSE) -> Desmonte de redes hidraulicas existentes (incluye manipulacion de cielo raso) | E10: =+VLOOKUP(C10,'[7]CANTIDADES DE OBRA'!$B:$E,3,FALSE) -> ML | F10: =+VLOOKUP(C10,'[7]CANTIDADES DE OBRA'!$B:$E,4,FALSE) -> 303.93 | G10: =+IFERROR(IF($Q$1="UNITARIOS",VLOOKUP(C10,C:Y,11,FALSE),VLOOKUP(C10,C:Y,12,FALSE)),0) -> 26726.63 | H10: =+ROUND(F10*G10,$Q$2) -> 8123025 | K10: =ROUND(F10*M10,$Q$2) -> 8123025 | L10: =ROUND(F10*N10,$Q$2) -> 8529175 | M10: =ROUND(VLOOKUP(C10,APUS!H:V,14,0),2) -> 26726.63 | N10: =ROUND(VLOOKUP(C10,APUS!I:V,13,0),2) -> 28062.96 | O10: =ROUND(VLOOKUP(C10,APUS!D:Z,23,0),2) -> 386810.65 | P10: =ROUND(VLOOKUP(C10,APUS!E:Z,22,0),2) -> 0 | Q10: =ROUND(VLOOKUP(C10,APUS!F:Z,21,0),2) -> 0 | R10: =ROUND(VLOOKUP(C10,APUS!G:Z,20,0),2) -> 7736214 | S10: =SUM(O10:R10) -> 8123024.6 | V10: =CONCATENATE(C10," ","-"," ",D10) -> 1.01 - Desmonte de redes hidraulicas existentes (incluye manipulacion de cielo raso)
C11: =+ROUNDUP(C10+0.01,2) -> 1.02 | D11: =+VLOOKUP(C11,'[7]CANTIDADES DE OBRA'!$B:$E,2,FALSE) -> Desmonte de redes sanitarias existentes (incluye manipulacion de cielo raso) | E11: =+VLOOKUP(C11,'[7]CANTIDADES DE OBRA'!$B:$E,3,FALSE) -> ML | F11: =+VLOOKUP(C11,'[7]CANTIDADES DE OBRA'!$B:$E,4,FALSE) -> 212.3 | G11: =+IFERROR(IF($Q$1="UNITARIOS",VLOOKUP(C11,C:Y,11,FALSE),VLOOKUP(C11,C:Y,12,FALSE)),0) -> 33408.29 | H11: =+ROUND(F11*G11,$Q$2) -> 7092580 | K11: =ROUND(F11*M11,$Q$2) -> 7092580 | L11: =ROUND(F11*N11,$Q$2) -> 7447208 | M11: =ROUND(VLOOKUP(C11,APUS!H:V,14,0),2) -> 33408.29 | N11: =ROUND(VLOOKUP(C11,APUS!I:V,13,0),2) -> 35078.7 | O11: =ROUND(VLOOKUP(C11,APUS!D:Z,23,0),2) -> 337741.91 | P11: =ROUND(VLOOKUP(C11,APUS!E:Z,22,0),2) -> 0 | Q11: =ROUND(VLOOKUP(C11,APUS!F:Z,21,0),2) -> 0 | R11: =ROUND(VLOOKUP(C11,APUS!G:Z,20,0),2) -> 6754837.6 | S11: =SUM(O11:R11) -> 7092579.5 | V11: =CONCATENATE(C11," ","-"," ",D11) -> 1.02 - Desmonte de redes sanitarias existentes (incluye manipulacion de cielo raso)
C12: =+ROUNDUP(C11+0.01,2) -> 1.03 | D12: =+VLOOKUP(C12,'[7]CANTIDADES DE OBRA'!$B:$E,2,FALSE) -> Demolicion de piso para instalacion de redes sanitarias y drenaje | E12: =+VLOOKUP(C12,'[7]CANTIDADES DE OBRA'!$B:$E,3,FALSE) -> M2 | F12: =+VLOOKUP(C12,'[7]CANTIDADES DE OBRA'!$B:$E,4,FALSE) -> 108.36 | G12: =+IFERROR(IF($Q$1="UNITARIOS",VLOOKUP(C12,C:Y,11,FALSE),VLOOKUP(C12,C:Y,12,FALSE)),0) -> 34431.21 | H12: =+ROUND(F12*G12,$Q$2) -> 3730966 | K12: =ROUND(F12*M12,$Q$2) -> 3730966 | L12: =ROUND(F12*N12,$Q$2) -> 3917514 | M12: =ROUND(VLOOKUP(C12,APUS!H:V,14,0),2) -> 34431.21 | N12: =ROUND(VLOOKUP(C12,APUS!I:V,13,0),2) -> 36152.77 | O12: =ROUND(VLOOKUP(C12,APUS!D:Z,23,0),2) -> 1145165.1 | P12: =ROUND(VLOOKUP(C12,APUS!E:Z,22,0),2) -> 0 | Q12: =ROUND(VLOOKUP(C12,APUS!F:Z,21,0),2) -> 0 | R12: =ROUND(VLOOKUP(C12,APUS!G:Z,20,0),2) -> 2585801.5 | S12: =SUM(O12:R12) -> 3730966.5 | V12: =CONCATENATE(C12," ","-"," ",D12) -> 1.03 - Demolicion de piso para instalacion de redes sanitarias y drenaje
C13: =+ROUNDUP(C12+0.01,2) -> 1.04 | D13: =+VLOOKUP(C13,'[7]CANTIDADES DE OBRA'!$B:$E,2,FALSE) -> Reparacion de piso para instalacion de redes sanitarias y drenaje | E13: =+VLOOKUP(C13,'[7]CANTIDADES DE OBRA'!$B:$E,3,FALSE) -> M2 | F13: =+VLOOKUP(C13,'[7]CANTIDADES DE OBRA'!$B:$E,4,FALSE) -> 88.98 | G13: =+IFERROR(IF($Q$1="UNITARIOS",VLOOKUP(C13,C:Y,11,FALSE),VLOOKUP(C13,C:Y,12,FALSE)),0) -> 167954.25 | H13: =+ROUND(F13*G13,$Q$2) -> 14944569 | K13: =ROUND(F13*M13,$Q$2) -> 14944569 | L13: =ROUND(F13*N13,$Q$2) -> 15691797 | M13: =ROUND(VLOOKUP(C13,APUS!H:V,14,0),2) -> 167954.25 | N13: =ROUND(VLOOKUP(C13,APUS!I:V,13,0),2) -> 176351.96 | O13: =ROUND(VLOOKUP(C13,APUS!D:Z,23,0),2) -> 79348.49 | P13: =ROUND(VLOOKUP(C13,APUS!E:Z,22,0),2) -> 13278251 | Q13: =ROUND(VLOOKUP(C13,APUS!F:Z,21,0),2) -> 0 | R13: =ROUND(VLOOKUP(C13,APUS!G:Z,20,0),2) -> 1586970.2 | S13: =SUM(O13:R13) -> 14944569 | V13: =CONCATENATE(C13," ","-"," ",D13) -> 1.04 - Reparacion de piso para instalacion de redes sanitarias y drenaje
C14: =+ROUNDUP(C13+0.01,2) -> 1.05 | D14: =+VLOOKUP(C14,'[7]CANTIDADES DE OBRA'!$B:$E,2,FALSE) -> Reparacion de regatas existentes | E14: =+VLOOKUP(C14,'[7]CANTIDADES DE OBRA'!$B:$E,3,FALSE) -> ML | F14: =+VLOOKUP(C14,'[7]CANTIDADES DE OBRA'!$B:$E,4,FALSE) -> 177.3 | G14: =+IFERROR(IF($Q$1="UNITARIOS",VLOOKUP(C14,C:Y,11,FALSE),VLOOKUP(C14,C:Y,12,FALSE)),0) -> 20358.03 | H14: =+ROUND(F14*G14,$Q$2) -> 3609479 | K14: =ROUND(F14*M14,$Q$2) -> 3609479 | L14: =ROUND(F14*N14,$Q$2) -> 3789952 | M14: =ROUND(VLOOKUP(C14,APUS!H:V,14,0),2) -> 20358.03 | N14: =ROUND(VLOOKUP(C14,APUS!I:V,13,0),2) -> 21375.93 | O14: =ROUND(VLOOKUP(C14,APUS!D:Z,23,0),2) -> 79054.26 | P14: =ROUND(VLOOKUP(C14,APUS!E:Z,22,0),2) -> 1949339 | Q14: =ROUND(VLOOKUP(C14,APUS!F:Z,21,0),2) -> 0 | R14: =ROUND(VLOOKUP(C14,APUS!G:Z,20,0),2) -> 1581084.6 | S14: =SUM(O14:R14) -> 3609477.9 | V14: =CONCATENATE(C14," ","-"," ",D14) -> 1.05 - Reparacion de regatas existentes
C15: =+ROUNDUP(C14+0.01,2) -> 1.06 | D15: =+VLOOKUP(C15,'[7]CANTIDADES DE OBRA'!$B:$E,2,FALSE) -> regatas para nuevas redes hidraulicas | E15: =+VLOOKUP(C15,'[7]CANTIDADES DE OBRA'!$B:$E,3,FALSE) -> ML | F15: =+VLOOKUP(C15,'[7]CANTIDADES DE OBRA'!$B:$E,4,FALSE) -> 67.7 | G15: =+IFERROR(IF($Q$1="UNITARIOS",VLOOKUP(C15,C:Y,11,FALSE),VLOOKUP(C15,C:Y,12,FALSE)),0) -> 15956.73 | H15: =+ROUND(F15*G15,$Q$2) -> 1080271 | K15: =ROUND(F15*M15,$Q$2) -> 1080271 | L15: =ROUND(F15*N15,$Q$2) -> 1134284 | M15: =ROUND(VLOOKUP(C15,APUS!H:V,14,0),2) -> 15956.73 | N15: =ROUND(VLOOKUP(C15,APUS!I:V,13,0),2) -> 16754.57 | O15: =ROUND(VLOOKUP(C15,APUS!D:Z,23,0),2) -> 30185.97 | P15: =ROUND(VLOOKUP(C15,APUS!E:Z,22,0),2) -> 446365.06 | Q15: =ROUND(VLOOKUP(C15,APUS!F:Z,21,0),2) -> 0 | R15: =ROUND(VLOOKUP(C15,APUS!G:Z,20,0),2) -> 603719.26 | S15: =SUM(O15:R15) -> 1080270.3 | V15: =CONCATENATE(C15," ","-"," ",D15) -> 1.06 - regatas para nuevas redes hidraulicas
C16: =+ROUNDUP(C15+0.01,2) -> 1.07 | D16: =+VLOOKUP(C16,'[7]CANTIDADES DE OBRA'!$B:$E,2,FALSE) -> Retiro de tuberias y materiales de desperdicio | E16: =+VLOOKUP(C16,'[7]CANTIDADES DE OBRA'!$B:$E,3,FALSE) -> GLB | F16: =+VLOOKUP(C16,'[7]CANTIDADES DE OBRA'!$B:$E,4,FALSE) -> 2 | G16: =+IFERROR(IF($Q$1="UNITARIOS",VLOOKUP(C16,C:Y,11,FALSE),VLOOKUP(C16,C:Y,12,FALSE)),0) -> 1300000 | H16: =+ROUND(F16*G16,$Q$2) -> 2600000 | K16: =ROUND(F16*M16,$Q$2) -> 2600000 | L16: =ROUND(F16*N16,$Q$2) -> 2730000 | M16: =ROUND(VLOOKUP(C16,APUS!H:V,14,0),2) -> 1300000 | N16: =ROUND(VLOOKUP(C16,APUS!I:V,13,0),2) -> 1365000 | O16: =ROUND(VLOOKUP(C16,APUS!D:Z,23,0),2) -> 0 | P16: =ROUND(VLOOKUP(C16,APUS!E:Z,22,0),2) -> 2600000 | Q16: =ROUND(VLOOKUP(C16,APUS!F:Z,21,0),2) -> 0 | R16: =ROUND(VLOOKUP(C16,APUS!G:Z,20,0),2) -> 0 | S16: =SUM(O16:R16) -> 2600000 | V16: =CONCATENATE(C16," ","-"," ",D16) -> 1.07 - Retiro de tuberias y materiales de desperdicio
B18: =+ROUNDUP(C16,0) -> 2 | C18: =+CONCATENATE("CAP.",B18) -> CAP.2 | D18: =+VLOOKUP(B18,'[7]CANTIDADES DE OBRA'!$B:$E,2,FALSE) -> RED HIDRAULICA | H18: =+SUM(H19:H58) -> 80133133 | K18: =+SUM(K19:K58) -> 80133133 | L18: =+SUM(L19:L58) -> 84139787 | O18: =+SUM(O19:O58) -> 433217.38 | P18: =+SUM(P19:P58) -> 70728302 | Q18: =+SUM(Q19:Q58) -> 307266.93 | R18: =+SUM(R19:R58) -> 8664346 | S18: =+SUM(S19:S58) -> 80133132 | V18: =CONCATENATE(C18," ","-"," ",D18) -> CAP.2 - RED HIDRAULICA
C19: =+B18+0.01 -> 2.01 | D19: =+VLOOKUP(C19,'[7]CANTIDADES DE OBRA'!$B:$E,2,FALSE) -> Tuberia PVC Ø1/2" | E19: =+VLOOKUP(C19,'[7]CANTIDADES DE OBRA'!$B:$E,3,FALSE) -> ML | F19: =+VLOOKUP(C19,'[7]CANTIDADES DE OBRA'!$B:$E,4,FALSE) -> 49.03 | G19: =+IFERROR(IF($Q$1="UNITARIOS",VLOOKUP(C19,C:Y,11,FALSE),VLOOKUP(C19,C:Y,12,FALSE)),0) -> 20082.18 | H19: =+ROUND(F19*G19,$Q$2) -> 984629 | K19: =ROUND(F19*M19,$Q$2) -> 984629 | L19: =ROUND(F19*N19,$Q$2) -> 1033861 | M19: =ROUND(VLOOKUP(C19,APUS!H:V,14,0),2) -> 20082.18 | N19: =ROUND(VLOOKUP(C19,APUS!I:V,13,0),2) -> 21086.29 | O19: =ROUND(VLOOKUP(C19,APUS!D:Z,23,0),2) -> 28621.56 | P19: =ROUND(VLOOKUP(C19,APUS!E:Z,22,0),2) -> 366552.03 | Q19: =ROUND(VLOOKUP(C19,APUS!F:Z,21,0),2) -> 17024.28 | R19: =ROUND(VLOOKUP(C19,APUS!G:Z,20,0),2) -> 572431.13 | S19: =SUM(O19:R19) -> 984629 | V19: =CONCATENATE(C19," ","-"," ",D19) -> 2.01 - Tuberia PVC Ø1/2"
C20: =+ROUNDUP(C19+0.01,2) -> 2.02 | D20: =+VLOOKUP(C20,'[7]CANTIDADES DE OBRA'!$B:$E,2,FALSE) -> Tuberia PVC Ø3/4" | E20: =+VLOOKUP(C20,'[7]CANTIDADES DE OBRA'!$B:$E,3,FALSE) -> ML | F20: =+VLOOKUP(C20,'[7]CANTIDADES DE OBRA'!$B:$E,4,FALSE) -> 92.9 | G20: =+IFERROR(IF($Q$1="UNITARIOS",VLOOKUP(C20,C:Y,11,FALSE),VLOOKUP(C20,C:Y,12,FALSE)),0) -> 21841.85 | H20: =+ROUND(F20*G20,$Q$2) -> 2029108 | K20: =ROUND(F20*M20,$Q$2) -> 2029108 | L20: =ROUND(F20*N20,$Q$2) -> 2130563 | M20: =ROUND(VLOOKUP(C20,APUS!H:V,14,0),2) -> 21841.85 | N20: =ROUND(VLOOKUP(C20,APUS!I:V,13,0),2) -> 22933.94 | O20: =ROUND(VLOOKUP(C20,APUS!D:Z,23,0),2) -> 54230.93 | P20: =ROUND(VLOOKUP(C20,APUS!E:Z,22,0),2) -> 858000.84 | Q20: =ROUND(VLOOKUP(C20,APUS!F:Z,21,0),2) -> 32256.9 | R20: =ROUND(VLOOKUP(C20,APUS!G:Z,20,0),2) -> 1084618.6 | S20: =SUM(O20:R20) -> 2029107.3 | V20: =CONCATENATE(C20," ","-"," ",D20) -> 2.02 - Tuberia PVC Ø3/4"
C21: =+ROUNDUP(C20+0.01,2) -> 2.03 | D21: =+VLOOKUP(C21,'[7]CANTIDADES DE OBRA'!$B:$E,2,FALSE) -> Tuberia PVC Ø1" | E21: =+VLOOKUP(C21,'[7]CANTIDADES DE OBRA'!$B:$E,3,FALSE) -> ML | F21: =+VLOOKUP(C21,'[7]CANTIDADES DE OBRA'!$B:$E,4,FALSE) -> 28.6 | G21: =+IFERROR(IF($Q$1="UNITARIOS",VLOOKUP(C21,C:Y,11,FALSE),VLOOKUP(C21,C:Y,12,FALSE)),0) -> 26477.9 | H21: =+ROUND(F21*G21,$Q$2) -> 757268 | K21: =ROUND(F21*M21,$Q$2) -> 757268 | L21: =ROUND(F21*N21,$Q$2) -> 795131 | M21: =ROUND(VLOOKUP(C21,APUS!H:V,14,0),2) -> 26477.9 | N21: =ROUND(VLOOKUP(C21,APUS!I:V,13,0),2) -> 27801.8 | O21: =ROUND(VLOOKUP(C21,APUS!D:Z,23,0),2) -> 16695.42 | P21: =ROUND(VLOOKUP(C21,APUS!E:Z,22,0),2) -> 396733.56 | Q21: =ROUND(VLOOKUP(C21,APUS!F:Z,21,0),2) -> 9930.54 | R21: =ROUND(VLOOKUP(C21,APUS!G:Z,20,0),2) -> 333908.43 | S21: =SUM(O21:R21) -> 757267.95 | V21: =CONCATENATE(C21," ","-"," ",D21) -> 2.03 - Tuberia PVC Ø1"
C22: =+ROUNDUP(C21+0.01,2) -> 2.04 | D22: =+VLOOKUP(C22,'[7]CANTIDADES DE OBRA'!$B:$E,2,FALSE) -> Tuberia PVC Ø1_1/4" | E22: =+VLOOKUP(C22,'[7]CANTIDADES DE OBRA'!$B:$E,3,FALSE) -> ML | F22: =+VLOOKUP(C22,'[7]CANTIDADES DE OBRA'!$B:$E,4,FALSE) -> 58.65 | G22: =+IFERROR(IF($Q$1="UNITARIOS",VLOOKUP(C22,C:Y,11,FALSE),VLOOKUP(C22,C:Y,12,FALSE)),0) -> 29315.98 | H22: =+ROUND(F22*G22,$Q$2) -> 1719382 | K22: =ROUND(F22*M22,$Q$2) -> 1719382 | L22: =ROUND(F22*N22,$Q$2) -> 1805351 | M22: =ROUND(VLOOKUP(C22,APUS!H:V,14,0),2) -> 29315.98 | N22: =ROUND(VLOOKUP(C22,APUS!I:V,13,0),2) -> 30781.78 | O22: =ROUND(VLOOKUP(C22,APUS!D:Z,23,0),2) -> 35663.83 | P22: =ROUND(VLOOKUP(C22,APUS!E:Z,22,0),2) -> 950077.38 | Q22: =ROUND(VLOOKUP(C22,APUS!F:Z,21,0),2) -> 20364.56 | R22: =ROUND(VLOOKUP(C22,APUS!G:Z,20,0),2) -> 713276.86 | S22: =SUM(O22:R22) -> 1719382.6 | V22: =CONCATENATE(C22," ","-"," ",D22) -> 2.04 - Tuberia PVC Ø1_1/4"
C23: =+ROUNDUP(C22+0.01,2) -> 2.05 | D23: =+VLOOKUP(C23,'[7]CANTIDADES DE OBRA'!$B:$E,2,FALSE) -> Tuberia PVC Ø1_1/2" | E23: =+VLOOKUP(C23,'[7]CANTIDADES DE OBRA'!$B:$E,3,FALSE) -> ML | F23: =+VLOOKUP(C23,'[7]CANTIDADES DE OBRA'!$B:$E,4,FALSE) -> 52 | G23: =+IFERROR(IF($Q$1="UNITARIOS",VLOOKUP(C23,C:Y,11,FALSE),VLOOKUP(C23,C:Y,12,FALSE)),0) -> 33498.31 | H23: =+ROUND(F23*G23,$Q$2) -> 1741912 | K23: =ROUND(F23*M23,$Q$2) -> 1741912 | L23: =ROUND(F23*N23,$Q$2) -> 1829008 | M23: =ROUND(VLOOKUP(C23,APUS!H:V,14,0),2) -> 33498.31 | N23: =ROUND(VLOOKUP(C23,APUS!I:V,13,0),2) -> 35173.23 | O23: =ROUND(VLOOKUP(C23,APUS!D:Z,23,0),2) -> 32994.91 | P23: =ROUND(VLOOKUP(C23,APUS!E:Z,22,0),2) -> 1030963.6 | Q23: =ROUND(VLOOKUP(C23,APUS!F:Z,21,0),2) -> 18055.53 | R23: =ROUND(VLOOKUP(C23,APUS!G:Z,20,0),2) -> 659898.09 | S23: =SUM(O23:R23) -> 1741912.1 | V23: =CONCATENATE(C23," ","-"," ",D23) -> 2.05 - Tuberia PVC Ø1_1/2"
C24: =+ROUNDUP(C23+0.01,2) -> 2.06 | D24: =+VLOOKUP(C24,'[7]CANTIDADES DE OBRA'!$B:$E,2,FALSE) -> Tuberia PVC Ø2" | E24: =+VLOOKUP(C24,'[7]CANTIDADES DE OBRA'!$B:$E,3,FALSE) -> ML | F24: =+VLOOKUP(C24,'[7]CANTIDADES DE OBRA'!$B:$E,4,FALSE) -> 10.5 | G24: =+IFERROR(IF($Q$1="UNITARIOS",VLOOKUP(C24,C:Y,11,FALSE),VLOOKUP(C24,C:Y,12,FALSE)),0) -> 43451.51 | H24: =+ROUND(F24*G24,$Q$2) -> 456241 | K24: =ROUND(F24*M24,$Q$2) -> 456241 | L24: =ROUND(F24*N24,$Q$2) -> 479053 | M24: =ROUND(VLOOKUP(C24,APUS!H:V,14,0),2) -> 43451.51 | N24: =ROUND(VLOOKUP(C24,APUS!I:V,13,0),2) -> 45624.09 | O24: =ROUND(VLOOKUP(C24,APUS!D:Z,23,0),2) -> 6965.27 | P24: =ROUND(VLOOKUP(C24,APUS!E:Z,22,0),2) -> 306324.39 | Q24: =ROUND(VLOOKUP(C24,APUS!F:Z,21,0),2) -> 3645.83 | R24: =ROUND(VLOOKUP(C24,APUS!G:Z,20,0),2) -> 139305.41 | S24: =SUM(O24:R24) -> 456240.9 | V24: =CONCATENATE(C24," ","-"," ",D24) -> 2.06 - Tuberia PVC Ø2"
C25: =+ROUNDUP(C24+0.01,2) -> 2.07 | D25: =+VLOOKUP(C25,'[7]CANTIDADES DE OBRA'!$B:$E,2,FALSE) -> Tuberia PVC Ø2_1/2" | E25: =+VLOOKUP(C25,'[7]CANTIDADES DE OBRA'!$B:$E,3,FALSE) -> ML | F25: =+VLOOKUP(C25,'[7]CANTIDADES DE OBRA'!$B:$E,4,FALSE) -> 7 | G25: =+IFERROR(IF($Q$1="UNITARIOS",VLOOKUP(C25,C:Y,11,FALSE),VLOOKUP(C25,C:Y,12,FALSE)),0) -> 67672.93 | H25: =+ROUND(F25*G25,$Q$2) -> 473711 | K25: =ROUND(F25*M25,$Q$2) -> 473711 | L25: =ROUND(F25*N25,$Q$2) -> 497396 | M25: =ROUND(VLOOKUP(C25,APUS!H:V,14,0),2) -> 67672.93 | N25: =ROUND(VLOOKUP(C25,APUS!I:V,13,0),2) -> 71056.58 | O25: =ROUND(VLOOKUP(C25,APUS!D:Z,23,0),2) -> 5107.87 | P25: =ROUND(VLOOKUP(C25,APUS!E:Z,22,0),2) -> 364014.76 | Q25: =ROUND(VLOOKUP(C25,APUS!F:Z,21,0),2) -> 2430.55 | R25: =ROUND(VLOOKUP(C25,APUS!G:Z,20,0),2) -> 102157.3 | S25: =SUM(O25:R25) -> 473710.48 | V25: =CONCATENATE(C25," ","-"," ",D25) -> 2.07 - Tuberia PVC Ø2_1/2"
C26: =+ROUNDUP(C25+0.01,2) -> 2.08 | D26: =+VLOOKUP(C26,'[7]CANTIDADES DE OBRA'!$B:$E,2,FALSE) -> Tuberia PVC Ø3" | E26: =+VLOOKUP(C26,'[7]CANTIDADES DE OBRA'!$B:$E,3,FALSE) -> ML | F26: =+VLOOKUP(C26,'[7]CANTIDADES DE OBRA'!$B:$E,4,FALSE) -> 5.25 | G26: =+IFERROR(IF($Q$1="UNITARIOS",VLOOKUP(C26,C:Y,11,FALSE),VLOOKUP(C26,C:Y,12,FALSE)),0) -> 75615.5 | H26: =+ROUND(F26*G26,$Q$2) -> 396981 | K26: =ROUND(F26*M26,$Q$2) -> 396981 | L26: =ROUND(F26*N26,$Q$2) -> 416830 | M26: =ROUND(VLOOKUP(C26,APUS!H:V,14,0),2) -> 75615.5 | N26: =ROUND(VLOOKUP(C26,APUS!I:V,13,0),2) -> 79396.28 | O26: =ROUND(VLOOKUP(C26,APUS!D:Z,23,0),2) -> 3830.9 | P26: =ROUND(VLOOKUP(C26,APUS!E:Z,22,0),2) -> 314709.57 | Q26: =ROUND(VLOOKUP(C26,APUS!F:Z,21,0),2) -> 1822.91 | R26: =ROUND(VLOOKUP(C26,APUS!G:Z,20,0),2) -> 76617.98 | S26: =SUM(O26:R26) -> 396981.36 | V26: =CONCATENATE(C26," ","-"," ",D26) -> 2.08 - Tuberia PVC Ø3"
C27: =+ROUNDUP(C26+0.01,2) -> 2.09 | D27: =+VLOOKUP(C27,'[7]CANTIDADES DE OBRA'!$B:$E,2,FALSE) -> Codo 90° PVC Ø1/2" | E27: =+VLOOKUP(C27,'[7]CANTIDADES DE OBRA'!$B:$E,3,FALSE) -> UND | F27: =+VLOOKUP(C27,'[7]CANTIDADES DE OBRA'!$B:$E,4,FALSE) -> 50 | G27: =+IFERROR(IF($Q$1="UNITARIOS",VLOOKUP(C27,C:Y,11,FALSE),VLOOKUP(C27,C:Y,12,FALSE)),0) -> 8151.8 | H27: =+ROUND(F27*G27,$Q$2) -> 407590 | K27: =ROUND(F27*M27,$Q$2) -> 407590 | L27: =ROUND(F27*N27,$Q$2) -> 427970 | M27: =ROUND(VLOOKUP(C27,APUS!H:V,14,0),2) -> 8151.8 | N27: =ROUND(VLOOKUP(C27,APUS!I:V,13,0),2) -> 8559.39 | O27: =ROUND(VLOOKUP(C27,APUS!D:Z,23,0),2) -> 13947.43 | P27: =ROUND(VLOOKUP(C27,APUS!E:Z,22,0),2) -> 97332.91 | Q27: =ROUND(VLOOKUP(C27,APUS!F:Z,21,0),2) -> 17361.09 | R27: =ROUND(VLOOKUP(C27,APUS!G:Z,20,0),2) -> 278948.33 | S27: =SUM(O27:R27) -> 407589.76 | V27: =CONCATENATE(C27," ","-"," ",D27) -> 2.09 - Codo 90° PVC Ø1/2"
C28: =+ROUNDUP(C27+0.01,2) -> 2.1 | D28: =+VLOOKUP(C28,'[7]CANTIDADES DE OBRA'!$B:$E,2,FALSE) -> Codo 90° PVC Ø3/4" | E28: =+VLOOKUP(C28,'[7]CANTIDADES DE OBRA'!$B:$E,3,FALSE) -> UND | F28: =+VLOOKUP(C28,'[7]CANTIDADES DE OBRA'!$B:$E,4,FALSE) -> 29 | G28: =+IFERROR(IF($Q$1="UNITARIOS",VLOOKUP(C28,C:Y,11,FALSE),VLOOKUP(C28,C:Y,12,FALSE)),0) -> 8669.8 | H28: =+ROUND(F28*G28,$Q$2) -> 251424 | K28: =ROUND(F28*M28,$Q$2) -> 251424 | L28: =ROUND(F28*N28,$Q$2) -> 263995 | M28: =ROUND(VLOOKUP(C28,APUS!H:V,14,0),2) -> 8669.8 | N28: =ROUND(VLOOKUP(C28,APUS!I:V,13,0),2) -> 9103.29 | O28: =ROUND(VLOOKUP(C28,APUS!D:Z,23,0),2) -> 8089.51 | P28: =ROUND(VLOOKUP(C28,APUS!E:Z,22,0),2) -> 71475.09 | Q28: =ROUND(VLOOKUP(C28,APUS!F:Z,21,0),2) -> 10069.43 | R28: =ROUND(VLOOKUP(C28,APUS!G:Z,20,0),2) -> 161790.03 | S28: =SUM(O28:R28) -> 251424.06 | V28: =CONCATENATE(C28," ","-"," ",D28) -> 2.1 - Codo 90° PVC Ø3/4"
C29: =+ROUNDUP(C28+0.01,2) -> 2.11 | D29: =+VLOOKUP(C29,'[7]CANTIDADES DE OBRA'!$B:$E,2,FALSE) -> Tee PVC Ø3/4" | E29: =+VLOOKUP(C29,'[7]CANTIDADES DE OBRA'!$B:$E,3,FALSE) -> UND | F29: =+VLOOKUP(C29,'[7]CANTIDADES DE OBRA'!$B:$E,4,FALSE) -> 24 | G29: =+IFERROR(IF($Q$1="UNITARIOS",VLOOKUP(C29,C:Y,11,FALSE),VLOOKUP(C29,C:Y,12,FALSE)),0) -> 9210.8 | H29: =+ROUND(F29*G29,$Q$2) -> 221059 | K29: =ROUND(F29*M29,$Q$2) -> 221059 | L29: =ROUND(F29*N29,$Q$2) -> 232112 | M29: =ROUND(VLOOKUP(C29,APUS!H:V,14,0),2) -> 9210.8 | N29: =ROUND(VLOOKUP(C29,APUS!I:V,13,0),2) -> 9671.34 | O29: =ROUND(VLOOKUP(C29,APUS!D:Z,23,0),2) -> 6694.76 | P29: =ROUND(VLOOKUP(C29,APUS!E:Z,22,0),2) -> 72135.8 | Q29: =ROUND(VLOOKUP(C29,APUS!F:Z,21,0),2) -> 8333.32 | R29: =ROUND(VLOOKUP(C29,APUS!G:Z,20,0),2) -> 133895.2 | S29: =SUM(O29:R29) -> 221059.08 | V29: =CONCATENATE(C29," ","-"," ",D29) -> 2.11 - Tee PVC Ø3/4"
C30: =+ROUNDUP(C29+0.01,2) -> 2.12 | D30: =+VLOOKUP(C30,'[7]CANTIDADES DE OBRA'!$B:$E,2,FALSE) -> Codo 90° PVC Ø1" | E30: =+VLOOKUP(C30,'[7]CANTIDADES DE OBRA'!$B:$E,3,FALSE) -> UND | F30: =+VLOOKUP(C30,'[7]CANTIDADES DE OBRA'!$B:$E,4,FALSE) -> 27 | G30: =+IFERROR(IF($Q$1="UNITARIOS",VLOOKUP(C30,C:Y,11,FALSE),VLOOKUP(C30,C:Y,12,FALSE)),0) -> 9987.8 | H30: =+ROUND(F30*G30,$Q$2) -> 269671 | K30: =ROUND(F30*M30,$Q$2) -> 269671 | L30: =ROUND(F30*N30,$Q$2) -> 283154 | M30: =ROUND(VLOOKUP(C30,APUS!H:V,14,0),2) -> 9987.8 | N30: =ROUND(VLOOKUP(C30,APUS!I:V,13,0),2) -> 10487.19 | O30: =ROUND(VLOOKUP(C30,APUS!D:Z,23,0),2) -> 7531.61 | P30: =ROUND(VLOOKUP(C30,APUS!E:Z,22,0),2) -> 102131.77 | Q30: =ROUND(VLOOKUP(C30,APUS!F:Z,21,0),2) -> 9374.99 | R30: =ROUND(VLOOKUP(C30,APUS!G:Z,20,0),2) -> 150632.1 | S30: =SUM(O30:R30) -> 269670.47 | V30: =CONCATENATE(C30," ","-"," ",D30) -> 2.12 - Codo 90° PVC Ø1"
C31: =+ROUNDUP(C30+0.01,2) -> 2.13 | D31: =+VLOOKUP(C31,'[7]CANTIDADES DE OBRA'!$B:$E,2,FALSE) -> Codo 90° PVC Ø1_1/4" | E31: =+VLOOKUP(C31,'[7]CANTIDADES DE OBRA'!$B:$E,3,FALSE) -> UND | F31: =+VLOOKUP(C31,'[7]CANTIDADES DE OBRA'!$B:$E,4,FALSE) -> 28 | G31: =+IFERROR(IF($Q$1="UNITARIOS",VLOOKUP(C31,C:Y,11,FALSE),VLOOKUP(C31,C:Y,12,FALSE)),0) -> 12472.8 | H31: =+ROUND(F31*G31,$Q$2) -> 349238 | K31: =ROUND(F31*M31,$Q$2) -> 349238 | L31: =ROUND(F31*N31,$Q$2) -> 366700 | M31: =ROUND(VLOOKUP(C31,APUS!H:V,14,0),2) -> 12472.8 | N31: =ROUND(VLOOKUP(C31,APUS!I:V,13,0),2) -> 13096.44 | O31: =ROUND(VLOOKUP(C31,APUS!D:Z,23,0),2) -> 7810.56 | P31: =ROUND(VLOOKUP(C31,APUS!E:Z,22,0),2) -> 175494.43 | Q31: =ROUND(VLOOKUP(C31,APUS!F:Z,21,0),2) -> 9722.21 | R31: =ROUND(VLOOKUP(C31,APUS!G:Z,20,0),2) -> 156211.07 | S31: =SUM(O31:R31) -> 349238.27 | V31: =CONCATENATE(C31," ","-"," ",D31) -> 2.13 - Codo 90° PVC Ø1_1/4"
... C57: =+ROUNDUP(C56+0.01,2) -> 2.39 | D57: =+VLOOKUP(C57,'[7]CANTIDADES DE OBRA'!$B:$E,2,FALSE) -> Suministro e instalacion de equipo de bombeo (bombas de alta presión con motor eléctrico 7,5 HP y hidroacumulador HI PRESS 750 Litros) | E57: =+VLOOKUP(C57,'[7]CANTIDADES DE OBRA'!$B:$E,3,FALSE) -> UND | F57: =+VLOOKUP(C57,'[7]CANTIDADES DE OBRA'!$B:$E,4,FALSE) -> 1 | G57: =+IFERROR(IF($Q$1="UNITARIOS",VLOOKUP(C57,C:Y,11,FALSE),VLOOKUP(C57,C:Y,12,FALSE)),0) -> 32278889 | H57: =+ROUND(F57*G57,$Q$2) -> 32278889 | K57: =ROUND(F57*M57,$Q$2) -> 32278889 | L57: =ROUND(F57*N57,$Q$2) -> 33892833 | M57: =ROUND(VLOOKUP(C57,APUS!H:V,14,0),2) -> 32278889 | N57: =ROUND(VLOOKUP(C57,APUS!I:V,13,0),2) -> 33892833 | O57: =ROUND(VLOOKUP(C57,APUS!D:Z,23,0),2) -> 43786.08 | P57: =ROUND(VLOOKUP(C57,APUS!E:Z,22,0),2) -> 31355909 | Q57: =ROUND(VLOOKUP(C57,APUS!F:Z,21,0),2) -> 3472.22 | R57: =ROUND(VLOOKUP(C57,APUS!G:Z,20,0),2) -> 875721.57 | S57: =SUM(O57:R57) -> 32278889 | V57: =CONCATENATE(C57," ","-"," ",D57) -> 2.39 - Suministro e instalacion de equipo de bombeo (bombas de alta presión con motor eléctrico 7,5 HP y hidroacumulador HI PRESS 750 Litros)
B59: =+ROUNDUP(C57,0) -> 3 | C59: =+CONCATENATE("CAP.",B59) -> CAP.3 | D59: =+VLOOKUP(B59,'[7]CANTIDADES DE OBRA'!$B:$E,2,FALSE) -> RED CONTRAINCENDIOS | H59: =+SUM(H60:H88) -> 419020032 | K59: =+SUM(K60:K88) -> 419020032 | L59: =+SUM(L60:L88) -> 439971022 | O59: =+SUM(O60:O88) -> 2833946.1 | P59: =+SUM(P60:P88) -> 3.5771651e+08 | Q59: =+SUM(Q60:Q88) -> 1790650.3 | R59: =+SUM(R60:R88) -> 56678921 | S59: =+SUM(S60:S88) -> 4.1902003e+08 | V59: =CONCATENATE(C59," ","-"," ",D59) -> CAP.3 - RED CONTRAINCENDIOS
C60: =+B59+0.01 -> 3.01 | D60: =+VLOOKUP(C60,'[7]CANTIDADES DE OBRA'!$B:$E,2,FALSE) -> Tuberia C-PVC BLAZEMASTER Ø3" | E60: =+VLOOKUP(C60,'[7]CANTIDADES DE OBRA'!$B:$E,3,FALSE) -> ML | F60: =+VLOOKUP(C60,'[7]CANTIDADES DE OBRA'!$B:$E,4,FALSE) -> 105.5 | G60: =+IFERROR(IF($Q$1="UNITARIOS",VLOOKUP(C60,C:Y,11,FALSE),VLOOKUP(C60,C:Y,12,FALSE)),0) -> 427061.38 | H60: =+ROUND(F60*G60,$Q$2) -> 45054976 | K60: =ROUND(F60*M60,$Q$2) -> 45054976 | L60: =ROUND(F60*N60,$Q$2) -> 47307724 | M60: =ROUND(VLOOKUP(C60,APUS!H:V,14,0),2) -> 427061.38 | N60: =ROUND(VLOOKUP(C60,APUS!I:V,13,0),2) -> 448414.45 | O60: =ROUND(VLOOKUP(C60,APUS!D:Z,23,0),2) -> 61586.26 | P60: =ROUND(VLOOKUP(C60,APUS!E:Z,22,0),2) -> 43725032 | Q60: =ROUND(VLOOKUP(C60,APUS!F:Z,21,0),2) -> 36631.89 | R60: =ROUND(VLOOKUP(C60,APUS!G:Z,20,0),2) -> 1231725.2 | S60: =SUM(O60:R60) -> 45054975 | V60: =CONCATENATE(C60," ","-"," ",D60) -> 3.01 - Tuberia C-PVC BLAZEMASTER Ø3"
C61: =+ROUNDUP(C60+0.01,2) -> 3.02 | D61: =+VLOOKUP(C61,'[7]CANTIDADES DE OBRA'!$B:$E,2,FALSE) -> Tuberia C-PVC BLAZEMASTER Ø1" | E61: =+VLOOKUP(C61,'[7]CANTIDADES DE OBRA'!$B:$E,3,FALSE) -> ML | F61: =+VLOOKUP(C61,'[7]CANTIDADES DE OBRA'!$B:$E,4,FALSE) -> 75.04 | G61: =+IFERROR(IF($Q$1="UNITARIOS",VLOOKUP(C61,C:Y,11,FALSE),VLOOKUP(C61,C:Y,12,FALSE)),0) -> 69178.23 | H61: =+ROUND(F61*G61,$Q$2) -> 5191134 | K61: =ROUND(F61*M61,$Q$2) -> 5191134 | L61: =ROUND(F61*N61,$Q$2) -> 5450691 | M61: =ROUND(VLOOKUP(C61,APUS!H:V,14,0),2) -> 69178.23 | N61: =ROUND(VLOOKUP(C61,APUS!I:V,13,0),2) -> 72637.14 | O61: =ROUND(VLOOKUP(C61,APUS!D:Z,23,0),2) -> 43805.05 | P61: =ROUND(VLOOKUP(C61,APUS!E:Z,22,0),2) -> 4245172.7 | Q61: =ROUND(VLOOKUP(C61,APUS!F:Z,21,0),2) -> 26055.52 | R61: =ROUND(VLOOKUP(C61,APUS!G:Z,20,0),2) -> 876101 | S61: =SUM(O61:R61) -> 5191134.2 | V61: =CONCATENATE(C61," ","-"," ",D61) -> 3.02 - Tuberia C-PVC BLAZEMASTER Ø1"
C62: =+ROUNDUP(C61+0.01,2) -> 3.03 | D62: =+VLOOKUP(C62,'[7]CANTIDADES DE OBRA'!$B:$E,2,FALSE) -> Tuberia Acero Galvanizado Ø3" | E62: =+VLOOKUP(C62,'[7]CANTIDADES DE OBRA'!$B:$E,3,FALSE) -> ML | F62: =+VLOOKUP(C62,'[7]CANTIDADES DE OBRA'!$B:$E,4,FALSE) -> 411.42 | G62: =+IFERROR(IF($Q$1="UNITARIOS",VLOOKUP(C62,C:Y,11,FALSE),VLOOKUP(C62,C:Y,12,FALSE)),0) -> 232598.68 | H62: =+ROUND(F62*G62,$Q$2) -> 95695749 | K62: =ROUND(F62*M62,$Q$2) -> 95695749 | L62: =ROUND(F62*N62,$Q$2) -> 100480535 | M62: =ROUND(VLOOKUP(C62,APUS!H:V,14,0),2) -> 232598.68 | N62: =ROUND(VLOOKUP(C62,APUS!I:V,13,0),2) -> 244228.61 | O62: =ROUND(VLOOKUP(C62,APUS!D:Z,23,0),2) -> 400281.42 | P62: =ROUND(VLOOKUP(C62,APUS!E:Z,22,0),2) -> 87146984 | Q62: =ROUND(VLOOKUP(C62,APUS!F:Z,21,0),2) -> 142853.97 | R62: =ROUND(VLOOKUP(C62,APUS!G:Z,20,0),2) -> 8005629.8 | S62: =SUM(O62:R62) -> 95695750 | V62: =CONCATENATE(C62," ","-"," ",D62) -> 3.03 - Tuberia Acero Galvanizado Ø3"
C63: =+ROUNDUP(C62+0.01,2) -> 3.04 | D63: =+VLOOKUP(C63,'[7]CANTIDADES DE OBRA'!$B:$E,2,FALSE) -> Tuberia Acero Galvanizado Ø1" | E63: =+VLOOKUP(C63,'[7]CANTIDADES DE OBRA'!$B:$E,3,FALSE) -> ML | F63: =+VLOOKUP(C63,'[7]CANTIDADES DE OBRA'!$B:$E,4,FALSE) -> 344.82 | G63: =+IFERROR(IF($Q$1="UNITARIOS",VLOOKUP(C63,C:Y,11,FALSE),VLOOKUP(C63,C:Y,12,FALSE)),0) -> 68907.18 | H63: =+ROUND(F63*G63,$Q$2) -> 23760574 | K63: =ROUND(F63*M63,$Q$2) -> 23760574 | L63: =ROUND(F63*N63,$Q$2) -> 24948603 | M63: =ROUND(VLOOKUP(C63,APUS!H:V,14,0),2) -> 68907.18 | N63: =ROUND(VLOOKUP(C63,APUS!I:V,13,0),2) -> 72352.54 | O63: =ROUND(VLOOKUP(C63,APUS!D:Z,23,0),2) -> 335484.52 | P63: =ROUND(VLOOKUP(C63,APUS!E:Z,22,0),2) -> 16595669 | Q63: =ROUND(VLOOKUP(C63,APUS!F:Z,21,0),2) -> 119729 | R63: =ROUND(VLOOKUP(C63,APUS!G:Z,20,0),2) -> 6709691.5 | S63: =SUM(O63:R63) -> 23760574 | V63: =CONCATENATE(C63," ","-"," ",D63) -> 3.04 - Tuberia Acero Galvanizado Ø1"
C64: =+ROUNDUP(C63+0.01,2) -> 3.05 | D64: =+VLOOKUP(C64,'[7]CANTIDADES DE OBRA'!$B:$E,2,FALSE) -> Codo 90° C-PVC Ø3" | E64: =+VLOOKUP(C64,'[7]CANTIDADES DE OBRA'!$B:$E,3,FALSE) -> UND | F64: =+VLOOKUP(C64,'[7]CANTIDADES DE OBRA'!$B:$E,4,FALSE) -> 12 | G64: =+IFERROR(IF($Q$1="UNITARIOS",VLOOKUP(C64,C:Y,11,FALSE),VLOOKUP(C64,C:Y,12,FALSE)),0) -> 160305 | H64: =+ROUND(F64*G64,$Q$2) -> 1923660 | K64: =ROUND(F64*M64,$Q$2) -> 1923660 | L64: =ROUND(F64*N64,$Q$2) -> 2019843 | M64: =ROUND(VLOOKUP(C64,APUS!H:V,14,0),2) -> 160305 | N64: =ROUND(VLOOKUP(C64,APUS!I:V,13,0),2) -> 168320.25 | O64: =ROUND(VLOOKUP(C64,APUS!D:Z,23,0),2) -> 11675.12 | P64: =ROUND(VLOOKUP(C64,APUS!E:Z,22,0),2) -> 1674315.8 | Q64: =ROUND(VLOOKUP(C64,APUS!F:Z,21,0),2) -> 4166.66 | R64: =ROUND(VLOOKUP(C64,APUS!G:Z,20,0),2) -> 233502.4 | S64: =SUM(O64:R64) -> 1923660 | V64: =CONCATENATE(C64," ","-"," ",D64) -> 3.05 - Codo 90° C-PVC Ø3"
C65: =+ROUNDUP(C64+0.01,2) -> 3.06 | D65: =+VLOOKUP(C65,'[7]CANTIDADES DE OBRA'!$B:$E,2,FALSE) -> Tee C-PVC Ø3" | E65: =+VLOOKUP(C65,'[7]CANTIDADES DE OBRA'!$B:$E,3,FALSE) -> UND | F65: =+VLOOKUP(C65,'[7]CANTIDADES DE OBRA'!$B:$E,4,FALSE) -> 37 | G65: =+IFERROR(IF($Q$1="UNITARIOS",VLOOKUP(C65,C:Y,11,FALSE),VLOOKUP(C65,C:Y,12,FALSE)),0) -> 611963 | H65: =+ROUND(F65*G65,$Q$2) -> 22642631 | K65: =ROUND(F65*M65,$Q$2) -> 22642631 | L65: =ROUND(F65*N65,$Q$2) -> 23774763 | M65: =ROUND(VLOOKUP(C65,APUS!H:V,14,0),2) -> 611963 | N65: =ROUND(VLOOKUP(C65,APUS!I:V,13,0),2) -> 642561.15 | O65: =ROUND(VLOOKUP(C65,APUS!D:Z,23,0),2) -> 35998.28 | P65: =ROUND(VLOOKUP(C65,APUS!E:Z,22,0),2) -> 21873820 | Q65: =ROUND(VLOOKUP(C65,APUS!F:Z,21,0),2) -> 12847.2 | R65: =ROUND(VLOOKUP(C65,APUS!G:Z,20,0),2) -> 719965.73 | S65: =SUM(O65:R65) -> 22642631 | V65: =CONCATENATE(C65," ","-"," ",D65) -> 3.06 - Tee C-PVC Ø3"
C66: =+ROUNDUP(C65+0.01,2) -> 3.07 | D66: =+VLOOKUP(C66,'[7]CANTIDADES DE OBRA'!$B:$E,2,FALSE) -> Reduccion C-PVC Ø3" a Ø1" | E66: =+VLOOKUP(C66,'[7]CANTIDADES DE OBRA'!$B:$E,3,FALSE) -> UND | F66: =+VLOOKUP(C66,'[7]CANTIDADES DE OBRA'!$B:$E,4,FALSE) -> 24 | G66: =+IFERROR(IF($Q$1="UNITARIOS",VLOOKUP(C66,C:Y,11,FALSE),VLOOKUP(C66,C:Y,12,FALSE)),0) -> 182042 | H66: =+ROUND(F66*G66,$Q$2) -> 4369008 | K66: =ROUND(F66*M66,$Q$2) -> 4369008 | L66: =ROUND(F66*N66,$Q$2) -> 4587458 | M66: =ROUND(VLOOKUP(C66,APUS!H:V,14,0),2) -> 182042 | N66: =ROUND(VLOOKUP(C66,APUS!I:V,13,0),2) -> 191144.1 | O66: =ROUND(VLOOKUP(C66,APUS!D:Z,23,0),2) -> 23350.24 | P66: =ROUND(VLOOKUP(C66,APUS!E:Z,22,0),2) -> 3870319.6 | Q66: =ROUND(VLOOKUP(C66,APUS!F:Z,21,0),2) -> 8333.32 | R66: =ROUND(VLOOKUP(C66,APUS!G:Z,20,0),2) -> 467004.8 | S66: =SUM(O66:R66) -> 4369008 | V66: =CONCATENATE(C66," ","-"," ",D66) -> 3.07 - Reduccion C-PVC Ø3" a Ø1"
C67: =+ROUNDUP(C66+0.01,2) -> 3.08 | D67: =+VLOOKUP(C67,'[7]CANTIDADES DE OBRA'!$B:$E,2,FALSE) -> Codo 90° C-PVC Ø1" | E67: =+VLOOKUP(C67,'[7]CANTIDADES DE OBRA'!$B:$E,3,FALSE) -> UND | F67: =+VLOOKUP(C67,'[7]CANTIDADES DE OBRA'!$B:$E,4,FALSE) -> 24 | G67: =+IFERROR(IF($Q$1="UNITARIOS",VLOOKUP(C67,C:Y,11,FALSE),VLOOKUP(C67,C:Y,12,FALSE)),0) -> 44551 | H67: =+ROUND(F67*G67,$Q$2) -> 1069224 | K67: =ROUND(F67*M67,$Q$2) -> 1069224 | L67: =ROUND(F67*N67,$Q$2) -> 1122685 | M67: =ROUND(VLOOKUP(C67,APUS!H:V,14,0),2) -> 44551 | N67: =ROUND(VLOOKUP(C67,APUS!I:V,13,0),2) -> 46778.55 | O67: =ROUND(VLOOKUP(C67,APUS!D:Z,23,0),2) -> 23350.24 | P67: =ROUND(VLOOKUP(C67,APUS!E:Z,22,0),2) -> 570535.59 | Q67: =ROUND(VLOOKUP(C67,APUS!F:Z,21,0),2) -> 8333.32 | R67: =ROUND(VLOOKUP(C67,APUS!G:Z,20,0),2) -> 467004.8 | S67: =SUM(O67:R67) -> 1069223.9 | V67: =CONCATENATE(C67," ","-"," ",D67) -> 3.08 - Codo 90° C-PVC Ø1"
C68: =+ROUNDUP(C67+0.01,2) -> 3.09 | D68: =+VLOOKUP(C68,'[7]CANTIDADES DE OBRA'!$B:$E,2,FALSE) -> Tee C-PVC Ø1" | E68: =+VLOOKUP(C68,'[7]CANTIDADES DE OBRA'!$B:$E,3,FALSE) -> UND | F68: =+VLOOKUP(C68,'[7]CANTIDADES DE OBRA'!$B:$E,4,FALSE) -> 14 | G68: =+IFERROR(IF($Q$1="UNITARIOS",VLOOKUP(C68,C:Y,11,FALSE),VLOOKUP(C68,C:Y,12,FALSE)),0) -> 48422 | H68: =+ROUND(F68*G68,$Q$2) -> 677908 | K68: =ROUND(F68*M68,$Q$2) -> 677908 | L68: =ROUND(F68*N68,$Q$2) -> 711803 | M68: =ROUND(VLOOKUP(C68,APUS!H:V,14,0),2) -> 48422 | N68: =ROUND(VLOOKUP(C68,APUS!I:V,13,0),2) -> 50843.1 | O68: =ROUND(VLOOKUP(C68,APUS!D:Z,23,0),2) -> 13620.97 | P68: =ROUND(VLOOKUP(C68,APUS!E:Z,22,0),2) -> 387006.43 | Q68: =ROUND(VLOOKUP(C68,APUS!F:Z,21,0),2) -> 4861.1 | R68: =ROUND(VLOOKUP(C68,APUS!G:Z,20,0),2) -> 272419.47 | S68: =SUM(O68:R68) -> 677907.97 | V68: =CONCATENATE(C68," ","-"," ",D68) -> 3.09 - Tee C-PVC Ø1"
C69: =+ROUNDUP(C68+0.01,2) -> 3.1 | D69: =+VLOOKUP(C69,'[7]CANTIDADES DE OBRA'!$B:$E,2,FALSE) -> Codo 90° ranurado AG Ø3" | E69: =+VLOOKUP(C69,'[7]CANTIDADES DE OBRA'!$B:$E,3,FALSE) -> UND | F69: =+VLOOKUP(C69,'[7]CANTIDADES DE OBRA'!$B:$E,4,FALSE) -> 28 | G69: =+IFERROR(IF($Q$1="UNITARIOS",VLOOKUP(C69,C:Y,11,FALSE),VLOOKUP(C69,C:Y,12,FALSE)),0) -> 42778.68 | H69: =+ROUND(F69*G69,$Q$2) -> 1197803 | K69: =ROUND(F69*M69,$Q$2) -> 1197803 | L69: =ROUND(F69*N69,$Q$2) -> 1257693 | M69: =ROUND(VLOOKUP(C69,APUS!H:V,14,0),2) -> 42778.68 | N69: =ROUND(VLOOKUP(C69,APUS!I:V,13,0),2) -> 44917.61 | O69: =ROUND(VLOOKUP(C69,APUS!D:Z,23,0),2) -> 27241.94 | P69: =ROUND(VLOOKUP(C69,APUS!E:Z,22,0),2) -> 616000 | Q69: =ROUND(VLOOKUP(C69,APUS!F:Z,21,0),2) -> 9722.21 | R69: =ROUND(VLOOKUP(C69,APUS!G:Z,20,0),2) -> 544838.93 | S69: =SUM(O69:R69) -> 1197803.1 | V69: =CONCATENATE(C69," ","-"," ",D69) -> 3.1 - Codo 90° ranurado AG Ø3"
C70: =+ROUNDUP(C69+0.01,2) -> 3.11 | D70: =+VLOOKUP(C70,'[7]CANTIDADES DE OBRA'!$B:$E,2,FALSE) -> Tee ranurada AG Ø3" | E70: =+VLOOKUP(C70,'[7]CANTIDADES DE OBRA'!$B:$E,3,FALSE) -> UND | F70: =+VLOOKUP(C70,'[7]CANTIDADES DE OBRA'!$B:$E,4,FALSE) -> 186 | G70: =+IFERROR(IF($Q$1="UNITARIOS",VLOOKUP(C70,C:Y,11,FALSE),VLOOKUP(C70,C:Y,12,FALSE)),0) -> 56778.68 | H70: =+ROUND(F70*G70,$Q$2) -> 10560834 | K70: =ROUND(F70*M70,$Q$2) -> 10560834 | L70: =ROUND(F70*N70,$Q$2) -> 11088875 | M70: =ROUND(VLOOKUP(C70,APUS!H:V,14,0),2) -> 56778.68 | N70: =ROUND(VLOOKUP(C70,APUS!I:V,13,0),2) -> 59617.61 | O70: =ROUND(VLOOKUP(C70,APUS!D:Z,23,0),2) -> 180964.33 | P70: =ROUND(VLOOKUP(C70,APUS!E:Z,22,0),2) -> 6696000 | Q70: =ROUND(VLOOKUP(C70,APUS!F:Z,21,0),2) -> 64583.24 | R70: =ROUND(VLOOKUP(C70,APUS!G:Z,20,0),2) -> 3619287.2 | S70: =SUM(O70:R70) -> 10560835 | V70: =CONCATENATE(C70," ","-"," ",D70) -> 3.11 - Tee ranurada AG Ø3"
C71: =+ROUNDUP(C70+0.01,2) -> 3.12 | D71: =+VLOOKUP(C71,'[7]CANTIDADES DE OBRA'!$B:$E,2,FALSE) -> Reduccion concéntrica ranurada Ø3" a Ø1" | E71: =+VLOOKUP(C71,'[7]CANTIDADES DE OBRA'!$B:$E,3,FALSE) -> UND | F71: =+VLOOKUP(C71,'[7]CANTIDADES DE OBRA'!$B:$E,4,FALSE) -> 120 | G71: =+IFERROR(IF($Q$1="UNITARIOS",VLOOKUP(C71,C:Y,11,FALSE),VLOOKUP(C71,C:Y,12,FALSE)),0) -> 35978.68 | H71: =+ROUND(F71*G71,$Q$2) -> 4317442 | K71: =ROUND(F71*M71,$Q$2) -> 4317442 | L71: =ROUND(F71*N71,$Q$2) -> 4533313 | M71: =ROUND(VLOOKUP(C71,APUS!H:V,14,0),2) -> 35978.68 | N71: =ROUND(VLOOKUP(C71,APUS!I:V,13,0),2) -> 37777.61 | O71: =ROUND(VLOOKUP(C71,APUS!D:Z,23,0),2) -> 116751.18 | P71: =ROUND(VLOOKUP(C71,APUS!E:Z,22,0),2) -> 1824000 | Q71: =ROUND(VLOOKUP(C71,APUS!F:Z,21,0),2) -> 41666.61 | R71: =ROUND(VLOOKUP(C71,APUS!G:Z,20,0),2) -> 2335024 | S71: =SUM(O71:R71) -> 4317441.8 | V71: =CONCATENATE(C71," ","-"," ",D71) -> 3.12 - Reduccion concéntrica ranurada Ø3" a Ø1"
C72: =+ROUNDUP(C71+0.01,2) -> 3.13 | D72: =+VLOOKUP(C72,'[7]CANTIDADES DE OBRA'!$B:$E,2,FALSE) -> Codo 90° ranurado AG Ø1" | E72: =+VLOOKUP(C72,'[7]CANTIDADES DE OBRA'!$B:$E,3,FALSE) -> UND | F72: =+VLOOKUP(C72,'[7]CANTIDADES DE OBRA'!$B:$E,4,FALSE) -> 126 | G72: =+IFERROR(IF($Q$1="UNITARIOS",VLOOKUP(C72,C:Y,11,FALSE),VLOOKUP(C72,C:Y,12,FALSE)),0) -> 30878.68 | H72: =+ROUND(F72*G72,$Q$2) -> 3890714 | K72: =ROUND(F72*M72,$Q$2) -> 3890714 | L72: =ROUND(F72*N72,$Q$2) -> 4085249 | M72: =ROUND(VLOOKUP(C72,APUS!H:V,14,0),2) -> 30878.68 | N72: =ROUND(VLOOKUP(C72,APUS!I:V,13,0),2) -> 32422.61 | O72: =ROUND(VLOOKUP(C72,APUS!D:Z,23,0),2) -> 122588.74 | P72: =ROUND(VLOOKUP(C72,APUS!E:Z,22,0),2) -> 1272600 | Q72: =ROUND(VLOOKUP(C72,APUS!F:Z,21,0),2) -> 43749.94 | R72: =ROUND(VLOOKUP(C72,APUS!G:Z,20,0),2) -> 2451775.2 | S72: =SUM(O72:R72) -> 3890713.9 | V72: =CONCATENATE(C72," ","-"," ",D72) -> 3.13 - Codo 90° ranurado AG Ø1"
... C87: =+ROUNDUP(C86+0.01,2) -> 3.28 | D87: =+VLOOKUP(C87,'[7]CANTIDADES DE OBRA'!$B:$E,2,FALSE) -> Codo 90° ranurado AG Ø1 1/2" | E87: =+VLOOKUP(C87,'[7]CANTIDADES DE OBRA'!$B:$E,3,FALSE) -> UND | F87: =+VLOOKUP(C87,'[7]CANTIDADES DE OBRA'!$B:$E,4,FALSE) -> 10 | G87: =+IFERROR(IF($Q$1="UNITARIOS",VLOOKUP(C87,C:Y,11,FALSE),VLOOKUP(C87,C:Y,12,FALSE)),0) -> 33570.82 | H87: =+ROUND(F87*G87,$Q$2) -> 335708 | K87: =ROUND(F87*M87,$Q$2) -> 335708 | L87: =ROUND(F87*N87,$Q$2) -> 352494 | M87: =ROUND(VLOOKUP(C87,APUS!H:V,14,0),2) -> 33570.82 | N87: =ROUND(VLOOKUP(C87,APUS!I:V,13,0),2) -> 35249.36 | O87: =ROUND(VLOOKUP(C87,APUS!D:Z,23,0),2) -> 7296.95 | P87: =ROUND(VLOOKUP(C87,APUS!E:Z,22,0),2) -> 179000 | Q87: =ROUND(VLOOKUP(C87,APUS!F:Z,21,0),2) -> 3472.22 | R87: =ROUND(VLOOKUP(C87,APUS!G:Z,20,0),2) -> 145939 | S87: =SUM(O87:R87) -> 335708.17 | V87: =CONCATENATE(C87," ","-"," ",D87) -> 3.28 - Codo 90° ranurado AG Ø1 1/2"
B89: =+ROUNDUP(C87,0) -> 4 | C89: =+CONCATENATE("CAP.",B89) -> CAP.4 | D89: =+VLOOKUP(B89,'[7]CANTIDADES DE OBRA'!$B:$E,2,FALSE) -> RED SANITARIA | H89: =+SUM(H90:H113) -> 86377680 | K89: =+SUM(K90:K113) -> 86377680 | L89: =+SUM(L90:L113) -> 90696563 | O89: =+SUM(O90:O113) -> 361884.18 | P89: =+SUM(P90:P113) -> 78500546 | Q89: =+SUM(Q90:Q113) -> 277562.12 | R89: =+SUM(R90:R113) -> 7237682.5 | S89: =+SUM(S90:S113) -> 86377675 | V89: =CONCATENATE(C89," ","-"," ",D89) -> CAP.4 - RED SANITARIA
C90: =+B89+0.01 -> 4.01 | D90: =+VLOOKUP(C90,'[7]CANTIDADES DE OBRA'!$B:$E,2,FALSE) -> Tubería Sanitaria PVC Ø4" | E90: =+VLOOKUP(C90,'[7]CANTIDADES DE OBRA'!$B:$E,3,FALSE) -> ML | F90: =+VLOOKUP(C90,'[7]CANTIDADES DE OBRA'!$B:$E,4,FALSE) -> 144.43 | G90: =+IFERROR(IF($Q$1="UNITARIOS",VLOOKUP(C90,C:Y,11,FALSE),VLOOKUP(C90,C:Y,12,FALSE)),0) -> 68677.55 | H90: =+ROUND(F90*G90,$Q$2) -> 9919099 | K90: =ROUND(F90*M90,$Q$2) -> 9919099 | L90: =ROUND(F90*N90,$Q$2) -> 10415054 | M90: =ROUND(VLOOKUP(C90,APUS!H:V,14,0),2) -> 68677.55 | N90: =ROUND(VLOOKUP(C90,APUS!I:V,13,0),2) -> 72111.43 | O90: =ROUND(VLOOKUP(C90,APUS!D:Z,23,0),2) -> 80576.99 | P90: =ROUND(VLOOKUP(C90,APUS!E:Z,22,0),2) -> 8176831.8 | Q90: =ROUND(VLOOKUP(C90,APUS!F:Z,21,0),2) -> 50149.24 | R90: =ROUND(VLOOKUP(C90,APUS!G:Z,20,0),2) -> 1611540.3 | S90: =SUM(O90:R90) -> 9919098.4 | V90: =CONCATENATE(C90," ","-"," ",D90) -> 4.01 - Tubería Sanitaria PVC Ø4"
C91: =+ROUNDUP(C90+0.01,2) -> 4.02 | D91: =+VLOOKUP(C91,'[7]CANTIDADES DE OBRA'!$B:$E,2,FALSE) -> Tubería Sanitaria PVC Ø2" | E91: =+VLOOKUP(C91,'[7]CANTIDADES DE OBRA'!$B:$E,3,FALSE) -> ML | F91: =+VLOOKUP(C91,'[7]CANTIDADES DE OBRA'!$B:$E,4,FALSE) -> 64.27 | G91: =+IFERROR(IF($Q$1="UNITARIOS",VLOOKUP(C91,C:Y,11,FALSE),VLOOKUP(C91,C:Y,12,FALSE)),0) -> 39533.3 | H91: =+ROUND(F91*G91,$Q$2) -> 2540805 | K91: =ROUND(F91*M91,$Q$2) -> 2540805 | L91: =ROUND(F91*N91,$Q$2) -> 2667846 | M91: =ROUND(VLOOKUP(C91,APUS!H:V,14,0),2) -> 39533.3 | N91: =ROUND(VLOOKUP(C91,APUS!I:V,13,0),2) -> 41509.97 | O91: =ROUND(VLOOKUP(C91,APUS!D:Z,23,0),2) -> 35856.01 | P91: =ROUND(VLOOKUP(C91,APUS!E:Z,22,0),2) -> 1765512.9 | Q91: =ROUND(VLOOKUP(C91,APUS!F:Z,21,0),2) -> 22315.94 | R91: =ROUND(VLOOKUP(C91,APUS!G:Z,20,0),2) -> 717120.38 | S91: =SUM(O91:R91) -> 2540805.2 | V91: =CONCATENATE(C91," ","-"," ",D91) -> 4.02 - Tubería Sanitaria PVC Ø2"
C92: =+ROUNDUP(C91+0.01,2) -> 4.03 | D92: =+VLOOKUP(C92,'[7]CANTIDADES DE OBRA'!$B:$E,2,FALSE) -> Tubería Sanitaria HD Ø3" | E92: =+VLOOKUP(C92,'[7]CANTIDADES DE OBRA'!$B:$E,3,FALSE) -> ML | F92: =+VLOOKUP(C92,'[7]CANTIDADES DE OBRA'!$B:$E,4,FALSE) -> 3.6 | G92: =+IFERROR(IF($Q$1="UNITARIOS",VLOOKUP(C92,C:Y,11,FALSE),VLOOKUP(C92,C:Y,12,FALSE)),0) -> 52078.93 | H92: =+ROUND(F92*G92,$Q$2) -> 187484 | K92: =ROUND(F92*M92,$Q$2) -> 187484 | L92: =ROUND(F92*N92,$Q$2) -> 196858 | M92: =ROUND(VLOOKUP(C92,APUS!H:V,14,0),2) -> 52078.93 | N92: =ROUND(VLOOKUP(C92,APUS!I:V,13,0),2) -> 54682.88 | O92: =ROUND(VLOOKUP(C92,APUS!D:Z,23,0),2) -> 2008.43 | P92: =ROUND(VLOOKUP(C92,APUS!E:Z,22,0),2) -> 144057.17 | Q92: =ROUND(VLOOKUP(C92,APUS!F:Z,21,0),2) -> 1250 | R92: =ROUND(VLOOKUP(C92,APUS!G:Z,20,0),2) -> 40168.56 | S92: =SUM(O92:R92) -> 187484.16 | V92: =CONCATENATE(C92," ","-"," ",D92) -> 4.03 - Tubería Sanitaria HD Ø3"
C93: =+ROUNDUP(C92+0.01,2) -> 4.04 | D93: =+VLOOKUP(C93,'[7]CANTIDADES DE OBRA'!$B:$E,2,FALSE) -> Tubería ventilacion PVC Ø2" | E93: =+VLOOKUP(C93,'[7]CANTIDADES DE OBRA'!$B:$E,3,FALSE) -> ML | F93: =+VLOOKUP(C93,'[7]CANTIDADES DE OBRA'!$B:$E,4,FALSE) -> 86.08 | G93: =+IFERROR(IF($Q$1="UNITARIOS",VLOOKUP(C93,C:Y,11,FALSE),VLOOKUP(C93,C:Y,12,FALSE)),0) -> 36604.34 | H93: =+ROUND(F93*G93,$Q$2) -> 3150902 | K93: =ROUND(F93*M93,$Q$2) -> 3150902 | L93: =ROUND(F93*N93,$Q$2) -> 3308447 | M93: =ROUND(VLOOKUP(C93,APUS!H:V,14,0),2) -> 36604.34 | N93: =ROUND(VLOOKUP(C93,APUS!I:V,13,0),2) -> 38434.56 | O93: =ROUND(VLOOKUP(C93,APUS!D:Z,23,0),2) -> 36017.81 | P93: =ROUND(VLOOKUP(C93,APUS!E:Z,22,0),2) -> 2364639 | Q93: =ROUND(VLOOKUP(C93,APUS!F:Z,21,0),2) -> 29888.85 | R93: =ROUND(VLOOKUP(C93,APUS!G:Z,20,0),2) -> 720356.18 | S93: =SUM(O93:R93) -> 3150901.9 | V93: =CONCATENATE(C93," ","-"," ",D93) -> 4.04 - Tubería ventilacion PVC Ø2"
C94: =+ROUNDUP(C93+0.01,2) -> 4.05 | D94: =+VLOOKUP(C94,'[7]CANTIDADES DE OBRA'!$B:$E,2,FALSE) -> Codo 45° Sanitario PVC Ø4" | E94: =+VLOOKUP(C94,'[7]CANTIDADES DE OBRA'!$B:$E,3,FALSE) -> UND | F94: =+VLOOKUP(C94,'[7]CANTIDADES DE OBRA'!$B:$E,4,FALSE) -> 9 | G94: =+IFERROR(IF($Q$1="UNITARIOS",VLOOKUP(C94,C:Y,11,FALSE),VLOOKUP(C94,C:Y,12,FALSE)),0) -> 26999.98 | H94: =+ROUND(F94*G94,$Q$2) -> 243000 | K94: =ROUND(F94*M94,$Q$2) -> 243000 | L94: =ROUND(F94*N94,$Q$2) -> 255150 | M94: =ROUND(VLOOKUP(C94,APUS!H:V,14,0),2) -> 26999.98 | N94: =ROUND(VLOOKUP(C94,APUS!I:V,13,0),2) -> 28349.98 | O94: =ROUND(VLOOKUP(C94,APUS!D:Z,23,0),2) -> 1882.9 | P94: =ROUND(VLOOKUP(C94,APUS!E:Z,22,0),2) -> 200333.85 | Q94: =ROUND(VLOOKUP(C94,APUS!F:Z,21,0),2) -> 3125 | R94: =ROUND(VLOOKUP(C94,APUS!G:Z,20,0),2) -> 37658.03 | S94: =SUM(O94:R94) -> 242999.78 | V94: =CONCATENATE(C94," ","-"," ",D94) -> 4.05 - Codo 45° Sanitario PVC Ø4"
C95: =+ROUNDUP(C94+0.01,2) -> 4.06 | D95: =+VLOOKUP(C95,'[7]CANTIDADES DE OBRA'!$B:$E,2,FALSE) -> Codo 90° Sanitario PVC Ø4" | E95: =+VLOOKUP(C95,'[7]CANTIDADES DE OBRA'!$B:$E,3,FALSE) -> UND | F95: =+VLOOKUP(C95,'[7]CANTIDADES DE OBRA'!$B:$E,4,FALSE) -> 31 | G95: =+IFERROR(IF($Q$1="UNITARIOS",VLOOKUP(C95,C:Y,11,FALSE),VLOOKUP(C95,C:Y,12,FALSE)),0) -> 24766.98 | H95: =+ROUND(F95*G95,$Q$2) -> 767776 | K95: =ROUND(F95*M95,$Q$2) -> 767776 | L95: =ROUND(F95*N95,$Q$2) -> 806165 | M95: =ROUND(VLOOKUP(C95,APUS!H:V,14,0),2) -> 24766.98 | N95: =ROUND(VLOOKUP(C95,APUS!I:V,13,0),2) -> 26005.33 | O95: =ROUND(VLOOKUP(C95,APUS!D:Z,23,0),2) -> 6485.56 | P95: =ROUND(VLOOKUP(C95,APUS!E:Z,22,0),2) -> 620815.81 | Q95: =ROUND(VLOOKUP(C95,APUS!F:Z,21,0),2) -> 10763.87 | R95: =ROUND(VLOOKUP(C95,APUS!G:Z,20,0),2) -> 129710.98 | S95: =SUM(O95:R95) -> 767776.22 | V95: =CONCATENATE(C95," ","-"," ",D95) -> 4.06 - Codo 90° Sanitario PVC Ø4"
C96: =+ROUNDUP(C95+0.01,2) -> 4.07 | D96: =+VLOOKUP(C96,'[7]CANTIDADES DE OBRA'!$B:$E,2,FALSE) -> Codo 90° Sanitario PVC Ø2" | E96: =+VLOOKUP(C96,'[7]CANTIDADES DE OBRA'!$B:$E,3,FALSE) -> UND | F96: =+VLOOKUP(C96,'[7]CANTIDADES DE OBRA'!$B:$E,4,FALSE) -> 113 | G96: =+IFERROR(IF($Q$1="UNITARIOS",VLOOKUP(C96,C:Y,11,FALSE),VLOOKUP(C96,C:Y,12,FALSE)),0) -> 11341.98 | H96: =+ROUND(F96*G96,$Q$2) -> 1281644 | K96: =ROUND(F96*M96,$Q$2) -> 1281644 | L96: =ROUND(F96*N96,$Q$2) -> 1345726 | M96: =ROUND(VLOOKUP(C96,APUS!H:V,14,0),2) -> 11341.98 | N96: =ROUND(VLOOKUP(C96,APUS!I:V,13,0),2) -> 11909.08 | O96: =ROUND(VLOOKUP(C96,APUS!D:Z,23,0),2) -> 23640.9 | P96: =ROUND(VLOOKUP(C96,APUS!E:Z,22,0),2) -> 745948.75 | Q96: =ROUND(VLOOKUP(C96,APUS!F:Z,21,0),2) -> 39236.06 | R96: =ROUND(VLOOKUP(C96,APUS!G:Z,20,0),2) -> 472817.43 | S96: =SUM(O96:R96) -> 1281643.1 | V96: =CONCATENATE(C96," ","-"," ",D96) -> 4.07 - Codo 90° Sanitario PVC Ø2"
C97: =+ROUNDUP(C96+0.01,2) -> 4.08 | D97: =+VLOOKUP(C97,'[7]CANTIDADES DE OBRA'!$B:$E,2,FALSE) -> Codo 45° Sanitario PVC Ø2" | E97: =+VLOOKUP(C97,'[7]CANTIDADES DE OBRA'!$B:$E,3,FALSE) -> UND | F97: =+VLOOKUP(C97,'[7]CANTIDADES DE OBRA'!$B:$E,4,FALSE) -> 30 | G97: =+IFERROR(IF($Q$1="UNITARIOS",VLOOKUP(C97,C:Y,11,FALSE),VLOOKUP(C97,C:Y,12,FALSE)),0) -> 12215.98 | H97: =+ROUND(F97*G97,$Q$2) -> 366479 | K97: =ROUND(F97*M97,$Q$2) -> 366479 | L97: =ROUND(F97*N97,$Q$2) -> 384803 | M97: =ROUND(VLOOKUP(C97,APUS!H:V,14,0),2) -> 12215.98 | N97: =ROUND(VLOOKUP(C97,APUS!I:V,13,0),2) -> 12826.78 | O97: =ROUND(VLOOKUP(C97,APUS!D:Z,23,0),2) -> 6276.35 | P97: =ROUND(VLOOKUP(C97,APUS!E:Z,22,0),2) -> 224259.49 | Q97: =ROUND(VLOOKUP(C97,APUS!F:Z,21,0),2) -> 10416.65 | R97: =ROUND(VLOOKUP(C97,APUS!G:Z,20,0),2) -> 125526.75 | S97: =SUM(O97:R97) -> 366479.24 | V97: =CONCATENATE(C97," ","-"," ",D97) -> 4.08 - Codo 45° Sanitario PVC Ø2"
C98: =+ROUNDUP(C97+0.01,2) -> 4.09 | D98: =+VLOOKUP(C98,'[7]CANTIDADES DE OBRA'!$B:$E,2,FALSE) -> Yee Sanitaria PVC Ø4" | E98: =+VLOOKUP(C98,'[7]CANTIDADES DE OBRA'!$B:$E,3,FALSE) -> UND | F98: =+VLOOKUP(C98,'[7]CANTIDADES DE OBRA'!$B:$E,4,FALSE) -> 15 | G98: =+IFERROR(IF($Q$1="UNITARIOS",VLOOKUP(C98,C:Y,11,FALSE),VLOOKUP(C98,C:Y,12,FALSE)),0) -> 43264.98 | H98: =+ROUND(F98*G98,$Q$2) -> 648975 | K98: =ROUND(F98*M98,$Q$2) -> 648975 | L98: =ROUND(F98*N98,$Q$2) -> 681423 | M98: =ROUND(VLOOKUP(C98,APUS!H:V,14,0),2) -> 43264.98 | N98: =ROUND(VLOOKUP(C98,APUS!I:V,13,0),2) -> 45428.23 | O98: =ROUND(VLOOKUP(C98,APUS!D:Z,23,0),2) -> 3138.17 | P98: =ROUND(VLOOKUP(C98,APUS!E:Z,22,0),2) -> 577864.75 | Q98: =ROUND(VLOOKUP(C98,APUS!F:Z,21,0),2) -> 5208.33 | R98: =ROUND(VLOOKUP(C98,APUS!G:Z,20,0),2) -> 62763.38 | S98: =SUM(O98:R98) -> 648974.63 | V98: =CONCATENATE(C98," ","-"," ",D98) -> 4.09 - Yee Sanitaria PVC Ø4"
C99: =+ROUNDUP(C98+0.01,2) -> 4.1 | D99: =+VLOOKUP(C99,'[7]CANTIDADES DE OBRA'!$B:$E,2,FALSE) -> Yee Sanitaria PVC Ø2" | E99: =+VLOOKUP(C99,'[7]CANTIDADES DE OBRA'!$B:$E,3,FALSE) -> UND | F99: =+VLOOKUP(C99,'[7]CANTIDADES DE OBRA'!$B:$E,4,FALSE) -> 24 | G99: =+IFERROR(IF($Q$1="UNITARIOS",VLOOKUP(C99,C:Y,11,FALSE),VLOOKUP(C99,C:Y,12,FALSE)),0) -> 17079.98 | H99: =+ROUND(F99*G99,$Q$2) -> 409920 | K99: =ROUND(F99*M99,$Q$2) -> 409920 | L99: =ROUND(F99*N99,$Q$2) -> 430416 | M99: =ROUND(VLOOKUP(C99,APUS!H:V,14,0),2) -> 17079.98 | N99: =ROUND(VLOOKUP(C99,APUS!I:V,13,0),2) -> 17933.98 | O99: =ROUND(VLOOKUP(C99,APUS!D:Z,23,0),2) -> 5021.08 | P99: =ROUND(VLOOKUP(C99,APUS!E:Z,22,0),2) -> 296143.59 | Q99: =ROUND(VLOOKUP(C99,APUS!F:Z,21,0),2) -> 8333.32 | R99: =ROUND(VLOOKUP(C99,APUS!G:Z,20,0),2) -> 100421.4 | S99: =SUM(O99:R99) -> 409919.39 | V99: =CONCATENATE(C99," ","-"," ",D99) -> 4.1 - Yee Sanitaria PVC Ø2"
C100: =+ROUNDUP(C99+0.01,2) -> 4.11 | D100: =+VLOOKUP(C100,'[7]CANTIDADES DE OBRA'!$B:$E,2,FALSE) -> Yee Sanitaria reducida PVC Ø4" a Ø2" | E100: =+VLOOKUP(C100,'[7]CANTIDADES DE OBRA'!$B:$E,3,FALSE) -> UND | F100: =+VLOOKUP(C100,'[7]CANTIDADES DE OBRA'!$B:$E,4,FALSE) -> 38 | G100: =+IFERROR(IF($Q$1="UNITARIOS",VLOOKUP(C100,C:Y,11,FALSE),VLOOKUP(C100,C:Y,12,FALSE)),0) -> 38116.98 | H100: =+ROUND(F100*G100,$Q$2) -> 1448445 | K100: =ROUND(F100*M100,$Q$2) -> 1448445 | L100: =ROUND(F100*N100,$Q$2) -> 1520868 | M100: =ROUND(VLOOKUP(C100,APUS!H:V,14,0),2) -> 38116.98 | N100: =ROUND(VLOOKUP(C100,APUS!I:V,13,0),2) -> 40022.83 | O100: =ROUND(VLOOKUP(C100,APUS!D:Z,23,0),2) -> 7950.04 | P100: =ROUND(VLOOKUP(C100,APUS!E:Z,22,0),2) -> 1268300 | Q100: =ROUND(VLOOKUP(C100,APUS!F:Z,21,0),2) -> 13194.43 | R100: =ROUND(VLOOKUP(C100,APUS!G:Z,20,0),2) -> 159000.55 | S100: =SUM(O100:R100) -> 1448445 | V100: =CONCATENATE(C100," ","-"," ",D100) -> 4.11 - Yee Sanitaria reducida PVC Ø4" a Ø2"
C101: =+ROUNDUP(C100+0.01,2) -> 4.12 | D101: =+VLOOKUP(C101,'[7]CANTIDADES DE OBRA'!$B:$E,2,FALSE) -> Sifon Sanitario Ø2" | E101: =+VLOOKUP(C101,'[7]CANTIDADES DE OBRA'!$B:$E,3,FALSE) -> UND | F101: =+VLOOKUP(C101,'[7]CANTIDADES DE OBRA'!$B:$E,4,FALSE) -> 19 | G101: =+IFERROR(IF($Q$1="UNITARIOS",VLOOKUP(C101,C:Y,11,FALSE),VLOOKUP(C101,C:Y,12,FALSE)),0) -> 23955.45 | H101: =+ROUND(F101*G101,$Q$2) -> 455154 | K101: =ROUND(F101*M101,$Q$2) -> 455154 | L101: =ROUND(F101*N101,$Q$2) -> 477911 | M101: =ROUND(VLOOKUP(C101,APUS!H:V,14,0),2) -> 23955.45 | N101: =ROUND(VLOOKUP(C101,APUS!I:V,13,0),2) -> 25153.22 | O101: =ROUND(VLOOKUP(C101,APUS!D:Z,23,0),2) -> 5300.02 | P101: =ROUND(VLOOKUP(C101,APUS!E:Z,22,0),2) -> 337255.94 | Q101: =ROUND(VLOOKUP(C101,APUS!F:Z,21,0),2) -> 6597.21 | R101: =ROUND(VLOOKUP(C101,APUS!G:Z,20,0),2) -> 106000.37 | S101: =SUM(O101:R101) -> 455153.54 | V101: =CONCATENATE(C101," ","-"," ",D101) -> 4.12 - Sifon Sanitario Ø2"
C102: =+ROUNDUP(C101+0.01,2) -> 4.13 | D102: =+VLOOKUP(C102,'[7]CANTIDADES DE OBRA'!$B:$E,2,FALSE) -> Tapón PVC Ø4" | E102: =+VLOOKUP(C102,'[7]CANTIDADES DE OBRA'!$B:$E,3,FALSE) -> UND | F102: =+VLOOKUP(C102,'[7]CANTIDADES DE OBRA'!$B:$E,4,FALSE) -> 9 | G102: =+IFERROR(IF($Q$1="UNITARIOS",VLOOKUP(C102,C:Y,11,FALSE),VLOOKUP(C102,C:Y,12,FALSE)),0) -> 11043.98 | H102: =+ROUND(F102*G102,$Q$2) -> 99396 | K102: =ROUND(F102*M102,$Q$2) -> 99396 | L102: =ROUND(F102*N102,$Q$2) -> 104366 | M102: =ROUND(VLOOKUP(C102,APUS!H:V,14,0),2) -> 11043.98 | N102: =ROUND(VLOOKUP(C102,APUS!I:V,13,0),2) -> 11596.18 | O102: =ROUND(VLOOKUP(C102,APUS!D:Z,23,0),2) -> 1882.9 | P102: =ROUND(VLOOKUP(C102,APUS!E:Z,22,0),2) -> 56729.85 | Q102: =ROUND(VLOOKUP(C102,APUS!F:Z,21,0),2) -> 3125 | R102: =ROUND(VLOOKUP(C102,APUS!G:Z,20,0),2) -> 37658.03 | S102: =SUM(O102:R102) -> 99395.78 | V102: =CONCATENATE(C102," ","-"," ",D102) -> 4.13 - Tapón PVC Ø4"
... C112: =+ROUNDUP(C111+0.01,2) -> 4.23 | D112: =+VLOOKUP(C112,'[7]CANTIDADES DE OBRA'!$B:$E,2,FALSE) -> Cajas de inspeccion de aguas residuales | E112: =+VLOOKUP(C112,'[7]CANTIDADES DE OBRA'!$B:$E,3,FALSE) -> UND | F112: =+VLOOKUP(C112,'[7]CANTIDADES DE OBRA'!$B:$E,4,FALSE) -> 2 | G112: =+IFERROR(IF($Q$1="UNITARIOS",VLOOKUP(C112,C:Y,11,FALSE),VLOOKUP(C112,C:Y,12,FALSE)),0) -> 159217.93 | H112: =+ROUND(F112*G112,$Q$2) -> 318436 | K112: =ROUND(F112*M112,$Q$2) -> 318436 | L112: =ROUND(F112*N112,$Q$2) -> 334358 | M112: =ROUND(VLOOKUP(C112,APUS!H:V,14,0),2) -> 159217.93 | N112: =ROUND(VLOOKUP(C112,APUS!I:V,13,0),2) -> 167178.83 | O112: =ROUND(VLOOKUP(C112,APUS!D:Z,23,0),2) -> 3344.09 | P112: =ROUND(VLOOKUP(C112,APUS!E:Z,22,0),2) -> 248210.03 | Q112: =ROUND(VLOOKUP(C112,APUS!F:Z,21,0),2) -> 0 | R112: =ROUND(VLOOKUP(C112,APUS!G:Z,20,0),2) -> 66881.75 | S112: =SUM(O112:R112) -> 318435.87 | V112: =CONCATENATE(C112," ","-"," ",D112) -> 4.23 - Cajas de inspeccion de aguas residuales
B114: =+ROUNDUP(C109,0) -> 5 | C114: =+CONCATENATE("CAP.",B114) -> CAP.5 | D114: =+VLOOKUP(B114,'[7]CANTIDADES DE OBRA'!$B:$E,2,FALSE) -> RED PLUVIAL | H114: =+SUM(H115:H125) -> 20503071 | K114: =+SUM(K115:K125) -> 20503071 | L114: =+SUM(L115:L125) -> 21528224 | O114: =+SUM(O115:O125) -> 154728.42 | P114: =+SUM(P115:P125) -> 17131684 | Q114: =+SUM(Q115:Q125) -> 122090.1 | R114: =+SUM(R115:R125) -> 3094568.2 | S114: =+SUM(S115:S125) -> 20503070 | V114: =CONCATENATE(C114," ","-"," ",D114) -> CAP.5 - RED PLUVIAL
C115: =+B114+0.01 -> 5.01 | D115: =+VLOOKUP(C115,'[7]CANTIDADES DE OBRA'!$B:$E,2,FALSE) -> Tubería PVC Ø4" | E115: =+VLOOKUP(C115,'[7]CANTIDADES DE OBRA'!$B:$E,3,FALSE) -> ML | F115: =+VLOOKUP(C115,'[7]CANTIDADES DE OBRA'!$B:$E,4,FALSE) -> 83.36 | G115: =+IFERROR(IF($Q$1="UNITARIOS",VLOOKUP(C115,C:Y,11,FALSE),VLOOKUP(C115,C:Y,12,FALSE)),0) -> 46941.57 | H115: =+ROUND(F115*G115,$Q$2) -> 3913049 | K115: =ROUND(F115*M115,$Q$2) -> 3913049 | L115: =ROUND(F115*N115,$Q$2) -> 4108702 | M115: =ROUND(VLOOKUP(C115,APUS!H:V,14,0),2) -> 46941.57 | N115: =ROUND(VLOOKUP(C115,APUS!I:V,13,0),2) -> 49288.65 | O115: =ROUND(VLOOKUP(C115,APUS!D:Z,23,0),2) -> 34879.7 | P115: =ROUND(VLOOKUP(C115,APUS!E:Z,22,0),2) -> 3151631.2 | Q115: =ROUND(VLOOKUP(C115,APUS!F:Z,21,0),2) -> 28944.4 | R115: =ROUND(VLOOKUP(C115,APUS!G:Z,20,0),2) -> 697593.99 | S115: =SUM(O115:R115) -> 3913049.3 | V115: =CONCATENATE(C115," ","-"," ",D115) -> 5.01 - Tubería PVC Ø4"
C116: =+ROUNDUP(C115+0.01,2) -> 5.02 | D116: =+VLOOKUP(C116,'[7]CANTIDADES DE OBRA'!$B:$E,2,FALSE) -> Tubería PVC Ø6" | E116: =+VLOOKUP(C116,'[7]CANTIDADES DE OBRA'!$B:$E,3,FALSE) -> ML | F116: =+VLOOKUP(C116,'[7]CANTIDADES DE OBRA'!$B:$E,4,FALSE) -> 112.26 | G116: =+IFERROR(IF($Q$1="UNITARIOS",VLOOKUP(C116,C:Y,11,FALSE),VLOOKUP(C116,C:Y,12,FALSE)),0) -> 86088.83 | H116: =+ROUND(F116*G116,$Q$2) -> 9664332 | K116: =ROUND(F116*M116,$Q$2) -> 9664332 | L116: =ROUND(F116*N116,$Q$2) -> 10147548 | M116: =ROUND(VLOOKUP(C116,APUS!H:V,14,0),2) -> 86088.83 | N116: =ROUND(VLOOKUP(C116,APUS!I:V,13,0),2) -> 90393.27 | O116: =ROUND(VLOOKUP(C116,APUS!D:Z,23,0),2) -> 46972.11 | P116: =ROUND(VLOOKUP(C116,APUS!E:Z,22,0),2) -> 8638938.7 | Q116: =ROUND(VLOOKUP(C116,APUS!F:Z,21,0),2) -> 38979.11 | R116: =ROUND(VLOOKUP(C116,APUS!G:Z,20,0),2) -> 939442.2 | S116: =SUM(O116:R116) -> 9664332.1 | V116: =CONCATENATE(C116," ","-"," ",D116) -> 5.02 - Tubería PVC Ø6"
C117: =+ROUNDUP(C116+0.01,2) -> 5.03 | D117: =+VLOOKUP(C117,'[7]CANTIDADES DE OBRA'!$B:$E,2,FALSE) -> Tragantes de aguas lluvias | E117: =+VLOOKUP(C117,'[7]CANTIDADES DE OBRA'!$B:$E,3,FALSE) -> UND | F117: =+VLOOKUP(C117,'[7]CANTIDADES DE OBRA'!$B:$E,4,FALSE) -> 24 | G117: =+IFERROR(IF($Q$1="UNITARIOS",VLOOKUP(C117,C:Y,11,FALSE),VLOOKUP(C117,C:Y,12,FALSE)),0) -> 29272.46 | H117: =+ROUND(F117*G117,$Q$2) -> 702539 | K117: =ROUND(F117*M117,$Q$2) -> 702539 | L117: =ROUND(F117*N117,$Q$2) -> 737666 | M117: =ROUND(VLOOKUP(C117,APUS!H:V,14,0),2) -> 29272.46 | N117: =ROUND(VLOOKUP(C117,APUS!I:V,13,0),2) -> 30736.08 | O117: =ROUND(VLOOKUP(C117,APUS!D:Z,23,0),2) -> 6694.76 | P117: =ROUND(VLOOKUP(C117,APUS!E:Z,22,0),2) -> 553615.59 | Q117: =ROUND(VLOOKUP(C117,APUS!F:Z,21,0),2) -> 8333.32 | R117: =ROUND(VLOOKUP(C117,APUS!G:Z,20,0),2) -> 133895.2 | S117: =SUM(O117:R117) -> 702538.87 | V117: =CONCATENATE(C117," ","-"," ",D117) -> 5.03 - Tragantes de aguas lluvias
C118: =+ROUNDUP(C117+0.01,2) -> 5.04 | D118: =+VLOOKUP(C118,'[7]CANTIDADES DE OBRA'!$B:$E,2,FALSE) -> Codo 45° PVC Ø4" | E118: =+VLOOKUP(C118,'[7]CANTIDADES DE OBRA'!$B:$E,3,FALSE) -> UND | F118: =+VLOOKUP(C118,'[7]CANTIDADES DE OBRA'!$B:$E,4,FALSE) -> 18 | G118: =+IFERROR(IF($Q$1="UNITARIOS",VLOOKUP(C118,C:Y,11,FALSE),VLOOKUP(C118,C:Y,12,FALSE)),0) -> 28464.46 | H118: =+ROUND(F118*G118,$Q$2) -> 512360 | K118: =ROUND(F118*M118,$Q$2) -> 512360 | L118: =ROUND(F118*N118,$Q$2) -> 537978 | M118: =ROUND(VLOOKUP(C118,APUS!H:V,14,0),2) -> 28464.46 | N118: =ROUND(VLOOKUP(C118,APUS!I:V,13,0),2) -> 29887.68 | O118: =ROUND(VLOOKUP(C118,APUS!D:Z,23,0),2) -> 5021.07 | P118: =ROUND(VLOOKUP(C118,APUS!E:Z,22,0),2) -> 400667.7 | Q118: =ROUND(VLOOKUP(C118,APUS!F:Z,21,0),2) -> 6249.99 | R118: =ROUND(VLOOKUP(C118,APUS!G:Z,20,0),2) -> 100421.4 | S118: =SUM(O118:R118) -> 512360.16 | V118: =CONCATENATE(C118," ","-"," ",D118) -> 5.04 - Codo 45° PVC Ø4"
C119: =+ROUNDUP(C118+0.01,2) -> 5.05 | D119: =+VLOOKUP(C119,'[7]CANTIDADES DE OBRA'!$B:$E,2,FALSE) -> Codo 90° PVC Ø4" | E119: =+VLOOKUP(C119,'[7]CANTIDADES DE OBRA'!$B:$E,3,FALSE) -> UND | F119: =+VLOOKUP(C119,'[7]CANTIDADES DE OBRA'!$B:$E,4,FALSE) -> 4 | G119: =+IFERROR(IF($Q$1="UNITARIOS",VLOOKUP(C119,C:Y,11,FALSE),VLOOKUP(C119,C:Y,12,FALSE)),0) -> 26231.46 | H119: =+ROUND(F119*G119,$Q$2) -> 104926 | K119: =ROUND(F119*M119,$Q$2) -> 104926 | L119: =ROUND(F119*N119,$Q$2) -> 110172 | M119: =ROUND(VLOOKUP(C119,APUS!H:V,14,0),2) -> 26231.46 | N119: =ROUND(VLOOKUP(C119,APUS!I:V,13,0),2) -> 27543.03 | O119: =ROUND(VLOOKUP(C119,APUS!D:Z,23,0),2) -> 1115.79 | P119: =ROUND(VLOOKUP(C119,APUS!E:Z,22,0),2) -> 80105.27 | Q119: =ROUND(VLOOKUP(C119,APUS!F:Z,21,0),2) -> 1388.89 | R119: =ROUND(VLOOKUP(C119,APUS!G:Z,20,0),2) -> 22315.87 | S119: =SUM(O119:R119) -> 104925.82 | V119: =CONCATENATE(C119," ","-"," ",D119) -> 5.05 - Codo 90° PVC Ø4"
C120: =+ROUNDUP(C119+0.01,2) -> 5.06 | D120: =+VLOOKUP(C120,'[7]CANTIDADES DE OBRA'!$B:$E,2,FALSE) -> Yee PVC Ø4" | E120: =+VLOOKUP(C120,'[7]CANTIDADES DE OBRA'!$B:$E,3,FALSE) -> UND | F120: =+VLOOKUP(C120,'[7]CANTIDADES DE OBRA'!$B:$E,4,FALSE) -> 12 | G120: =+IFERROR(IF($Q$1="UNITARIOS",VLOOKUP(C120,C:Y,11,FALSE),VLOOKUP(C120,C:Y,12,FALSE)),0) -> 44729.46 | H120: =+ROUND(F120*G120,$Q$2) -> 536754 | K120: =ROUND(F120*M120,$Q$2) -> 536754 | L120: =ROUND(F120*N120,$Q$2) -> 563591 | M120: =ROUND(VLOOKUP(C120,APUS!H:V,14,0),2) -> 44729.46 | N120: =ROUND(VLOOKUP(C120,APUS!I:V,13,0),2) -> 46965.93 | O120: =ROUND(VLOOKUP(C120,APUS!D:Z,23,0),2) -> 3347.38 | P120: =ROUND(VLOOKUP(C120,APUS!E:Z,22,0),2) -> 462291.8 | Q120: =ROUND(VLOOKUP(C120,APUS!F:Z,21,0),2) -> 4166.66 | R120: =ROUND(VLOOKUP(C120,APUS!G:Z,20,0),2) -> 66947.6 | S120: =SUM(O120:R120) -> 536753.44 | V120: =CONCATENATE(C120," ","-"," ",D120) -> 5.06 - Yee PVC Ø4"
C121: =+ROUNDUP(C120+0.01,2) -> 5.07 | D121: =+VLOOKUP(C121,'[7]CANTIDADES DE OBRA'!$B:$E,2,FALSE) -> Yee reducida PVC Ø4" a Ø3" | E121: =+VLOOKUP(C121,'[7]CANTIDADES DE OBRA'!$B:$E,3,FALSE) -> UND | F121: =+VLOOKUP(C121,'[7]CANTIDADES DE OBRA'!$B:$E,4,FALSE) -> 3 | G121: =+IFERROR(IF($Q$1="UNITARIOS",VLOOKUP(C121,C:Y,11,FALSE),VLOOKUP(C121,C:Y,12,FALSE)),0) -> 39581.46 | H121: =+ROUND(F121*G121,$Q$2) -> 118744 | K121: =ROUND(F121*M121,$Q$2) -> 118744 | L121: =ROUND(F121*N121,$Q$2) -> 124682 | M121: =ROUND(VLOOKUP(C121,APUS!H:V,14,0),2) -> 39581.46 | N121: =ROUND(VLOOKUP(C121,APUS!I:V,13,0),2) -> 41560.53 | O121: =ROUND(VLOOKUP(C121,APUS!D:Z,23,0),2) -> 836.85 | P121: =ROUND(VLOOKUP(C121,APUS!E:Z,22,0),2) -> 100128.95 | Q121: =ROUND(VLOOKUP(C121,APUS!F:Z,21,0),2) -> 1041.67 | R121: =ROUND(VLOOKUP(C121,APUS!G:Z,20,0),2) -> 16736.9 | S121: =SUM(O121:R121) -> 118744.37 | V121: =CONCATENATE(C121," ","-"," ",D121) -> 5.07 - Yee reducida PVC Ø4" a Ø3"
C122: =+ROUNDUP(C121+0.01,2) -> 5.08 | D122: =+VLOOKUP(C122,'[7]CANTIDADES DE OBRA'!$B:$E,2,FALSE) -> Codo 90° PVC Ø6" | E122: =+VLOOKUP(C122,'[7]CANTIDADES DE OBRA'!$B:$E,3,FALSE) -> UND | F122: =+VLOOKUP(C122,'[7]CANTIDADES DE OBRA'!$B:$E,4,FALSE) -> 6 | G122: =+IFERROR(IF($Q$1="UNITARIOS",VLOOKUP(C122,C:Y,11,FALSE),VLOOKUP(C122,C:Y,12,FALSE)),0) -> 159539.46 | H122: =+ROUND(F122*G122,$Q$2) -> 957237 | K122: =ROUND(F122*M122,$Q$2) -> 957237 | L122: =ROUND(F122*N122,$Q$2) -> 1005099 | M122: =ROUND(VLOOKUP(C122,APUS!H:V,14,0),2) -> 159539.46 | N122: =ROUND(VLOOKUP(C122,APUS!I:V,13,0),2) -> 167516.43 | O122: =ROUND(VLOOKUP(C122,APUS!D:Z,23,0),2) -> 1673.69 | P122: =ROUND(VLOOKUP(C122,APUS!E:Z,22,0),2) -> 920005.9 | Q122: =ROUND(VLOOKUP(C122,APUS!F:Z,21,0),2) -> 2083.33 | R122: =ROUND(VLOOKUP(C122,APUS!G:Z,20,0),2) -> 33473.8 | S122: =SUM(O122:R122) -> 957236.72 | V122: =CONCATENATE(C122," ","-"," ",D122) -> 5.08 - Codo 90° PVC Ø6"
C123: =+ROUNDUP(C122+0.01,2) -> 5.09 | D123: =+VLOOKUP(C123,'[7]CANTIDADES DE OBRA'!$B:$E,2,FALSE) -> Fijacion de tuberias horizontales | E123: =+VLOOKUP(C123,'[7]CANTIDADES DE OBRA'!$B:$E,3,FALSE) -> UND | F123: =+VLOOKUP(C123,'[7]CANTIDADES DE OBRA'!$B:$E,4,FALSE) -> 89 | G123: =+IFERROR(IF($Q$1="UNITARIOS",VLOOKUP(C123,C:Y,11,FALSE),VLOOKUP(C123,C:Y,12,FALSE)),0) -> 33738.19 | H123: =+ROUND(F123*G123,$Q$2) -> 3002699 | K123: =ROUND(F123*M123,$Q$2) -> 3002699 | L123: =ROUND(F123*N123,$Q$2) -> 3152834 | M123: =ROUND(VLOOKUP(C123,APUS!H:V,14,0),2) -> 33738.19 | N123: =ROUND(VLOOKUP(C123,APUS!I:V,13,0),2) -> 35425.1 | O123: =ROUND(VLOOKUP(C123,APUS!D:Z,23,0),2) -> 47619.81 | P123: =ROUND(VLOOKUP(C123,APUS!E:Z,22,0),2) -> 1971780.3 | Q123: =ROUND(VLOOKUP(C123,APUS!F:Z,21,0),2) -> 30902.73 | R123: =ROUND(VLOOKUP(C123,APUS!G:Z,20,0),2) -> 952396.12 | S123: =SUM(O123:R123) -> 3002699 | V123: =CONCATENATE(C123," ","-"," ",D123) -> 5.09 - Fijacion de tuberias horizontales
C124: =+ROUNDUP(C123+0.01,2) -> 5.1 | D124: =+VLOOKUP(C124,'[7]CANTIDADES DE OBRA'!$B:$E,2,FALSE) -> Fijacion de tuberias verticales | E124: =+VLOOKUP(C124,'[7]CANTIDADES DE OBRA'!$B:$E,3,FALSE) -> UND | F124: =+VLOOKUP(C124,'[7]CANTIDADES DE OBRA'!$B:$E,4,FALSE) -> 9 | G124: =+IFERROR(IF($Q$1="UNITARIOS",VLOOKUP(C124,C:Y,11,FALSE),VLOOKUP(C124,C:Y,12,FALSE)),0) -> 110047.85 | H124: =+ROUND(F124*G124,$Q$2) -> 990431 | K124: =ROUND(F124*M124,$Q$2) -> 990431 | L124: =ROUND(F124*N124,$Q$2) -> 1039952 | M124: =ROUND(VLOOKUP(C124,APUS!H:V,14,0),2) -> 110047.85 | N124: =ROUND(VLOOKUP(C124,APUS!I:V,13,0),2) -> 115550.24 | O124: =ROUND(VLOOKUP(C124,APUS!D:Z,23,0),2) -> 6567.26 | P124: =ROUND(VLOOKUP(C124,APUS!E:Z,22,0),2) -> 852518.25 | Q124: =ROUND(VLOOKUP(C124,APUS!F:Z,21,0),2) -> 0 | R124: =ROUND(VLOOKUP(C124,APUS!G:Z,20,0),2) -> 131345.1 | S124: =SUM(O124:R124) -> 990430.61 | V124: =CONCATENATE(C124," ","-"," ",D124) -> 5.1 - Fijacion de tuberias verticales
B126: =+ROUNDUP(C122,0) -> 6 | C126: =+CONCATENATE("CAP.",B126) -> CAP.6 | D126: =+VLOOKUP(B126,'[7]CANTIDADES DE OBRA'!$B:$E,2,FALSE) -> RED DE DRENAJE | H126: =+SUM(H127:H138) -> 123015787 | K126: =+SUM(K127:K138) -> 123015787 | L126: =+SUM(L127:L138) -> 129166569 | O126: =+SUM(O127:O138) -> 1666469.8 | P126: =+SUM(P127:P138) -> 91340985 | Q126: =+SUM(Q127:Q138) -> 1570830.6 | R126: =+SUM(R127:R138) -> 28437510 | S126: =+SUM(S127:S138) -> 1.230158e+08 | V126: =CONCATENATE(C126," ","-"," ",D126) -> CAP.6 - RED DE DRENAJE
C127: =+B126+0.01 -> 6.01 | D127: =+VLOOKUP(C127,'[7]CANTIDADES DE OBRA'!$B:$E,2,FALSE) -> Cajas de inspeccion | E127: =+VLOOKUP(C127,'[7]CANTIDADES DE OBRA'!$B:$E,3,FALSE) -> UND | F127: =+VLOOKUP(C127,'[7]CANTIDADES DE OBRA'!$B:$E,4,FALSE) -> 6 | G127: =+IFERROR(IF($Q$1="UNITARIOS",VLOOKUP(C127,C:Y,11,FALSE),VLOOKUP(C127,C:Y,12,FALSE)),0) -> 900820.28 | H127: =+ROUND(F127*G127,$Q$2) -> 5404922 | K127: =ROUND(F127*M127,$Q$2) -> 5404922 | L127: =ROUND(F127*N127,$Q$2) -> 5675168 | M127: =ROUND(VLOOKUP(C127,APUS!H:V,14,0),2) -> 900820.28 | N127: =ROUND(VLOOKUP(C127,APUS!I:V,13,0),2) -> 945861.29 | O127: =ROUND(VLOOKUP(C127,APUS!D:Z,23,0),2) -> 26752.7 | P127: =ROUND(VLOOKUP(C127,APUS!E:Z,22,0),2) -> 4843115 | Q127: =ROUND(VLOOKUP(C127,APUS!F:Z,21,0),2) -> 0 | R127: =ROUND(VLOOKUP(C127,APUS!G:Z,20,0),2) -> 535054 | S127: =SUM(O127:R127) -> 5404921.7 | V127: =CONCATENATE(C127," ","-"," ",D127) -> 6.01 - Cajas de inspeccion
C128: =+ROUNDUP(C127+0.01,2) -> 6.02 | D128: =+VLOOKUP(C128,'[7]CANTIDADES DE OBRA'!$B:$E,2,FALSE) -> Estacion de bombeo (incluye accesorios) | E128: =+VLOOKUP(C128,'[7]CANTIDADES DE OBRA'!$B:$E,3,FALSE) -> UND | F128: =+VLOOKUP(C128,'[7]CANTIDADES DE OBRA'!$B:$E,4,FALSE) -> 1 | G128: =+IFERROR(IF($Q$1="UNITARIOS",VLOOKUP(C128,C:Y,11,FALSE),VLOOKUP(C128,C:Y,12,FALSE)),0) -> 46279018 | H128: =+ROUND(F128*G128,$Q$2) -> 46279018 | K128: =ROUND(F128*M128,$Q$2) -> 46279018 | L128: =ROUND(F128*N128,$Q$2) -> 48592969 | M128: =ROUND(VLOOKUP(C128,APUS!H:V,14,0),2) -> 46279018 | N128: =ROUND(VLOOKUP(C128,APUS!I:V,13,0),2) -> 48592969 | O128: =ROUND(VLOOKUP(C128,APUS!D:Z,23,0),2) -> 58375.6 | P128: =ROUND(VLOOKUP(C128,APUS!E:Z,22,0),2) -> 45050700 | Q128: =ROUND(VLOOKUP(C128,APUS!F:Z,21,0),2) -> 2430.55 | R128: =ROUND(VLOOKUP(C128,APUS!G:Z,20,0),2) -> 1167512 | S128: =SUM(O128:R128) -> 46279018 | V128: =CONCATENATE(C128," ","-"," ",D128) -> 6.02 - Estacion de bombeo (incluye accesorios)
C129: =+ROUNDUP(C128+0.01,2) -> 6.03 | D129: =+VLOOKUP(C129,'[7]CANTIDADES DE OBRA'!$B:$E,2,FALSE) -> Excavacion en material comun | E129: =+VLOOKUP(C129,'[7]CANTIDADES DE OBRA'!$B:$E,3,FALSE) -> M3 | F129: =+VLOOKUP(C129,'[7]CANTIDADES DE OBRA'!$B:$E,4,FALSE) -> 127.35 | G129: =+IFERROR(IF($Q$1="UNITARIOS",VLOOKUP(C129,C:Y,11,FALSE),VLOOKUP(C129,C:Y,12,FALSE)),0) -> 59998.05 | H129: =+ROUND(F129*G129,$Q$2) -> 7640752 | K129: =ROUND(F129*M129,$Q$2) -> 7640752 | L129: =ROUND(F129*N129,$Q$2) -> 8022789 | M129: =ROUND(VLOOKUP(C129,APUS!H:V,14,0),2) -> 59998.05 | N129: =ROUND(VLOOKUP(C129,APUS!I:V,13,0),2) -> 62997.95 | O129: =ROUND(VLOOKUP(C129,APUS!D:Z,23,0),2) -> 363845.32 | P129: =ROUND(VLOOKUP(C129,APUS!E:Z,22,0),2) -> 0 | Q129: =ROUND(VLOOKUP(C129,APUS!F:Z,21,0),2) -> 0 | R129: =ROUND(VLOOKUP(C129,APUS!G:Z,20,0),2) -> 7276906.3 | S129: =SUM(O129:R129) -> 7640751.7 | V129: =CONCATENATE(C129," ","-"," ",D129) -> 6.03 - Excavacion en material comun
C130: =+ROUNDUP(C129+0.01,2) -> 6.04 | D130: =+VLOOKUP(C130,'[7]CANTIDADES DE OBRA'!$B:$E,2,FALSE) -> Retiro de material sobrante | E130: =+VLOOKUP(C130,'[7]CANTIDADES DE OBRA'!$B:$E,3,FALSE) -> M3 | F130: =+VLOOKUP(C130,'[7]CANTIDADES DE OBRA'!$B:$E,4,FALSE) -> 52.28 | G130: =+IFERROR(IF($Q$1="UNITARIOS",VLOOKUP(C130,C:Y,11,FALSE),VLOOKUP(C130,C:Y,12,FALSE)),0) -> 53999.22 | H130: =+ROUND(F130*G130,$Q$2) -> 2823079 | K130: =ROUND(F130*M130,$Q$2) -> 2823079 | L130: =ROUND(F130*N130,$Q$2) -> 2964233 | M130: =ROUND(VLOOKUP(C130,APUS!H:V,14,0),2) -> 53999.22 | N130: =ROUND(VLOOKUP(C130,APUS!I:V,13,0),2) -> 56699.18 | O130: =ROUND(VLOOKUP(C130,APUS!D:Z,23,0),2) -> 59746.63 | P130: =ROUND(VLOOKUP(C130,APUS!E:Z,22,0),2) -> 0 | Q130: =ROUND(VLOOKUP(C130,APUS!F:Z,21,0),2) -> 1568400 | R130: =ROUND(VLOOKUP(C130,APUS!G:Z,20,0),2) -> 1194932.6 | S130: =SUM(O130:R130) -> 2823079.2 | V130: =CONCATENATE(C130," ","-"," ",D130) -> 6.04 - Retiro de material sobrante
C131: =+ROUNDUP(C130+0.01,2) -> 6.05 | D131: =+VLOOKUP(C131,'[7]CANTIDADES DE OBRA'!$B:$E,2,FALSE) -> Concreto fc 28 Mpa | E131: =+VLOOKUP(C131,'[7]CANTIDADES DE OBRA'!$B:$E,3,FALSE) -> M3 | F131: =+VLOOKUP(C131,'[7]CANTIDADES DE OBRA'!$B:$E,4,FALSE) -> 20.88 | G131: =+IFERROR(IF($Q$1="UNITARIOS",VLOOKUP(C131,C:Y,11,FALSE),VLOOKUP(C131,C:Y,12,FALSE)),0) -> 915241.49 | H131: =+ROUND(F131*G131,$Q$2) -> 19110242 | K131: =ROUND(F131*M131,$Q$2) -> 19110242 | L131: =ROUND(F131*N131,$Q$2) -> 20065754 | M131: =ROUND(VLOOKUP(C131,APUS!H:V,14,0),2) -> 915241.49 | N131: =ROUND(VLOOKUP(C131,APUS!I:V,13,0),2) -> 961003.56 | O131: =ROUND(VLOOKUP(C131,APUS!D:Z,23,0),2) -> 318582.71 | P131: =ROUND(VLOOKUP(C131,APUS!E:Z,22,0),2) -> 17311891 | Q131: =ROUND(VLOOKUP(C131,APUS!F:Z,21,0),2) -> 0 | R131: =ROUND(VLOOKUP(C131,APUS!G:Z,20,0),2) -> 1479768.6 | S131: =SUM(O131:R131) -> 19110242 | V131: =CONCATENATE(C131," ","-"," ",D131) -> 6.05 - Concreto fc 28 Mpa
C132: =+ROUNDUP(C131+0.01,2) -> 6.06 | D132: =+VLOOKUP(C132,'[7]CANTIDADES DE OBRA'!$B:$E,2,FALSE) -> Acero de refuerzo fy 420 Mpa | E132: =+VLOOKUP(C132,'[7]CANTIDADES DE OBRA'!$B:$E,3,FALSE) -> Kg | F132: =+VLOOKUP(C132,'[7]CANTIDADES DE OBRA'!$B:$E,4,FALSE) -> 2181.4 | G132: =+IFERROR(IF($Q$1="UNITARIOS",VLOOKUP(C132,C:Y,11,FALSE),VLOOKUP(C132,C:Y,12,FALSE)),0) -> 7656.07 | H132: =+ROUND(F132*G132,$Q$2) -> 16700951 | K132: =ROUND(F132*M132,$Q$2) -> 16700951 | L132: =ROUND(F132*N132,$Q$2) -> 17535991 | M132: =ROUND(VLOOKUP(C132,APUS!H:V,14,0),2) -> 7656.07 | N132: =ROUND(VLOOKUP(C132,APUS!I:V,13,0),2) -> 8038.87 | O132: =ROUND(VLOOKUP(C132,APUS!D:Z,23,0),2) -> 291791.7 | P132: =ROUND(VLOOKUP(C132,APUS!E:Z,22,0),2) -> 10573333 | Q132: =ROUND(VLOOKUP(C132,APUS!F:Z,21,0),2) -> 0 | R132: =ROUND(VLOOKUP(C132,APUS!G:Z,20,0),2) -> 5835834 | S132: =SUM(O132:R132) -> 16700959 | V132: =CONCATENATE(C132," ","-"," ",D132) -> 6.06 - Acero de refuerzo fy 420 Mpa
C133: =+ROUNDUP(C132+0.01,2) -> 6.07 | D133: =+VLOOKUP(C133,'[7]CANTIDADES DE OBRA'!$B:$E,2,FALSE) -> Tubería PVC Ø4" perforada para red de drenaje | E133: =+VLOOKUP(C133,'[7]CANTIDADES DE OBRA'!$B:$E,3,FALSE) -> ML | F133: =+VLOOKUP(C133,'[7]CANTIDADES DE OBRA'!$B:$E,4,FALSE) -> 145 | G133: =+IFERROR(IF($Q$1="UNITARIOS",VLOOKUP(C133,C:Y,11,FALSE),VLOOKUP(C133,C:Y,12,FALSE)),0) -> 121733.18 | H133: =+ROUND(F133*G133,$Q$2) -> 17651311 | K133: =ROUND(F133*M133,$Q$2) -> 17651311 | L133: =ROUND(F133*N133,$Q$2) -> 18533877 | M133: =ROUND(VLOOKUP(C133,APUS!H:V,14,0),2) -> 121733.18 | N133: =ROUND(VLOOKUP(C133,APUS!I:V,13,0),2) -> 127819.84 | O133: =ROUND(VLOOKUP(C133,APUS!D:Z,23,0),2) -> 513808.52 | P133: =ROUND(VLOOKUP(C133,APUS!E:Z,22,0),2) -> 6861332.2 | Q133: =ROUND(VLOOKUP(C133,APUS!F:Z,21,0),2) -> 0 | R133: =ROUND(VLOOKUP(C133,APUS!G:Z,20,0),2) -> 10276171 | S133: =SUM(O133:R133) -> 17651311 | V133: =CONCATENATE(C133," ","-"," ",D133) -> 6.07 - Tubería PVC Ø4" perforada para red de drenaje
C134: =+ROUNDUP(C133+0.01,2) -> 6.08 | D134: =+VLOOKUP(C134,'[7]CANTIDADES DE OBRA'!$B:$E,2,FALSE) -> Tubería PVC Ø6" perforada para red de drenaje | E134: =+VLOOKUP(C134,'[7]CANTIDADES DE OBRA'!$B:$E,3,FALSE) -> ML | F134: =+VLOOKUP(C134,'[7]CANTIDADES DE OBRA'!$B:$E,4,FALSE) -> 46.94 | G134: =+IFERROR(IF($Q$1="UNITARIOS",VLOOKUP(C134,C:Y,11,FALSE),VLOOKUP(C134,C:Y,12,FALSE)),0) -> 60136.56 | H134: =+ROUND(F134*G134,$Q$2) -> 2822810 | K134: =ROUND(F134*M134,$Q$2) -> 2822810 | L134: =ROUND(F134*N134,$Q$2) -> 2963951 | M134: =ROUND(VLOOKUP(C134,APUS!H:V,14,0),2) -> 60136.56 | N134: =ROUND(VLOOKUP(C134,APUS!I:V,13,0),2) -> 63143.39 | O134: =ROUND(VLOOKUP(C134,APUS!D:Z,23,0),2) -> 6278.86 | P134: =ROUND(VLOOKUP(C134,APUS!E:Z,22,0),2) -> 2690954.4 | Q134: =ROUND(VLOOKUP(C134,APUS!F:Z,21,0),2) -> 0 | R134: =ROUND(VLOOKUP(C134,APUS!G:Z,20,0),2) -> 125577.17 | S134: =SUM(O134:R134) -> 2822810.4 | V134: =CONCATENATE(C134," ","-"," ",D134) -> 6.08 - Tubería PVC Ø6" perforada para red de drenaje
C135: =+ROUNDUP(C134+0.01,2) -> 6.09 | D135: =+VLOOKUP(C135,'[7]CANTIDADES DE OBRA'!$B:$E,2,FALSE) -> Codo 45° PVC Ø4" | E135: =+VLOOKUP(C135,'[7]CANTIDADES DE OBRA'!$B:$E,3,FALSE) -> UND | F135: =+VLOOKUP(C135,'[7]CANTIDADES DE OBRA'!$B:$E,4,FALSE) -> 32 | G135: =+IFERROR(IF($Q$1="UNITARIOS",VLOOKUP(C135,C:Y,11,FALSE),VLOOKUP(C135,C:Y,12,FALSE)),0) -> 33495.45 | H135: =+ROUND(F135*G135,$Q$2) -> 1071854 | K135: =ROUND(F135*M135,$Q$2) -> 1071854 | L135: =ROUND(F135*N135,$Q$2) -> 1125447 | M135: =ROUND(VLOOKUP(C135,APUS!H:V,14,0),2) -> 33495.45 | N135: =ROUND(VLOOKUP(C135,APUS!I:V,13,0),2) -> 35170.22 | O135: =ROUND(VLOOKUP(C135,APUS!D:Z,23,0),2) -> 17121.73 | P135: =ROUND(VLOOKUP(C135,APUS!E:Z,22,0),2) -> 712298.12 | Q135: =ROUND(VLOOKUP(C135,APUS!F:Z,21,0),2) -> 0 | R135: =ROUND(VLOOKUP(C135,APUS!G:Z,20,0),2) -> 342434.56 | S135: =SUM(O135:R135) -> 1071854.4 | V135: =CONCATENATE(C135," ","-"," ",D135) -> 6.09 - Codo 45° PVC Ø4"
C136: =+ROUNDUP(C135+0.01,2) -> 6.1 | D136: =+VLOOKUP(C136,'[7]CANTIDADES DE OBRA'!$B:$E,2,FALSE) -> Silla Yee reducida de Ø6" a Ø4" | E136: =+VLOOKUP(C136,'[7]CANTIDADES DE OBRA'!$B:$E,3,FALSE) -> UND | F136: =+VLOOKUP(C136,'[7]CANTIDADES DE OBRA'!$B:$E,4,FALSE) -> 13 | G136: =+IFERROR(IF($Q$1="UNITARIOS",VLOOKUP(C136,C:Y,11,FALSE),VLOOKUP(C136,C:Y,12,FALSE)),0) -> 184781.45 | H136: =+ROUND(F136*G136,$Q$2) -> 2402159 | K136: =ROUND(F136*M136,$Q$2) -> 2402159 | L136: =ROUND(F136*N136,$Q$2) -> 2522267 | M136: =ROUND(VLOOKUP(C136,APUS!H:V,14,0),2) -> 184781.45 | N136: =ROUND(VLOOKUP(C136,APUS!I:V,13,0),2) -> 194020.52 | O136: =ROUND(VLOOKUP(C136,APUS!D:Z,23,0),2) -> 6955.7 | P136: =ROUND(VLOOKUP(C136,APUS!E:Z,22,0),2) -> 2256089.1 | Q136: =ROUND(VLOOKUP(C136,APUS!F:Z,21,0),2) -> 0 | R136: =ROUND(VLOOKUP(C136,APUS!G:Z,20,0),2) -> 139114.04 | S136: =SUM(O136:R136) -> 2402158.9 | V136: =CONCATENATE(C136," ","-"," ",D136) -> 6.1 - Silla Yee reducida de Ø6" a Ø4"
C137: =+ROUNDUP(C136+0.01,2) -> 6.11 | D137: =+VLOOKUP(C137,'[7]CANTIDADES DE OBRA'!$B:$E,2,FALSE) -> Silla Yee Ø4" | E137: =+VLOOKUP(C137,'[7]CANTIDADES DE OBRA'!$B:$E,3,FALSE) -> UND | F137: =+VLOOKUP(C137,'[7]CANTIDADES DE OBRA'!$B:$E,4,FALSE) -> 6 | G137: =+IFERROR(IF($Q$1="UNITARIOS",VLOOKUP(C137,C:Y,11,FALSE),VLOOKUP(C137,C:Y,12,FALSE)),0) -> 184781.45 | H137: =+ROUND(F137*G137,$Q$2) -> 1108689 | K137: =ROUND(F137*M137,$Q$2) -> 1108689 | L137: =ROUND(F137*N137,$Q$2) -> 1164123 | M137: =ROUND(VLOOKUP(C137,APUS!H:V,14,0),2) -> 184781.45 | N137: =ROUND(VLOOKUP(C137,APUS!I:V,13,0),2) -> 194020.52 | O137: =ROUND(VLOOKUP(C137,APUS!D:Z,23,0),2) -> 3210.32 | P137: =ROUND(VLOOKUP(C137,APUS!E:Z,22,0),2) -> 1041271.9 | Q137: =ROUND(VLOOKUP(C137,APUS!F:Z,21,0),2) -> 0 | R137: =ROUND(VLOOKUP(C137,APUS!G:Z,20,0),2) -> 64206.48 | S137: =SUM(O137:R137) -> 1108688.7 | V137: =CONCATENATE(C137," ","-"," ",D137) -> 6.11 - Silla Yee Ø4"
C139: COSTO TOTAL DIRECTO | H139: =SUM(H9:H138)/2 -> 770230593 | K139: =SUM(K9:K138)/2 -> 770230593 | L139: =SUM(L9:L138)/2 -> 808742095 | O139: =SUM(O9:O138)/2 -> 7508552.2 | P139: =SUM(P9:P138)/2 -> 6.3369198e+08 | Q139: =SUM(Q9:Q138)/2 -> 4068400 | R139: =SUM(R9:R138)/2 -> 1.2496166e+08 | S139: =SUM(S9:S138)/2 -> 7.7023059e+08
C140: ADMINISTRACCION | G140: =+AIU!I58 -> 0.1519 | H140: =+ROUND($H$139*G140,$Q$2) -> 116998027
C141: IMPREVISTOS | G141: 0.03 | H141: =+ROUND($H$139*G141,$Q$2) -> 23106918
C142: UTILIDAD | G142: 0.05 | H142: =+ROUND($H$139*G142,$Q$2) -> 38511530
C143: IVA UTILIDAD | H143: =+ROUND(H142*0.19,0) -> 7317191
C144: COSTO TOTAL INDIRECTO (A.I.U.) | H144: =+SUM(H140:H143) -> 185933666
C146: COSTO TOTAL OBRA | H146: =H139+H144 -> 956164259
C148: ELABORO: | E148: APROBÓ:
C152: =INFORMACION!C25 -> ING. EDGAR VILLEGAS PALLARES | E152: =INFORMACION!C14 -> 0
C153: =INFORMACION!C26 -> MP 54202136467 NTS | E153: =INFORMACION!$C$15 -> 0
E154: =INFORMACION!$C$16 -> ARAUCA, ARAUCA

Sheet APUS
M2: ANALISÍS DE PRECIOS UNITARIOS
M3: CONTRATANTE: | O3: =+INFORMACION!$A$12 -> 0
M4: PROYECTO: | O4: =+INFORMACION!A3 -> "CONSULTORIA PARA EL ANALISIS Y DIAGNOSITCO DEL ESTADO ESTRUCTURAL Y DE LAS REDES HIDROSANITARIAS DE LA EDIFICACION INCLUYENDO LA EVALUACION DEL SISTEMA HIDRAULICO DEL SOTANO DEL PALACIO DE JUSTICIA NUEVO DE ARAUCA, UBICADO EN LA CALLE 21, Y LA ELABORACION DE UNA PROPUESTA TECNICA PARA LA OPTIMIZACION Y/O REPARACIONES NECESARIAS"
M5: LOCALIZACION: | O5: =+INFORMACION!$C$16 -> ARAUCA, ARAUCA | S5: FECHA: | U5: =+INFORMACION!A9 -> MARZO DE 2025 | AA5: 2 | AB5: Decimales
M6: ELABORÓ: | R6: APROBO: | AA6: =+AIU!D9 -> 0.1519 | AB6: ADMINISTRACION
AA7: =+AIU!D10 -> 0.03 | AB7: IMPREVISTOS
AA8: =+AIU!D11 -> 0.05 | AB8: UTILIDADES
AA9: 0 | AB9: IVA SOBRE LA UTILIDAD
M10: ANALISIS DE PRECIOS UNITARIOS (A.P.Us.) CAPITULO - BASICOS | AA10: 0.05 | AB10: HERRAMIENTA MENOR
AA11: 11.2 | AB11: DISTANCIA - TRITURADORA
M12: CAPITULO: | N12: CAP.B | O12: BASICOS | V12: UNIDAD | Y12: CANT. | AA12: 23.1 | AB12: DISTANCIA DEPOSITO DE MATERIALES
C13: =+N13 -> C3000 | M13: ITEM: | N13: C3000 | O13: =IFERROR(VLOOKUP(N13,INSUMOS!$C$8:$K$928,2,0),"-----") -> CONCRETO DE 3.000 PSI | V13: =IFERROR(VLOOKUP(N13,INSUMOS!$C$8:$K$928,6,0),"-----") -> m3 | W13: =+U52 -> 789152.76 | Y13: =SUMIFS($Y$183:$Y$5714,$M$183:$M$5714,N13) -> 3.9875
D15: I | E15: II | F15: III | G15: IV | H15: CD | I15: CT | J15: REND | M15: I. EQUIPOS/HERRAMIENTAS
M16: No. ART. | N16: DESCRIPCION | R16: UNID. | S16: REND. | T16: VR. UNIT. | V16: VR. PARCIAL | Y16: CANT. | Z16: VR. TOTAL
N17: HERRAMIENTA MENOR | R17: % | S17: =+$AA$10 -> 0.05 | T17: =V50 -> 91425.6 | V17: =+IFERROR(T17*S17,0) -> 4571.28 | Z17: =Y13*V17 -> 18227.979 | AE17: =+IF(V17=0,"CERO","NO") -> NO
M18: 8 | N18: =IFERROR(VLOOKUP(M18,INSUMOS!$C$8:$K$928,2,0),"-----") -> MEZCLADORA DE CONCRETO | R18: =IFERROR(VLOOKUP(M18,INSUMOS!$C$8:$K$928,6,0),"-----") -> dia | S18: 0.1 | T18: =IFERROR(VLOOKUP(M18,INSUMOS!$C$8:$K$928,7,0),"0") -> 85000 | V18: =+IFERROR(T18*S18,0) -> 8500 | Y18: =+IFERROR(Y13*S18,0) -> 0.39875 | Z18: =Y13*V18 -> 33893.75 | AB18: =+Y18*T18 -> 33893.75 | AC18: =+AB18-Z18 -> 0 | AE18: =+IF(V18=0,"CERO","NO") -> NO
M19: 0 | Y19: =+IFERROR(Y13*S19,0) -> 0 | Z19: =Y13*V19 -> 0 | AB19: =+Y19*T19 -> 0 | AC19: =+AB19-Z19 -> 0 | AE19: =+IF(V19=0,"CERO","NO") -> CERO
M20: 0 | Y20: =+IFERROR(Y13*S20,0) -> 0 | Z20: =Y13*V20 -> 0 | AB20: =+Y20*T20 -> 0 | AC20: =+AB20-Z20 -> 0 | AE20: =+IF(V20=0,"CERO","NO") -> CERO
M21: 0 | Y21: =+IFERROR(Y13*S21,0) -> 0 | Z21: =Y13*V21 -> 0 | AB21: =+Y21*T21 -> 0 | AC21: =+AB21-Z21 -> 0 | AE21: =+IF(V21=0,"CERO","NO") -> CERO
D22: I | E22: II | F22: III | G22: IV | H22: CD | I22: CT | J22: REND | N22: SUBTOTAL EQUIPOS/HERRAMIENTAS | V22: =+SUM(V17:V21) -> 13071.28 | Y22: SUBTOTAL | Z22: =+SUM(Z17:Z21) -> 52121.729
D23: =C13 -> C3000 | N23: VALOR REDONDEADO SUBTOTAL DE EQUIPOS/HERRAMIENTAS | V23: =+ROUND(V22,$AA$5) -> 13071.28 | Y23: SUBTOTAL RED. | Z23: =+ROUND(Z22,$AA$5) -> 52121.73 | AB23: =+V23*Y13 -> 52121.729 | AC23: =+AB23-Z23 -> -0.001
M24: II. MATERIALES E INSUMOS
M25: No. ART. | N25: DESCRIPCION | R25: UNID. | S25: CANT. | T25: DESP. (%) | U25: VR. UNIT. | V25: VR. PARCIAL | Y25: CANT. | Z25: VR. TOTAL
M26: 400 | N26: =IFERROR(VLOOKUP(M26,INSUMOS!$C$8:$K$928,2,0),"-----") -> CEMENTO GRIS | R26: =IFERROR(VLOOKUP(M26,INSUMOS!$C$8:$K$928,6,0),"-----") -> kg | S26: 350 | T26: 0.02 | U26: =IFERROR(VLOOKUP(M26,INSUMOS!$C$8:$K$928,7,0),"0") -> 600 | V26: =+IFERROR(U26*(S26*(1+T26)),0) -> 214200 | Y26: =+IFERROR(Y13*(S26*(1+T26)),0) -> 1423.5375 | Z26: =Y13*V26 -> 854122.5 | AB26: =+Y26*U26 -> 854122.5 | AC26: =+AB26-Z26 -> 0 | AE26: =+IF(V26=0,"CERO","NO") -> NO
M27: 401 | N27: =IFERROR(VLOOKUP(M27,INSUMOS!$C$8:$K$928,2,0),"-----") -> AGUA | R27: =IFERROR(VLOOKUP(M27,INSUMOS!$C$8:$K$928,6,0),"-----") -> lt | S27: 180 | T27: 0.05 | U27: =IFERROR(VLOOKUP(M27,INSUMOS!$C$8:$K$928,7,0),"0") -> 75 | V27: =+IFERROR(U27*(S27*(1+T27)),0) -> 14175 | Y27: =+IFERROR(Y13*(S27*(1+T27)),0) -> 753.6375 | Z27: =Y13*V27 -> 56522.812 | AB27: =+Y27*U27 -> 56522.812 | AC27: =+AB27-Z27 -> 0 | AE27: =+IF(V27=0,"CERO","NO") -> NO
M28: 405 | N28: =IFERROR(VLOOKUP(M28,INSUMOS!$C$8:$K$928,2,0),"-----") -> ARENA GRUESA | R28: =IFERROR(VLOOKUP(M28,INSUMOS!$C$8:$K$928,6,0),"-----") -> m3 | S28: 0.56 | T28: 0.03 | U28: =IFERROR(VLOOKUP(M28,INSUMOS!$C$8:$K$928,7,0),"0") -> 97476 | V28: =+IFERROR(U28*(S28*(1+T28)),0) -> 56224.157 | Y28: =+IFERROR(Y13*(S28*(1+T28)),0) -> 2.29999 | Z28: =Y13*V28 -> 224193.83 | AB28: =+Y28*U28 -> 224193.83 | AC28: =+AB28-Z28 -> 0 | AE28: =+IF(V28=0,"CERO","NO") -> NO
M29: 411 | N29: =IFERROR(VLOOKUP(M29,INSUMOS!$C$8:$K$928,2,0),"-----") -> TRITURADO DE 3/4" | R29: =IFERROR(VLOOKUP(M29,INSUMOS!$C$8:$K$928,6,0),"-----") -> m3 | S29: 0.84 | T29: 0.03 | U29: =IFERROR(VLOOKUP(M29,INSUMOS!$C$8:$K$928,7,0),"0") -> 39600 | V29: =+IFERROR(U29*(S29*(1+T29)),0) -> 34261.92 | Y29: =+IFERROR(Y13*(S29*(1+T29)),0) -> 3.449985 | Z29: =Y13*V29 -> 136619.41 | AB29: =+Y29*U29 -> 136619.41 | AC29: =+AB29-Z29 -> 0 | AE29: =+IF(V29=0,"CERO","NO") -> NO
M30: 0 | Y30: =+IFERROR(Y13*(S30*(1+T30)),0) -> 0 | Z30: =Y13*V30 -> 0 | AB30: =+Y30*U30 -> 0 | AC30: =+AB30-Z30 -> 0 | AE30: =+IF(V30=0,"CERO","NO") -> CERO
M31: 0 | Y31: =+IFERROR(Y13*(S31*(1+T31)),0) -> 0 | Z31: =Y13*V31 -> 0 | AB31: =+Y31*U31 -> 0 | AC31: =+AB31-Z31 -> 0 | AE31: =+IF(V31=0,"CERO","NO") -> CERO
M32: 0 | Y32: =+IFERROR(Y13*(S32*(1+T32)),0) -> 0 | Z32: =Y13*V32 -> 0 | AB32: =+Y32*U32 -> 0 | AC32: =+AB32-Z32 -> 0 | AE32: =+IF(V32=0,"CERO","NO") -> CERO
D33: I | E33: II | F33: III | G33: IV | H33: CD | I33: CT | J33: REND | N33: SUBTOTAL DE MATERIALES | V33: =+SUM(V26:V32) -> 318861.08 | Y33: SUBTOTAL | Z33: =+SUM(Z26:Z32) -> 1271458.5
E34: =+D23 -> C3000 | N34: VALOR REDONDEADO SUBTOTAL DE MATERIALES E INSUMOS | V34: =+ROUND(V33,$AA$5) -> 318861.08 | Y34: SUBTOTAL RED. | Z34: =+ROUND(Z33,$AA$5) -> 1271458.5 | AB34: =+V34*Y13 -> 1271458.6 | AC34: =+AB34-Z34 -> 0.0165
M35: III. TRANSPORTE
M36: No. ART. | N36: DESCRIPCION | Q36: UND. | R36: CANT./ PESO/ VOL. | S36: KM. | T36: PRECIO/KM | V36: VR. PARCIAL | Y36: CANT. | Z36: VR. TOTAL
M37: 120 | N37: =IFERROR(VLOOKUP(M37,INSUMOS!$C$8:$K$928,2,0),"-----") -> Transporte Cemento | Q37: =IFERROR(VLOOKUP(M37,INSUMOS!$C$8:$K$928,5,0),"-----") -> kg/km | R37: =S26*(1+T26) -> 357 | S37: =IFERROR(VLOOKUP(M37,INSUMOS!$C$8:$K$928,6,0),"0") -> 15 | T37: =IFERROR(VLOOKUP(M37,INSUMOS!$C$8:$K$928,7,0),"0") -> 20 | V37: =+T37*S37*R37 -> 107100 | Y37: =+IFERROR((R37*S37)*Y13,0) -> 21353.062 | Z37: =Y13*V37 -> 427061.25 | AB37: =+Y37*T37 -> 427061.25 | AC37: =+AB37-Z37 -> 0 | AE37: =+IF(V37=0,"CERO","NO") -> NO
M38: 100 | N38: =IFERROR(VLOOKUP(M38,INSUMOS!$C$8:$K$928,2,0),"-----") -> Transporte Arena | Q38: =IFERROR(VLOOKUP(M38,INSUMOS!$C$8:$K$928,5,0),"-----") -> m3/km | R38: =S28*(1+T28) -> 0.5768 | S38: =IFERROR(VLOOKUP(M38,INSUMOS!$C$8:$K$928,6,0),"0") -> 15 | T38: =IFERROR(VLOOKUP(M38,INSUMOS!$C$8:$K$928,7,0),"0") -> 2000 | V38: =+T38*S38*R38 -> 17304 | Y38: =+IFERROR((R38*S38)*Y13,0) -> 34.49985 | Z38: =Y13*V38 -> 68999.7 | AB38: =+Y38*T38 -> 68999.7 | AC38: =+AB38-Z38 -> 0 | AE38: =+IF(V38=0,"CERO","NO") -> NO
M39: 101 | N39: =IFERROR(VLOOKUP(M39,INSUMOS!$C$8:$K$928,2,0),"-----") -> Transporte Triturado | Q39: =IFERROR(VLOOKUP(M39,INSUMOS!$C$8:$K$928,5,0),"-----") -> m3/km | R39: =S29*(1+T29) -> 0.8652 | S39: =IFERROR(VLOOKUP(M39,INSUMOS!$C$8:$K$928,6,0),"0") -> 186 | T39: =IFERROR(VLOOKUP(M39,INSUMOS!$C$8:$K$928,7,0),"0") -> 1500 | V39: =+T39*S39*R39 -> 241390.8 | Y39: =+IFERROR((R39*S39)*Y13,0) -> 641.69721 | Z39: =Y13*V39 -> 962545.81 | AB39: =+Y39*T39 -> 962545.81 | AC39: =+AB39-Z39 -> 0 | AE39: =+IF(V39=0,"CERO","NO") -> NO
Y40: =+IFERROR((R40*S40)*Y13,0) -> 0 | Z40: =Y13*V40 -> 0 | AB40: =+Y40*T40 -> 0 | AC40: =+AB40-Z40 -> 0 | AE40: =+IF(V40=0,"CERO","NO") -> CERO
M41: 0 | Y41: =+IFERROR((R41*S41)*Y13,0) -> 0 | Z41: =Y13*V41 -> 0 | AB41: =+Y41*T41 -> 0 | AC41: =+AB41-Z41 -> 0 | AE41: =+IF(V41=0,"CERO","NO") -> CERO
D42: I | E42: II | F42: III | G42: IV | H42: CD | I42: CT | J42: REND | N42: SUBTOTAL TRANSPORTE | V42: =+SUM(V37:V41) -> 365794.8 | Y42: SUBTOTAL | Z42: =+SUM(Z37:Z41) -> 1458606.8
F43: =+E34 -> C3000 | N43: VALOR REDONDEADO SUBTOTAL TRANSPORTE | V43: =+ROUND(V42,$AA$5) -> 365794.8 | Y43: SUBTOTAL RED. | Z43: =+ROUND(Z42,$AA$5) -> 1458606.8 | AB43: =+V43*Y13 -> 1458606.8
M44: IV. MANO DE OBRA
D45: I | E45: II | F45: III | G45: IV | H45: CD | I45: CT | J45: REND | M45: No. ART. | N45: DESCRIPCION | O45: UNID. | P45: CANT. | Q45: RDTO. | R45: JORNAL | S45: PS (80%) | T45: I.D.P.D | U45: JORNAL+PS | V45: VR. PARCIAL | Y45: CANT. | Z45: VR. TOTAL
J46: =+F43 -> C3000 | M46: 202 | N46: =IFERROR(VLOOKUP(M46,INSUMOS!$C$8:$K$928,2,0),"-----") -> Ayudante Albañileria | O46: =IFERROR(VLOOKUP(M46,INSUMOS!$C$8:$K$928,3,0),"-----") -> JORNAL+PS | P46: 4 | Q46: 5 | R46: =IFERROR(VLOOKUP(M46,INSUMOS!$C$8:$K$928,4,0),"-----") -> 63490 | S46: =IFERROR(VLOOKUP(M46,INSUMOS!$C$8:$K$928,6,0),"-----") -> 50792 | T46: =IFERROR(VLOOKUP(M46,INSUMOS!$C$8:$K$928,5,0),"-----") -> 0 | U46: =SUM(R46:T46) -> 114282 | V46: =+IFERROR((P46/Q46)*U46,0) -> 91425.6 | Y46: =+IFERROR((Y13/Q46*P46),0) -> 3.19 | Z46: =Y13*V46 -> 364559.58 | AB46: =+(U46)*Y46 -> 364559.58 | AC46: =+AB46-Z46 -> 0 | AE46: =+IF(V46=0,"CERO","NO") -> NO
J47: =+J46 -> C3000 | M47: 0 | Y47: =+IFERROR((Y13/Q47*P47),0) -> 0 | Z47: =Y13*V47 -> 0 | AB47: =+U47*Y47 -> 0 | AC47: =+AB47-Z47 -> 0 | AE47: =+IF(V47=0,"CERO","NO") -> CERO
M48: 0 | Y48: =+IFERROR((Y13/Q48*P48),0) -> 0 | Z48: =Y13*V48 -> 0 | AB48: =+(U48)*Y48*P48 -> 0 | AC48: =+AB48-Z48 -> 0 | AE48: =+IF(V48=0,"CERO","NO") -> CERO
D49: I | E49: II | F49: III | G49: IV | H49: CD | I49: CT | J49: REND | N49: SUBTOTAL MANO DE OBRA | V49: =+SUM(V46:V48) -> 91425.6 | Y49: SUBTOTAL | Z49: =+SUM(Z46:Z48) -> 364559.58
G50: =+F43 -> C3000 | N50: VALOR REDONDEADO SUBTOTAL DE MANO DE OBRA | V50: =+ROUND(V49,$AA$5) -> 91425.6 | Y50: SUBTOTAL RED. | Z50: =+ROUND(Z49,$AA$5) -> 364559.58 | AB50: =+V50*Y13 -> 364559.58 | AC50: =+AB50-Z50 -> 0
D51: I | E51: II | F51: III | G51: IV | H51: CD | I51: CT | J51: REND
H52: =G50 -> C3000 | M52: TOTAL COSTO DIRECTO | U52: =+V50+V43+V34+V23 -> 789152.76 | Z52: =+Z50+Z43+Z34+Z23 -> 3146746.6 | AB52: =+AB50+AB43+AB34+AB23 -> 3146746.6 | AC52: =+AB52-Z52 -> 0.010499999
AA54: 5 | AB54: DISTANCIA - ESCOMBRERA
M55: CAPITULO: | N55: CAP.B | O55: BASICOS | V55: UNIDAD | Y55: CANT. | AA55: 5 | AB55: DISTANCIA DEPOSITO DE MATERIALES
C56: =+N56 -> C1500 | M56: ITEM: | N56: C1500 | O56: =IFERROR(VLOOKUP(N56,INSUMOS!$C$8:$K$928,2,0),"-----") -> CONCRETO DE 1.500 PSI | V56: =IFERROR(VLOOKUP(N56,INSUMOS!$C$8:$K$928,6,0),"-----") -> m3 | W56: =+U95 -> 671556.87 | Y56: =SUMIFS($Y$183:$Y$5714,$M$183:$M$5714,N56) -> 0
D58: I | E58: II | F58: III | G58: IV | H58: CD | I58: CT | J58: REND | M58: I. EQUIPOS/HERRAMIENTAS
M59: No. ART. | N59: DESCRIPCION | R59: UNID. | S59: REND. | T59: VR. UNIT. | V59: VR. PARCIAL | Y59: CANT. | Z59: VR. TOTAL
N60: HERRAMIENTA MENOR | R60: % | S60: =+$AA$10 -> 0.05 | T60: =V93 -> 91425.6 | V60: =+IFERROR(T60*S60,0) -> 4571.28 | Z60: =Y56*V60 -> 0 | AE60: =+IF(V60=0,"CERO","NO") -> NO
M61: 8 | N61: =IFERROR(VLOOKUP(M61,INSUMOS!$C$8:$K$928,2,0),"-----") -> MEZCLADORA DE CONCRETO | R61: =IFERROR(VLOOKUP(M61,INSUMOS!$C$8:$K$928,6,0),"-----") -> dia | S61: 0.1 | T61: =IFERROR(VLOOKUP(M61,INSUMOS!$C$8:$K$928,7,0),"0") -> 85000 | V61: =+IFERROR(T61*S61,0) -> 8500 | Y61: =+IFERROR(Y56*S61,0) -> 0 | Z61: =Y56*V61 -> 0 | AB61: =+Y61*T61 -> 0 | AC61: =+AB61-Z61 -> 0 | AE61: =+IF(V61=0,"CERO","NO") -> NO
M62: 0 | Y62: =+IFERROR(Y56*S62,0) -> 0 | Z62: =Y56*V62 -> 0 | AB62: =+Y62*T62 -> 0 | AC62: =+AB62-Z62 -> 0 | AE62: =+IF(V62=0,"CERO","NO") -> CERO
M63: 0 | Y63: =+IFERROR(Y56*S63,0) -> 0 | Z63: =Y56*V63 -> 0 | AB63: =+Y63*T63 -> 0 | AC63: =+AB63-Z63 -> 0 | AE63: =+IF(V63=0,"CERO","NO") -> CERO
M64: 0 | Y64: =+IFERROR(Y56*S64,0) -> 0 | Z64: =Y56*V64 -> 0 | AB64: =+Y64*T64 -> 0 | AC64: =+AB64-Z64 -> 0 | AE64: =+IF(V64=0,"CERO","NO") -> CERO
D65: I | E65: II | F65: III | G65: IV | H65: CD | I65: CT | J65: REND | N65: SUBTOTAL EQUIPOS/HERRAMIENTAS | V65: =+SUM(V60:V64) -> 13071.28 | Y65: SUBTOTAL | Z65: =+SUM(Z60:Z64) -> 0
D66: =C56 -> C1500 | N66: VALOR REDONDEADO SUBTOTAL DE EQUIPOS/HERRAMIENTAS | V66: =+ROUND(V65,$AA$5) -> 13071.28 | Y66: SUBTOTAL RED. | Z66: =+ROUND(Z65,$AA$5) -> 0 | AB66: =+V66*Y56 -> 0 | AC66: =+AB66-Z66 -> 0
M67: II. MATERIALES E INSUMOS
M68: No. ART. | N68: DESCRIPCION | R68: UNID. | S68: CANT. | T68: DESP. (%) | U68: VR. UNIT. | V68: VR. PARCIAL | Y68: CANT. | Z68: VR. TOTAL
M69: 400 | N69: =IFERROR(VLOOKUP(M69,INSUMOS!$C$8:$K$928,2,0),"-----") -> CEMENTO GRIS | R69: =IFERROR(VLOOKUP(M69,INSUMOS!$C$8:$K$928,6,0),"-----") -> kg | S69: 175 | T69: 0.02 | U69: =IFERROR(VLOOKUP(M69,INSUMOS!$C$8:$K$928,7,0),"0") -> 600 | V69: =+IFERROR(U69*(S69*(1+T69)),0) -> 107100 | Y69: =+IFERROR(Y56*(S69*(1+T69)),0) -> 0 | Z69: =Y56*V69 -> 0 | AB69: =+Y69*U69 -> 0 | AC69: =+AB69-Z69 -> 0 | AE69: =+IF(V69=0,"CERO","NO") -> NO
M70: 401 | N70: =IFERROR(VLOOKUP(M70,INSUMOS!$C$8:$K$928,2,0),"-----") -> AGUA | R70: =IFERROR(VLOOKUP(M70,INSUMOS!$C$8:$K$928,6,0),"-----") -> lt | S70: 160 | T70: 0.05 | U70: =IFERROR(VLOOKUP(M70,INSUMOS!$C$8:$K$928,7,0),"0") -> 75 | V70: =+IFERROR(U70*(S70*(1+T70)),0) -> 12600 | Y70: =+IFERROR(Y56*(S70*(1+T70)),0) -> 0 | Z70: =Y56*V70 -> 0 | AB70: =+Y70*U70 -> 0 | AC70: =+AB70-Z70 -> 0 | AE70: =+IF(V70=0,"CERO","NO") -> NO
M71: 405 | N71: =IFERROR(VLOOKUP(M71,INSUMOS!$C$8:$K$928,2,0),"-----") -> ARENA GRUESA | R71: =IFERROR(VLOOKUP(M71,INSUMOS!$C$8:$K$928,6,0),"-----") -> m3 | S71: 0.55 | T71: 0.03 | U71: =IFERROR(VLOOKUP(M71,INSUMOS!$C$8:$K$928,7,0),"0") -> 97476 | V71: =+IFERROR(U71*(S71*(1+T71)),0) -> 55220.154 | Y71: =+IFERROR(Y56*(S71*(1+T71)),0) -> 0 | Z71: =Y56*V71 -> 0 | AB71: =+Y71*U71 -> 0 | AC71: =+AB71-Z71 -> 0 | AE71: =+IF(V71=0,"CERO","NO") -> NO
M72: 411 | N72: =IFERROR(VLOOKUP(M72,INSUMOS!$C$8:$K$928,2,0),"-----") -> TRITURADO DE 3/4" | R72: =IFERROR(VLOOKUP(M72,INSUMOS!$C$8:$K$928,6,0),"-----") -> m3 | S72: 0.98 | T72: 0.03 | U72: =IFERROR(VLOOKUP(M72,INSUMOS!$C$8:$K$928,7,0),"0") -> 39600 | V72: =+IFERROR(U72*(S72*(1+T72)),0) -> 39972.24 | Y72: =+IFERROR(Y56*(S72*(1+T72)),0) -> 0 | Z72: =Y56*V72 -> 0 | AB72: =+Y72*U72 -> 0 | AC72: =+AB72-Z72 -> 0 | AE72: =+IF(V72=0,"CERO","NO") -> NO
M73: 0 | Y73: =+IFERROR(Y56*(S73*(1+T73)),0) -> 0 | Z73: =Y56*V73 -> 0 | AB73: =+Y73*U73 -> 0 | AC73: =+AB73-Z73 -> 0 | AE73: =+IF(V73=0,"CERO","NO") -> CERO
M74: 0 | Y74: =+IFERROR(Y56*(S74*(1+T74)),0) -> 0 | Z74: =Y56*V74 -> 0 | AB74: =+Y74*U74 -> 0 | AC74: =+AB74-Z74 -> 0 | AE74: =+IF(V74=0,"CERO","NO") -> CERO
M75: 0 | Y75: =+IFERROR(Y56*(S75*(1+T75)),0) -> 0 | Z75: =Y56*V75 -> 0 | AB75: =+Y75*U75 -> 0 | AC75: =+AB75-Z75 -> 0 | AE75: =+IF(V75=0,"CERO","NO") -> CERO
D76: I | E76: II | F76: III | G76: IV | H76: CD | I76: CT | J76: REND | N76: SUBTOTAL DE MATERIALES | V76: =+SUM(V69:V75) -> 214892.39 | Y76: SUBTOTAL | Z76: =+SUM(Z69:Z75) -> 0
E77: =+D66 -> C1500 | N77: VALOR REDONDEADO SUBTOTAL DE MATERIALES E INSUMOS | V77: =+ROUND(V76,$AA$5) -> 214892.39 | Y77: SUBTOTAL RED. | Z77: =+ROUND(Z76,$AA$5) -> 0 | AB77: =+V77*Y56 -> 0 | AC77: =+AB77-Z77 -> 0
M78: III. TRANSPORTE
M79: No. ART. | N79: DESCRIPCION | Q79: UND. | R79: CANT./ PESO/ VOL. | S79: KM. | T79: PRECIO/KM | V79: VR. PARCIAL | Y79: CANT. | Z79: VR. TOTAL
M80: 120 | N80: =IFERROR(VLOOKUP(M80,INSUMOS!$C$8:$K$928,2,0),"-----") -> Transporte Cemento | Q80: =IFERROR(VLOOKUP(M80,INSUMOS!$C$8:$K$928,5,0),"-----") -> kg/km | R80: =S69*(1+T69) -> 178.5 | S80: =IFERROR(VLOOKUP(M80,INSUMOS!$C$8:$K$928,6,0),"0") -> 15 | T80: =IFERROR(VLOOKUP(M80,INSUMOS!$C$8:$K$928,7,0),"0") -> 20 | V80: =+T80*S80*R80 -> 53550 | Y80: =+IFERROR((R80*S80)*Y56,0) -> 0 | Z80: =Y56*V80 -> 0 | AB80: =+Y80*T80 -> 0 | AC80: =+AB80-Z80 -> 0 | AE80: =+IF(V80=0,"CERO","NO") -> NO
M81: 100 | N81: =IFERROR(VLOOKUP(M81,INSUMOS!$C$8:$K$928,2,0),"-----") -> Transporte Arena | Q81: =IFERROR(VLOOKUP(M81,INSUMOS!$C$8:$K$928,5,0),"-----") -> m3/km | R81: =S71*(1+T71) -> 0.5665 | S81: =IFERROR(VLOOKUP(M81,INSUMOS!$C$8:$K$928,6,0),"0") -> 15 | T81: =IFERROR(VLOOKUP(M81,INSUMOS!$C$8:$K$928,7,0),"0") -> 2000 | V81: =+T81*S81*R81 -> 16995 | Y81: =+IFERROR((R81*S81)*Y56,0) -> 0 | Z81: =Y56*V81 -> 0 | AB81: =+Y81*T81 -> 0 | AC81: =+AB81-Z81 -> 0 | AE81: =+IF(V81=0,"CERO","NO") -> NO
M82: 101 | N82: =IFERROR(VLOOKUP(M82,INSUMOS!$C$8:$K$928,2,0),"-----") -> Transporte Triturado | Q82: =IFERROR(VLOOKUP(M82,INSUMOS!$C$8:$K$928,5,0),"-----") -> m3/km | R82: =S72*(1+T72) -> 1.0094 | S82: =IFERROR(VLOOKUP(M82,INSUMOS!$C$8:$K$928,6,0),"0") -> 186 | T82: =IFERROR(VLOOKUP(M82,INSUMOS!$C$8:$K$928,7,0),"0") -> 1500 | V82: =+T82*S82*R82 -> 281622.6 | Y82: =+IFERROR((R82*S82)*Y56,0) -> 0 | Z82: =Y56*V82 -> 0 | AB82: =+Y82*T82 -> 0 | AC82: =+AB82-Z82 -> 0 | AE82: =+IF(V82=0,"CERO","NO") -> NO
Y83: =+IFERROR((R83*S83)*Y56,0) -> 0 | Z83: =Y56*V83 -> 0 | AB83: =+Y83*T83 -> 0 | AC83: =+AB83-Z83 -> 0 | AE83: =+IF(V83=0,"CERO","NO") -> CERO
M84: 0 | Y84: =+IFERROR((R84*S84)*Y56,0) -> 0 | Z84: =Y56*V84 -> 0 | AB84: =+Y84*T84 -> 0 | AC84: =+AB84-Z84 -> 0 | AE84: =+IF(V84=0,"CERO","NO") -> CERO
D85: I | E85: II | F85: III | G85: IV | H85: CD | I85: CT | J85: REND | N85: SUBTOTAL TRANSPORTE | V85: =+SUM(V80:V84) -> 352167.6 | Y85: SUBTOTAL | Z85: =+SUM(Z80:Z84) -> 0
F86: =+E77 -> C1500 | N86: VALOR REDONDEADO SUBTOTAL TRANSPORTE | V86: =+ROUND(V85,$AA$5) -> 352167.6 | Y86: SUBTOTAL RED. | Z86: =+ROUND(Z85,$AA$5) -> 0 | AB86: =+V86*Y56 -> 0
M87: IV. MANO DE OBRA
D88: I | E88: II | F88: III | G88: IV | H88: CD | I88: CT | J88: REND | M88: No. ART. | N88: DESCRIPCION | O88: UNID. | P88: CANT. | Q88: RDTO. | R88: JORNAL | S88: PS (80%) | T88: I.D.P.D | U88: JORNAL+PS | V88: VR. PARCIAL | Y88: CANT. | Z88: VR. TOTAL
J89: =+F86 -> C1500 | M89: 202 | N89: =IFERROR(VLOOKUP(M89,INSUMOS!$C$8:$K$928,2,0),"-----") -> Ayudante Albañileria | O89: =IFERROR(VLOOKUP(M89,INSUMOS!$C$8:$K$928,3,0),"-----") -> JORNAL+PS | P89: 4 | Q89: 5 | R89: =IFERROR(VLOOKUP(M89,INSUMOS!$C$8:$K$928,4,0),"-----") -> 63490 | S89: =IFERROR(VLOOKUP(M89,INSUMOS!$C$8:$K$928,6,0),"-----") -> 50792 | T89: =IFERROR(VLOOKUP(M89,INSUMOS!$C$8:$K$928,5,0),"-----") -> 0 | U89: =SUM(R89:T89) -> 114282 | V89: =+IFERROR((P89/Q89)*U89,0) -> 91425.6 | Y89: =+IFERROR((Y56/Q89*P89),0) -> 0 | Z89: =Y56*V89 -> 0 | AB89: =+(U89)*Y89 -> 0 | AC89: =+AB89-Z89 -> 0 | AE89: =+IF(V89=0,"CERO","NO") -> NO
J90: =+J89 -> C1500 | M90: 0 | Y90: =+IFERROR((Y56/Q90*P90),0) -> 0 | Z90: =Y56*V90 -> 0 | AB90: =+U90*Y90 -> 0 | AC90: =+AB90-Z90 -> 0 | AE90: =+IF(V90=0,"CERO","NO") -> CERO
M91: 0 | Y91: =+IFERROR((Y56/Q91*P91),0) -> 0 | Z91: =Y56*V91 -> 0 | AB91: =+(U91)*Y91*P91 -> 0 | AC91: =+AB91-Z91 -> 0 | AE91: =+IF(V91=0,"CERO","NO") -> CERO
D92: I | E92: II | F92: III | G92: IV | H92: CD | I92: CT | J92: REND | N92: SUBTOTAL MANO DE OBRA | V92: =+SUM(V89:V91) -> 91425.6 | Y92: SUBTOTAL | Z92: =+SUM(Z89:Z91) -> 0
G93: =+F86 -> C1500 | N93: VALOR REDONDEADO SUBTOTAL DE MANO DE OBRA | V93: =+ROUND(V92,$AA$5) -> 91425.6 | Y93: SUBTOTAL RED. | Z93: =+ROUND(Z92,$AA$5) -> 0 | AB93: =+V93*Y56 -> 0 | AC93: =+AB93-Z93 -> 0
D94: I | E94: II | F94: III | G94: IV | H94: CD | I94: CT | J94: REND
H95: =G93 -> C1500 | M95: TOTAL COSTO DIRECTO | U95: =+V93+V86+V77+V66 -> 671556.87 | Z95: =+Z93+Z86+Z77+Z66 -> 0 | AB95: =+AB93+AB86+AB77+AB66 -> 0 | AC95: =+AB95-Z95 -> 0
AA97: 5 | AB97: DISTANCIA - ESCOMBRERA
M98: CAPITULO: | N98: CAP.B | O98: BASICOS | V98: UNIDAD | Y98: CANT. | AA98: 5 | AB98: DISTANCIA DEPOSITO DE MATERIALES
C99: =+N99 -> C4000 | M99: ITEM: | N99: C4000 | O99: =IFERROR(VLOOKUP(N99,INSUMOS!$C$8:$K$928,2,0),"-----") -> CONCRETO DE 4.000 PSI | V99: =IFERROR(VLOOKUP(N99,INSUMOS!$C$8:$K$928,6,0),"-----") -> m3 | W99: =+U138 -> 812856.43 | Y99: =SUMIFS($Y$183:$Y$5714,$M$183:$M$5714,N99) -> 34.91154
D101: I | E101: II | F101: III | G101: IV | H101: CD | I101: CT | J101: REND | M101: I. EQUIPOS/HERRAMIENTAS
M102: No. ART. | N102: DESCRIPCION | R102: UNID. | S102: REND. | T102: VR. UNIT. | V102: VR. PARCIAL | Y102: CANT. | Z102: VR. TOTAL
N103: HERRAMIENTA MENOR | R103: % | S103: =+$AA$10 -> 0.05 | T103: =V136 -> 91425.6 | V103: =+IFERROR(T103*S103,0) -> 4571.28 | Z103: =Y99*V103 -> 159590.42 | AE103: =+IF(V103=0,"CERO","NO") -> NO
M104: 8 | N104: =IFERROR(VLOOKUP(M104,INSUMOS!$C$8:$K$928,2,0),"-----") -> MEZCLADORA DE CONCRETO | R104: =IFERROR(VLOOKUP(M104,INSUMOS!$C$8:$K$928,6,0),"-----") -> dia | S104: 0.1 | T104: =IFERROR(VLOOKUP(M104,INSUMOS!$C$8:$K$928,7,0),"0") -> 85000 | V104: =+IFERROR(T104*S104,0) -> 8500 | Y104: =+IFERROR(Y99*S104,0) -> 3.491154 | Z104: =Y99*V104 -> 296748.09 | AB104: =+Y104*T104 -> 296748.09 | AC104: =+AB104-Z104 -> 0 | AE104: =+IF(V104=0,"CERO","NO") -> NO
M105: 0 | Y105: =+IFERROR(Y99*S105,0) -> 0 | Z105: =Y99*V105 -> 0 | AB105: =+Y105*T105 -> 0 | AC105: =+AB105-Z105 -> 0 | AE105: =+IF(V105=0,"CERO","NO") -> CERO
M106: 0 | Y106: =+IFERROR(Y99*S106,0) -> 0 | Z106: =Y99*V106 -> 0 | AB106: =+Y106*T106 -> 0 | AC106: =+AB106-Z106 -> 0 | AE106: =+IF(V106=0,"CERO","NO") -> CERO
...

Sheet INSUMOS
C3: LISTADO DE INSUMOS
C4: CONTRATANTE: | E4: =APUS!O3 -> 0
C5: PROYECTO: | E5: =APUS!O4 -> "CONSULTORIA PARA EL ANALISIS Y DIAGNOSITCO DEL ESTADO ESTRUCTURAL Y DE LAS REDES HIDROSANITARIAS DE LA EDIFICACION INCLUYENDO LA EVALUACION DEL SISTEMA HIDRAULICO DEL SOTANO DEL PALACIO DE JUSTICIA NUEVO DE ARAUCA, UBICADO EN LA CALLE 21, Y LA ELABORACION DE UNA PROPUESTA TECNICA PARA LA OPTIMIZACION Y/O REPARACIONES NECESARIAS"
C6: LOCALIZACION: | E6: =APUS!O5 -> ARAUCA, ARAUCA | I6: FECHA: | J6: =APUS!U5 -> MARZO DE 2025
C8: MAQUINARIA/EQUIPOS
C9: No. | D9: DESCRIPCION | H9: UND. | I9: VR.UNIT. | J9: CANT. | K9: VR. TOTAL | N9: VR. TOTAL | O9: DIF.
C10: 1 | D10: HERRAMIENTA MENOR | H10: % | K10: =IFERROR(SUMIFS(APUS!Z:Z,APUS!N:N,INSUMOS!D10),0) -> 6426567.9 | N10: =IFERROR(SUMIFS(APUS!$Z$9:$Z$2480,APUS!$N9:Q$2480,INSUMOS!D10),0) -> 0 | O10: =+N10-K10 -> -6426567.9 | Q10: =+IF(K10=0,"SI","NO") -> NO
C11: 2 | D11: VIBRADOR DE CONCRETO | H11: dia | I11: 82000 | J11: =SUMIFS(APUS!Y:Y,APUS!M:M,INSUMOS!C11) -> 2.9828571 | K11: =+J11*I11 -> 244594.29 | N11: =IFERROR(SUMIFS(APUS!$Z$9:$Z$2480,APUS!$N10:Q$2480,INSUMOS!D11),0) -> 0 | O11: =+N11-K11 -> -244594.29 | Q11: =+IF(K11=0,"SI","NO") -> NO
C12: 3 | D12: DEMOLEDOR ELECTRICO PARA CONCRETOS | H12: dia | I12: 96800 | J12: =SUMIFS(APUS!Y:Y,APUS!M:M,INSUMOS!C12) -> 0 | K12: =+J12*I12 -> 0 | N12: =IFERROR(SUMIFS(APUS!$Z$9:$Z$2480,APUS!$N11:Q$2480,INSUMOS!D12),0) -> 0 | O12: =+N12-K12 -> 0 | Q12: =+IF(K12=0,"SI","NO") -> SI
C13: 4 | D13: CORTADORA GRANDE | H13: dia | I13: 55000 | J13: =SUMIFS(APUS!Y:Y,APUS!M:M,INSUMOS!C13) -> 0 | K13: =+J13*I13 -> 0 | N13: =IFERROR(SUMIFS(APUS!$Z$9:$Z$2480,APUS!$N12:Q$2480,INSUMOS!D13),0) -> 0 | O13: =+N13-K13 -> 0 | Q13: =+IF(K13=0,"SI","NO") -> SI
C14: 5 | D14: MARTILLO NEUMATICO CON COMPRESOR | H14: dia | I14: 150000 | J14: =SUMIFS(APUS!Y:Y,APUS!M:M,INSUMOS!C14) -> 6.7725 | K14: =+J14*I14 -> 1015875 | N14: =IFERROR(SUMIFS(APUS!$Z$9:$Z$2480,APUS!$N13:Q$2480,INSUMOS!D14),0) -> 0 | O14: =+N14-K14 -> -1015875 | Q14: =+IF(K14=0,"SI","NO") -> NO
C15: 6 | D15: COMPACTADOR TIPO SALTARIN | H15: dia | I15: 81312 | J15: =SUMIFS(APUS!Y:Y,APUS!M:M,INSUMOS!C15) -> 0 | K15: =+J15*I15 -> 0 | N15: =IFERROR(SUMIFS(APUS!$Z$9:$Z$2480,APUS!$N14:Q$2480,INSUMOS!D15),0) -> 0 | O15: =+N15-K15 -> 0 | Q15: =+IF(K15=0,"SI","NO") -> SI
C16: 7 | D16: VIBROCOMPACTADOR TIPO RANA | H16: dia | I16: 81312 | J16: =SUMIFS(APUS!Y:Y,APUS!M:M,INSUMOS!C16) -> 0 | K16: =+J16*I16 -> 0 | N16: =IFERROR(SUMIFS(APUS!$Z$9:$Z$2480,APUS!$N15:Q$2480,INSUMOS!D16),0) -> 0 | O16: =+N16-K16 -> 0 | Q16: =+IF(K16=0,"SI","NO") -> SI
C17: 8 | D17: MEZCLADORA DE CONCRETO | H17: dia | I17: 85000 | J17: =SUMIFS(APUS!Y:Y,APUS!M:M,INSUMOS!C17) -> 3.889904 | K17: =+J17*I17 -> 330641.84 | N17: =IFERROR(SUMIFS(APUS!$Z$9:$Z$2480,APUS!$N16:Q$2480,INSUMOS!D17),0) -> 0 | O17: =+N17-K17 -> -330641.84 | Q17: =+IF(K17=0,"SI","NO") -> NO
C18: 9 | D18: ALLANADORA HELICÓPTERO | H18: dia | I18: 31000 | J18: =SUMIFS(APUS!Y:Y,APUS!M:M,INSUMOS!C18) -> 0 | K18: =+J18*I18 -> 0 | N18: =IFERROR(SUMIFS(APUS!$Z$9:$Z$2480,APUS!$N17:Q$2480,INSUMOS!D18),0) -> 0 | O18: =+N18-K18 -> 0 | Q18: =+IF(K18=0,"SI","NO") -> SI
C19: 10 | D19: SECCION DE ANDAMIOS (2 marcos y crucetas) | H19: dia | I19: 2000 | J19: =SUMIFS(APUS!Y:Y,APUS!M:M,INSUMOS!C19) -> 0 | K19: =+J19*I19 -> 0 | N19: =IFERROR(SUMIFS(APUS!$Z$9:$Z$2480,APUS!$N18:Q$2480,INSUMOS!D19),0) -> 0 | O19: =+N19-K19 -> 0 | Q19: =+IF(K19=0,"SI","NO") -> SI
C20: 11 | D20: FORMALETA MUROS | H20: dia | I20: 11495 | J20: =SUMIFS(APUS!Y:Y,APUS!M:M,INSUMOS!C20) -> 0 | K20: =+J20*I20 -> 0 | N20: =IFERROR(SUMIFS(APUS!$Z$9:$Z$2480,APUS!$N19:Q$2480,INSUMOS!D20),0) -> 0 | O20: =+N20-K20 -> 0 | Q20: =+IF(K20=0,"SI","NO") -> SI
C21: 12 | D21: FORMALETA PLACA | H21: dia | I21: 12000 | J21: =SUMIFS(APUS!Y:Y,APUS!M:M,INSUMOS!C21) -> 0 | K21: =+J21*I21 -> 0 | N21: =IFERROR(SUMIFS(APUS!$Z$9:$Z$2480,APUS!$N20:Q$2480,INSUMOS!D21),0) -> 0 | O21: =+N21-K21 -> 0 | Q21: =+IF(K21=0,"SI","NO") -> SI
C22: 13 | D22: FORMALETA VIGAS | H22: dia | I22: 9500 | J22: =SUMIFS(APUS!Y:Y,APUS!M:M,INSUMOS!C22) -> 0 | K22: =+J22*I22 -> 0 | N22: =IFERROR(SUMIFS(APUS!$Z$9:$Z$2480,APUS!$N21:Q$2480,INSUMOS!D22),0) -> 0 | O22: =+N22-K22 -> 0 | Q22: =+IF(K22=0,"SI","NO") -> SI
... C34: 25 | D34: CAMIONETA | H34: GL | I34: 50000 | J34: =SUMIFS(APUS!Y:Y,APUS!M:M,INSUMOS!C34) -> 0 | K34: =+J34*I34 -> 0 | N34: =IFERROR(SUMIFS(APUS!$Z$9:$Z$2480,APUS!$N33:Q$2480,INSUMOS!D34),0) -> 0 | O34: =+N34-K34 -> 0 | Q34: =+IF(K34=0,"SI","NO") -> SI
C35: 26 | J35: =SUMIFS(APUS!Y:Y,APUS!M:M,INSUMOS!C35) -> 0 | K35: =+J35*I35 -> 0 | N35: =IFERROR(SUMIFS(APUS!$Z$9:$Z$2480,APUS!$N34:Q$2480,INSUMOS!D35),0) -> 0 | O35: =+N35-K35 -> 0 | Q35: =+IF(K35=0,"SI","NO") -> SI
C36: 27 | D36: GRUA PH | H36: Hora | I36: 125000 | J36: =SUMIFS(APUS!Y:Y,APUS!M:M,INSUMOS!C36) -> 0 | K36: =+J36*I36 -> 0 | N36: =IFERROR(SUMIFS(APUS!$Z$9:$Z$2480,APUS!$N35:Q$2480,INSUMOS!D36),0) -> 0 | O36: =+N36-K36 -> 0 | Q36: =+IF(K36=0,"SI","NO") -> SI
C37: 28 | D37: MOTONIVELADORA 120 HP | H37: Hora | I37: 155000 | J37: =SUMIFS(APUS!Y:Y,APUS!M:M,INSUMOS!C37) -> 0 | K37: =+J37*I37 -> 0 | N37: =IFERROR(SUMIFS(APUS!$Z$9:$Z$2480,APUS!$N36:Q$2480,INSUMOS!D37),0) -> 0 | O37: =+N37-K37 -> 0 | Q37: =+IF(K37=0,"SI","NO") -> SI
C38: 29 | D38: VIBROCOMPACTADOR DE 8 TONELADAS | H38: Hora | I38: 170000 | J38: =SUMIFS(APUS!Y:Y,APUS!M:M,INSUMOS!C38) -> 0 | K38: =+J38*I38 -> 0 | N38: =IFERROR(SUMIFS(APUS!$Z$9:$Z$2480,APUS!$N37:Q$2480,INSUMOS!D38),0) -> 0 | O38: =+N38-K38 -> 0 | Q38: =+IF(K38=0,"SI","NO") -> SI
C39: 30 | D39: RETROEXCAVADORA | H39: Hora | I39: 250000 | J39: =SUMIFS(APUS!Y:Y,APUS!M:M,INSUMOS!C39) -> 0 | K39: =+J39*I39 -> 0 | N39: =IFERROR(SUMIFS(APUS!$Z$9:$Z$2480,APUS!$N38:Q$2480,INSUMOS!D39),0) -> 0 | O39: =+N39-K39 -> 0 | Q39: =+IF(K39=0,"SI","NO") -> SI
C40: 31 | D40: EQUIPO PARA MICROPILOTES DE DIAMETRO 30 CM | H40: Hora | I40: 425000 | J40: =SUMIFS(APUS!Y:Y,APUS!M:M,INSUMOS!C40) -> 0 | K40: =+J40*I40 -> 0 | N40: =IFERROR(SUMIFS(APUS!$Z$9:$Z$2480,APUS!$N39:Q$2480,INSUMOS!D40),0) -> 0 | O40: =+N40-K40 -> 0 | Q40: =+IF(K40=0,"SI","NO") -> SI
C41: 32 | D41: VOLQUETA 5M3 | H41: dia | I41: 400000 | J41: =SUMIFS(APUS!Y:Y,APUS!M:M,INSUMOS!C41) -> 0 | K41: =+J41*I41 -> 0 | N41: =IFERROR(SUMIFS(APUS!$Z$9:$Z$2480,APUS!$N40:Q$2480,INSUMOS!D41),0) -> 0 | O41: =+N41-K41 -> 0 | Q41: =+IF(K41=0,"SI","NO") -> SI
C42: 33 | D42: EQUIPO DE PERFORACION HORIZONTAL | H42: dia | I42: 700000 | J42: =SUMIFS(APUS!Y:Y,APUS!M:M,INSUMOS!C42) -> 0 | K42: =+J42*I42 -> 0 | N42: =IFERROR(SUMIFS(APUS!$Z$9:$Z$2480,APUS!$N41:Q$2480,INSUMOS!D42),0) -> 0 | O42: =+N42-K42 -> 0 | Q42: =+IF(K42=0,"SI","NO") -> SI
C43: 34 | D43: CAMIÓN CON GRUA 5T | H43: dia | I43: 140000 | J43: =SUMIFS(APUS!Y:Y,APUS!M:M,INSUMOS!C43) -> 0 | K43: =+J43*I43 -> 0 | N43: =IFERROR(SUMIFS(APUS!$Z$9:$Z$2480,APUS!$N42:Q$2480,INSUMOS!D43),0) -> 0 | O43: =+N43-K43 -> 0 | Q43: =+IF(K43=0,"SI","NO") -> SI
C44: 35 | J44: =SUMIFS(APUS!Y:Y,APUS!M:M,INSUMOS!C44) -> 0 | K44: =+J44*I44 -> 0 | N44: =IFERROR(SUMIFS(APUS!$Z$9:$Z$2480,APUS!$N43:Q$2480,INSUMOS!D44),0) -> 0 | O44: =+N44-K44 -> 0 | Q44: =+IF(K44=0,"SI","NO") -> SI
C45: 36 | D45: MADERA PARA ENTIBADO | H45: dia | I45: 200000 | J45: =SUMIFS(APUS!Y:Y,APUS!M:M,INSUMOS!C45) -> 0 | K45: =+J45*I45 -> 0 | N45: =IFERROR(SUMIFS(APUS!$Z$9:$Z$2480,APUS!$N44:Q$2480,INSUMOS!D45),0) -> 0 | O45: =+N45-K45 -> 0 | Q45: =+IF(K45=0,"SI","NO") -> SI
C46: 37 | J46: =SUMIFS(APUS!Y:Y,APUS!M:M,INSUMOS!C46) -> 0 | K46: =+J46*I46 -> 0 | N46: =IFERROR(SUMIFS(APUS!$Z$9:$Z$2480,APUS!$N45:Q$2480,INSUMOS!D46),0) -> 0 | O46: =+N46-K46 -> 0 | Q46: =+IF(K46=0,"SI","NO") -> SI
C47: 38 | J47: =SUMIFS(APUS!Y:Y,APUS!M:M,INSUMOS!C47) -> 0 | K47: =+J47*I47 -> 0 | N47: =IFERROR(SUMIFS(APUS!$Z$9:$Z$2480,APUS!$N46:Q$2480,INSUMOS!D47),0) -> 0 | O47: =+N47-K47 -> 0 | Q47: =+IF(K47=0,"SI","NO") -> SI
C48: 39 | J48: =SUMIFS(APUS!Y:Y,APUS!M:M,INSUMOS!C48) -> 0 | K48: =+J48*I48 -> 0 | N48: =IFERROR(SUMIFS(APUS!$Z$9:$Z$2480,APUS!$N47:Q$2480,INSUMOS!D48),0) -> 0 | O48: =+N48-K48 -> 0 | Q48: =+IF(K48=0,"SI","NO") -> SI
C49: 40 | J49: =SUMIFS(APUS!Y:Y,APUS!M:M,INSUMOS!C49) -> 0 | K49: =+J49*I49 -> 0 | N49: =IFERROR(SUMIFS(APUS!$Z$9:$Z$2480,APUS!$N48:Q$2480,INSUMOS!D49),0) -> 0 | O49: =+N49-K49 -> 0 | Q49: =+IF(K49=0,"SI","NO") -> SI
C50: 41 | J50: =SUMIFS(APUS!Y:Y,APUS!M:M,INSUMOS!C50) -> 0 | K50: =+J50*I50 -> 0 | N50: =IFERROR(SUMIFS(APUS!$Z$9:$Z$2480,APUS!$N49:Q$2480,INSUMOS!D50),0) -> 0 | O50: =+N50-K50 -> 0 | Q50: =+IF(K50=0,"SI","NO") -> SI
C51: 42 | J51: =SUMIFS(APUS!Y:Y,APUS!M:M,INSUMOS!C51) -> 0 | K51: =+J51*I51 -> 0 | N51: =IFERROR(SUMIFS(APUS!$Z$9:$Z$2480,APUS!$N50:Q$2480,INSUMOS!D51),0) -> 0 | O51: =+N51-K51 -> 0 | Q51: =+IF(K51=0,"SI","NO") -> SI
C52: 43 | J52: =SUMIFS(APUS!Y:Y,APUS!M:M,INSUMOS!C52) -> 0 | K52: =+J52*I52 -> 0 | N52: =IFERROR(SUMIFS(APUS!$Z$9:$Z$2480,APUS!$N51:Q$2480,INSUMOS!D52),0) -> 0 | O52: =+N52-K52 -> 0 | Q52: =+IF(K52=0,"SI","NO") -> SI
C53: 44 | J53: =SUMIFS(APUS!Y:Y,APUS!M:M,INSUMOS!C53) -> 0 | K53: =+J53*I53 -> 0 | N53: =IFERROR(SUMIFS(APUS!$Z$9:$Z$2480,APUS!$N52:Q$2480,INSUMOS!D53),0) -> 0 | O53: =+N53-K53 -> 0 | Q53: =+IF(K53=0,"SI","NO") -> SI
C54: 45 | J54: =SUMIFS(APUS!Y:Y,APUS!M:M,INSUMOS!C54) -> 0 | K54: =+J54*I54 -> 0 | N54: =IFERROR(SUMIFS(APUS!$Z$9:$Z$2480,APUS!$N53:Q$2480,INSUMOS!D54),0) -> 0 | O54: =+N54-K54 -> 0 | Q54: =+IF(K54=0,"SI","NO") -> SI
C55: 46 | J55: =SUMIFS(APUS!Y:Y,APUS!M:M,INSUMOS!C55) -> 0 | K55: =+J55*I55 -> 0 | N55: =IFERROR(SUMIFS(APUS!$Z$9:$Z$2480,APUS!$N54:Q$2480,INSUMOS!D55),0) -> 0 | O55: =+N55-K55 -> 0 | Q55: =+IF(K55=0,"SI","NO") -> SI
C56: 47 | J56: =SUMIFS(APUS!Y:Y,APUS!M:M,INSUMOS!C56) -> 0 | K56: =+J56*I56 -> 0 | N56: =IFERROR(SUMIFS(APUS!$Z$9:$Z$2480,APUS!$N55:Q$2480,INSUMOS!D56),0) -> 0 | O56: =+N56-K56 -> 0 | Q56: =+IF(K56=0,"SI","NO") -> SI
C57: 48 | J57: =SUMIFS(APUS!Y:Y,APUS!M:M,INSUMOS!C57) -> 0 | K57: =+J57*I57 -> 0 | N57: =IFERROR(SUMIFS(APUS!$Z$9:$Z$2480,APUS!$N56:Q$2480,INSUMOS!D57),0) -> 0 | O57: =+N57-K57 -> 0 | Q57: =+IF(K57=0,"SI","NO") -> SI
... C106: 97 | J106: =SUMIFS(APUS!Y:Y,APUS!M:M,INSUMOS!C106) -> 0 | K106: =+J106*I106 -> 0 | N106: =IFERROR(SUMIFS(APUS!$Z$9:$Z$2480,APUS!$N105:Q$2480,INSUMOS!D106),0) -> 0 | O106: =+N106-K106 -> 0 | Q106: =+IF(K106=0,"SI","NO") -> SI
C107: 98 | D107: PULIDORA ELECTRICA MANUAL - DISCO | H107: dia | I107: 45000 | J107: =SUMIFS(APUS!Y:Y,APUS!M:M,INSUMOS!C107) -> 0 | K107: =+J107*I107 -> 0 | N107: =IFERROR(SUMIFS(APUS!$Z$9:$Z$2480,APUS!$N106:Q$2480,INSUMOS!D107),0) -> 0 | O107: =+N107-K107 -> 0 | Q107: =+IF(K107=0,"SI","NO") -> SI
C108: 99 | D108: DISPOSICION FINAL DE ESCOMBROS | H108: m3 | I108: 4840 | J108: =SUMIFS(APUS!Y:Y,APUS!M:M,INSUMOS!C108) -> 0 | K108: =+J108*I108 -> 0 | N108: =IFERROR(SUMIFS(APUS!$Z$9:$Z$2480,APUS!$N107:Q$2480,INSUMOS!D108),0) -> 0 | O108: =+N108-K108 -> 0 | Q108: =+IF(K108=0,"SI","NO") -> SI
J109: =SUMIFS(APUS!Y:Y,APUS!M:M,INSUMOS!C109) -> 0 | K109: =+J109*I109 -> 0 | N109: =IFERROR(SUMIFS(APUS!$Z$9:$Z$2480,APUS!$N108:Q$2480,INSUMOS!D109),0) -> 0 | O109: =+N109-K109 -> 0
C110: =+"SUBTOTAL "&C8 -> SUBTOTAL MAQUINARIA/EQUIPOS | K110: =+SUM(K10:K109) -> 8017679.1 | N110: =SUM(N10:N109) -> 0 | O110: =+N110-K110 -> -8017679.1
C112: TRANSPORTES
C113: No. | D113: DESCRIPCION | G113: UND. | H113: DIST. (KM) | I113: VR.UNIT. | J113: CANT. | K113: VR. TOTAL | N113: VR. TOTAL | O113: DIF.
C114: 100 | D114: Transporte Arena | G114: m3/km | H114: 15 | I114: 2000 | J114: =SUMIFS(APUS!Y:Y,APUS!M:M,INSUMOS!C114) -> 398.24433 | K114: =+J114*I114 -> 796488.65 | N114: =IFERROR(SUMIFS(APUS!$Z$140:$Z$182,APUS!#REF!,INSUMOS!D114),0) -> 0 | O114: =+N114-K114 -> -796488.65 | Q114: =+IF(K114=0,"SI","NO") -> NO
C115: 101 | D115: Transporte Triturado | G115: m3/km | H115: 186 | I115: 1500 | J115: =SUMIFS(APUS!Y:Y,APUS!M:M,INSUMOS!C115) -> 5122.8936 | K115: =+J115*I115 -> 7684340.4 | N115: =IFERROR(SUMIFS(APUS!$Z$140:$Z$182,APUS!#REF!,INSUMOS!D115),0) -> 0 | O115: =+N115-K115 -> -7684340.4 | Q115: =+IF(K115=0,"SI","NO") -> NO
C116: 102 | D116: Transporte Piedra rajon | G116: m3/km | H116: 20 | I116: 1900 | J116: =SUMIFS(APUS!Y:Y,APUS!M:M,INSUMOS!C116) -> 0 | K116: =+J116*I116 -> 0 | N116: =IFERROR(SUMIFS(APUS!$Z$140:$Z$182,APUS!#REF!,INSUMOS!D116),0) -> 0 | O116: =+N116-K116 -> 0 | Q116: =+IF(K116=0,"SI","NO") -> SI
C117: 103 | D117: Transporte Base | G117: m3/km | H117: 20 | I117: 2000 | J117: =SUMIFS(APUS!Y:Y,APUS!M:M,INSUMOS!C117) -> 0 | K117: =+J117*I117 -> 0 | N117: =IFERROR(SUMIFS(APUS!$Z$140:$Z$182,APUS!#REF!,INSUMOS!D117),0) -> 0 | O117: =+N117-K117 -> 0 | Q117: =+IF(K117=0,"SI","NO") -> SI
C118: 104 | D118: Transporte Sub Base | G118: m3/km | H118: 20 | I118: 2000 | J118: =SUMIFS(APUS!Y:Y,APUS!M:M,INSUMOS!C118) -> 0 | K118: =+J118*I118 -> 0 | N118: =IFERROR(SUMIFS(APUS!$Z$140:$Z$182,APUS!#REF!,INSUMOS!D118),0) -> 0 | O118: =+N118-K118 -> 0 | Q118: =+IF(K118=0,"SI","NO") -> SI
C119: 105 | D119: Transporte Retiro de material sobrante | G119: m3/km | H119: 15 | I119: 2000 | J119: =SUMIFS(APUS!Y:Y,APUS!M:M,INSUMOS!C119) -> 784.2 | K119: =+J119*I119 -> 1568400 | N119: =IFERROR(SUMIFS(APUS!$Z$140:$Z$182,APUS!#REF!,INSUMOS!D119),0) -> 0 | O119: =+N119-K119 -> -1568400 | Q119: =+IF(K119=0,"SI","NO") -> NO
C120: 106 | D120: Transporte Piedra Barichara | G120: m3/km | H120: 20 | I120: 2000 | J120: =SUMIFS(APUS!Y:Y,APUS!M:M,INSUMOS!C120) -> 0 | K120: =+J120*I120 -> 0 | N120: =IFERROR(SUMIFS(APUS!$Z$140:$Z$182,APUS!#REF!,INSUMOS!D120),0) -> 0 | O120: =+N120-K120 -> 0 | Q120: =+IF(K120=0,"SI","NO") -> SI
C121: 107 | D121: Transporte Piedra bolo de rio | G121: m3/km | H121: 20 | I121: 2000 | J121: =SUMIFS(APUS!Y:Y,APUS!M:M,INSUMOS!C121) -> 0 | K121: =+J121*I121 -> 0 | N121: =IFERROR(SUMIFS(APUS!$Z$140:$Z$182,APUS!#REF!,INSUMOS!D121),0) -> 0 | O121: =+N121-K121 -> 0 | Q121: =+IF(K121=0,"SI","NO") -> SI
C122: 108 | D122: Transporte Material de recebo | G122: m3/km | H122: 20 | I122: 2000 | J122: =SUMIFS(APUS!Y:Y,APUS!M:M,INSUMOS!C122) -> 0 | K122: =+J122*I122 -> 0 | N122: =IFERROR(SUMIFS(APUS!$Z$140:$Z$182,APUS!#REF!,INSUMOS!D122),0) -> 0 | O122: =+N122-K122 -> 0 | Q122: =+IF(K122=0,"SI","NO") -> SI
C123: 109 | D123: Transporte Material de excavacion | G123: m3/km | H123: 10 | I123: 2000 | J123: =SUMIFS(APUS!Y:Y,APUS!M:M,INSUMOS!C123) -> 0 | K123: =+J123*I123 -> 0 | N123: =IFERROR(SUMIFS(APUS!$Z$140:$Z$182,APUS!#REF!,INSUMOS!D123),0) -> 0 | O123: =+N123-K123 -> 0 | Q123: =+IF(K123=0,"SI","NO") -> SI
C124: 110 | D124: Transporte electricos | G124: Km | H124: 580 | I124: 100 | J124: =SUMIFS(APUS!Y:Y,APUS!M:M,INSUMOS!C124) -> 0 | K124: =+J124*I124 -> 0 | N124: =IFERROR(SUMIFS(APUS!$Z$140:$Z$182,APUS!#REF!,INSUMOS!D124),0) -> 0 | O124: =+N124-K124 -> 0 | Q124: =+IF(K124=0,"SI","NO") -> SI
C125: 111 | D125: Transporte de elementos PTAP | G125: Global | H125: 1 | I125: 100000 | J125: =SUMIFS(APUS!Y:Y,APUS!M:M,INSUMOS!C125) -> 0 | K125: =+J125*I125 -> 0 | N125: =IFERROR(SUMIFS(APUS!$Z$140:$Z$182,APUS!#REF!,INSUMOS!D125),0) -> 0 | O125: =+N125-K125 -> 0 | Q125: =+IF(K125=0,"SI","NO") -> SI
C126: 112 | D126: Transporte de insumos PTAP | G126: Global | H126: 1 | I126: 5000 | J126: =SUMIFS(APUS!Y:Y,APUS!M:M,INSUMOS!C126) -> 0 | K126: =+J126*I126 -> 0 | N126: =IFERROR(SUMIFS(APUS!$Z$140:$Z$182,APUS!#REF!,INSUMOS!D126),0) -> 0 | O126: =+N126-K126 -> 0 | Q126: =+IF(K126=0,"SI","NO") -> SI
C127: 113 | H127: 20 | I127: 1200 | J127: =SUMIFS(APUS!Y:Y,APUS!M:M,INSUMOS!C127) -> 0 | K127: =+J127*I127 -> 0 | N127: =IFERROR(SUMIFS(APUS!$Z$140:$Z$182,APUS!#REF!,INSUMOS!D127),0) -> 0 | O127: =+N127-K127 -> 0 | Q127: =+IF(K127=0,"SI","NO") -> SI
C128: 114 | H128: 20 | I128: 1200 | J128: =SUMIFS(APUS!Y:Y,APUS!M:M,INSUMOS!C128) -> 0 | K128: =+J128*I128 -> 0 | N128: =IFERROR(SUMIFS(APUS!$Z$140:$Z$182,APUS!#REF!,INSUMOS!D128),0) -> 0 | O128: =+N128-K128 -> 0 | Q128: =+IF(K128=0,"SI","NO") -> SI
C129: 115 | H129: 20 | I129: 1200 | J129: =SUMIFS(APUS!Y:Y,APUS!M:M,INSUMOS!C129) -> 0 | K129: =+J129*I129 -> 0 | N129: =IFERROR(SUMIFS(APUS!$Z$140:$Z$182,APUS!#REF!,INSUMOS!D129),0) -> 0 | O129: =+N129-K129 -> 0 | Q129: =+IF(K129=0,"SI","NO") -> SI
C130: 116 | H130: 20 | I130: 1200 | J130: =SUMIFS(APUS!Y:Y,APUS!M:M,INSUMOS!C130) -> 0 | K130: =+J130*I130 -> 0 | N130: =IFERROR(SUMIFS(APUS!$Z$140:$Z$182,APUS!#REF!,INSUMOS!D130),0) -> 0 | O130: =+N130-K130 -> 0 | Q130: =+IF(K130=0,"SI","NO") -> SI
C131: 117 | H131: 20 | I131: 1200 | J131: =SUMIFS(APUS!Y:Y,APUS!M:M,INSUMOS!C131) -> 0 | K131: =+J131*I131 -> 0 | N131: =IFERROR(SUMIFS(APUS!$Z$140:$Z$182,APUS!#REF!,INSUMOS!D131),0) -> 0 | O131: =+N131-K131 -> 0 | Q131: =+IF(K131=0,"SI","NO") -> SI
C132: 118 | H132: 20 | I132: 1200 | J132: =SUMIFS(APUS!Y:Y,APUS!M:M,INSUMOS!C132) -> 0 | K132: =+J132*I132 -> 0 | N132: =IFERROR(SUMIFS(APUS!$Z$140:$Z$182,APUS!#REF!,INSUMOS!D132),0) -> 0 | O132: =+N132-K132 -> 0 | Q132: =+IF(K132=0,"SI","NO") -> SI
C133: 119 | H133: 20 | I133: 1200 | J133: =SUMIFS(APUS!Y:Y,APUS!M:M,INSUMOS!C133) -> 0 | K133: =+J133*I133 -> 0 | N133: =IFERROR(SUMIFS(APUS!$Z$140:$Z$182,APUS!#REF!,INSUMOS!D133),0) -> 0 | O133: =+N133-K133 -> 0 | Q133: =+IF(K133=0,"SI","NO") -> SI
C134: 120 | D134: Transporte Cemento | G134: kg/km | H134: 15 | I134: 20 | J134: =SUMIFS(APUS!Y:Y,APUS!M:M,INSUMOS!C134) -> 246667.09 | K134: =+J134*I134 -> 4933341.7 | N134: =IFERROR(SUMIFS(APUS!$Z$140:$Z$182,APUS!#REF!,INSUMOS!D134),0) -> 0 | O134: =+N134-K134 -> -4933341.7 | Q134: =+IF(K134=0,"SI","NO") -> NO
C135: 121 | D135: Transporte Acero de refuerzo | G135: kg/km | H135: 10 | I135: 20 | J135: =SUMIFS(APUS!Y:Y,APUS!M:M,INSUMOS!C135) -> 0 | K135: =+J135*I135 -> 0 | N135: =IFERROR(SUMIFS(APUS!$Z$140:$Z$182,APUS!#REF!,INSUMOS!D135),0) -> 0 | O135: =+N135-K135 -> 0 | Q135: =+IF(K135=0,"SI","NO") -> SI
C136: 122 | D136: Transporte de elementos metalicos | G136: kg/km | H136: 20 | I136: 20 | J136: =SUMIFS(APUS!Y:Y,APUS!M:M,INSUMOS!C136) -> 0 | K136: =+J136*I136 -> 0 | N136: =IFERROR(SUMIFS(APUS!$Z$140:$Z$182,APUS!#REF!,INSUMOS!D136),0) -> 0 | O136: =+N136-K136 -> 0 | Q136: =+IF(K136=0,"SI","NO") -> SI
C137: 123 | H137: 20 | I137: 50 | J137: =SUMIFS(APUS!Y:Y,APUS!M:M,INSUMOS!C137) -> 0 | K137: =+J137*I137 -> 0 | N137: =IFERROR(SUMIFS(APUS!$Z$140:$Z$182,APUS!#REF!,INSUMOS!D137),0) -> 0 | O137: =+N137-K137 -> 0 | Q137: =+IF(K137=0,"SI","NO") -> SI
C138: 124 | H138: 20 | I138: 50 | J138: =SUMIFS(APUS!Y:Y,APUS!M:M,INSUMOS!C138) -> 0 | K138: =+J138*I138 -> 0 | N138: =IFERROR(SUMIFS(APUS!$Z$140:$Z$182,APUS!#REF!,INSUMOS!D138),0) -> 0 | O138: =+N138-K138 -> 0 | Q138: =+IF(K138=0,"SI","NO") -> SI
C139: 125 | H139: 20 | I139: 50 | J139: =SUMIFS(APUS!Y:Y,APUS!M:M,INSUMOS!C139) -> 0 | K139: =+J139*I139 -> 0 | N139: =IFERROR(SUMIFS(APUS!$Z$140:$Z$182,APUS!#REF!,INSUMOS!D139),0) -> 0 | O139: =+N139-K139 -> 0 | Q139: =+IF(K139=0,"SI","NO") -> SI
C140: 126 | H140: 20 | I140: 50 | J140: =SUMIFS(APUS!Y:Y,APUS!M:M,INSUMOS!C140) -> 0 | K140: =+J140*I140 -> 0 | N140: =IFERROR(SUMIFS(APUS!$Z$140:$Z$182,APUS!#REF!,INSUMOS!D140),0) -> 0 | O140: =+N140-K140 -> 0 | Q140: =+IF(K140=0,"SI","NO") -> SI
C141: 127 | H141: 20 | I141: 50 | J141: =SUMIFS(APUS!Y:Y,APUS!M:M,INSUMOS!C141) -> 0 | K141: =+J141*I141 -> 0 | N141: =IFERROR(SUMIFS(APUS!$Z$140:$Z$182,APUS!#REF!,INSUMOS!D141),0) -> 0 | O141: =+N141-K141 -> 0 | Q141: =+IF(K141=0,"SI","NO") -> SI
C142: 128 | H142: 20 | I142: 50 | J142: =SUMIFS(APUS!Y:Y,APUS!M:M,INSUMOS!C142) -> 0 | K142: =+J142*I142 -> 0 | N142: =IFERROR(SUMIFS(APUS!$Z$140:$Z$182,APUS!#REF!,INSUMOS!D142),0) -> 0 | O142: =+N142-K142 -> 0 | Q142: =+IF(K142=0,"SI","NO") -> SI
C143: 129 | D143: transporte materiales en general | G143: Km | H143: 348 | I143: 0.99776362 | J143: =SUMIFS(APUS!Y:Y,APUS!M:M,INSUMOS!C143) -> 2505603.5 | K143: =+J143*I143 -> 2500000 | N143: =IFERROR(SUMIFS(APUS!$Z$140:$Z$182,APUS!#REF!,INSUMOS!D143),0) -> 0 | O143: =+N143-K143 -> -2500000 | Q143: =+IF(K143=0,"SI","NO") -> NO
C144: 130 | D144: transporte ladrillo | G144: UND/km | H144: 20 | I144: 50 | J144: =SUMIFS(APUS!Y:Y,APUS!M:M,INSUMOS!C144) -> 0 | K144: =+J144*I144 -> 0 | N144: =IFERROR(SUMIFS(APUS!$Z$140:$Z$182,APUS!#REF!,INSUMOS!D144),0) -> 0 | O144: =+N144-K144 -> 0 | Q144: =+IF(K144=0,"SI","NO") -> SI
C145: 131 | H145: 20 | I145: 50 | J145: =SUMIFS(APUS!Y:Y,APUS!M:M,INSUMOS!C145) -> 0 | K145: =+J145*I145 -> 0 | N145: =IFERROR(SUMIFS(APUS!$Z$140:$Z$182,APUS!#REF!,INSUMOS!D145),0) -> 0 | O145: =+N145-K145 -> 0 | Q145: =+IF(K145=0,"SI","NO") -> SI
C146: 132 | H146: 20 | I146: 50 | J146: =SUMIFS(APUS!Y:Y,APUS!M:M,INSUMOS!C146) -> 0 | K146: =+J146*I146 -> 0 | N146: =IFERROR(SUMIFS(APUS!$Z$140:$Z$182,APUS!#REF!,INSUMOS!D146),0) -> 0 | O146: =+N146-K146 -> 0 | Q146: =+IF(K146=0,"SI","NO") -> SI
C147: 133 | H147: 20 | I147: 50 | J147: =SUMIFS(APUS!Y:Y,APUS!M:M,INSUMOS!C147) -> 0 | K147: =+J147*I147 -> 0 | N147: =IFERROR(SUMIFS(APUS!$Z$140:$Z$182,APUS!#REF!,INSUMOS!D147),0) -> 0 | O147: =+N147-K147 -> 0 | Q147: =+IF(K147=0,"SI","NO") -> SI
C148: 134 | H148: 20 | I148: 50 | J148: =SUMIFS(APUS!Y:Y,APUS!M:M,INSUMOS!C148) -> 0 | K148: =+J148*I148 -> 0 | N148: =IFERROR(SUMIFS(APUS!$Z$140:$Z$182,APUS!#REF!,INSUMOS!D148),0) -> 0 | O148: =+N148-K148 -> 0 | Q148: =+IF(K148=0,"SI","NO") -> SI
C149: 135 | H149: 20 | I149: 50 | J149: =SUMIFS(APUS!Y:Y,APUS!M:M,INSUMOS!C149) -> 0 | K149: =+J149*I149 -> 0 | N149: =IFERROR(SUMIFS(APUS!$Z$140:$Z$182,APUS!#REF!,INSUMOS!D149),0) -> 0 | O149: =+N149-K149 -> 0 | Q149: =+IF(K149=0,"SI","NO") -> SI
C150: 136 | H150: 20 | I150: 50 | J150: =SUMIFS(APUS!Y:Y,APUS!M:M,INSUMOS!C150) -> 0 | K150: =+J150*I150 -> 0 | N150: =IFERROR(SUMIFS(APUS!$Z$140:$Z$182,APUS!#REF!,INSUMOS!D150),0) -> 0 | O150: =+N150-K150 -> 0 | Q150: =+IF(K150=0,"SI","NO") -> SI
C151: 137 | H151: 20 | I151: 50 | J151: =SUMIFS(APUS!Y:Y,APUS!M:M,INSUMOS!C151) -> 0 | K151: =+J151*I151 -> 0 | N151: =IFERROR(SUMIFS(APUS!$Z$140:$Z$182,APUS!#REF!,INSUMOS!D151),0) -> 0 | O151: =+N151-K151 -> 0 | Q151: =+IF(K151=0,"SI","NO") -> SI
C152: 138 | H152: 20 | I152: 50 | J152: =SUMIFS(APUS!Y:Y,APUS!M:M,INSUMOS!C152) -> 0 | K152: =+J152*I152 -> 0 | N152: =IFERROR(SUMIFS(APUS!$Z$140:$Z$182,APUS!#REF!,INSUMOS!D152),0) -> 0 | O152: =+N152-K152 -> 0 | Q152: =+IF(K152=0,"SI","NO") -> SI
C153: 139 | H153: 20 | I153: 50 | J153: =SUMIFS(APUS!Y:Y,APUS!M:M,INSUMOS!C153) -> 0 | K153: =+J153*I153 -> 0 | N153: =IFERROR(SUMIFS(APUS!$Z$140:$Z$182,APUS!#REF!,INSUMOS!D153),0) -> 0 | O153: =+N153-K153 -> 0 | Q153: =+IF(K153=0,"SI","NO") -> SI
C154: 140 | H154: 20 | I154: 50 | J154: =SUMIFS(APUS!Y:Y,APUS!M:M,INSUMOS!C154) -> 0 | K154: =+J154*I154 -> 0 | N154: =IFERROR(SUMIFS(APUS!$Z$140:$Z$182,APUS!#REF!,INSUMOS!D154),0) -> 0 | O154: =+N154-K154 -> 0 | Q154: =+IF(K154=0,"SI","NO") -> SI
C155: 141 | H155: 20 | I155: 50 | J155: =SUMIFS(APUS!Y:Y,APUS!M:M,INSUMOS!C155) -> 0 | K155: =+J155*I155 -> 0 | N155: =IFERROR(SUMIFS(APUS!$Z$140:$Z$182,APUS!#REF!,INSUMOS!D155),0) -> 0 | O155: =+N155-K155 -> 0 | Q155: =+IF(K155=0,"SI","NO") -> SI
C156: 142 | H156: 20 | I156: 50 | J156: =SUMIFS(APUS!Y:Y,APUS!M:M,INSUMOS!C156) -> 0 | K156: =+J156*I156 -> 0 | N156: =IFERROR(SUMIFS(APUS!$Z$140:$Z$182,APUS!#REF!,INSUMOS!D156),0) -> 0 | O156: =+N156-K156 -> 0 | Q156: =+IF(K156=0,"SI","NO") -> SI
... C163: 149 | H163: 20 | I163: 50 | J163: =SUMIFS(APUS!Y:Y,APUS!M:M,INSUMOS!C163) -> 0 | K163: =+J163*I163 -> 0 | N163: =IFERROR(SUMIFS(APUS!$Z$140:$Z$182,APUS!#REF!,INSUMOS!D163),0) -> 0 | O163: =+N163-K163 -> 0 | Q163: =+IF(K163=0,"SI","NO") -> SI
C164: 150 | D164: transporte quimicos y material filtros | G164: kg/km | H164: 20 | I164: 50 | J164: =SUMIFS(APUS!Y:Y,APUS!M:M,INSUMOS!C164) -> 0 | K164: =+J164*I164 -> 0 | N164: =IFERROR(SUMIFS(APUS!$Z$140:$Z$182,APUS!#REF!,INSUMOS!D164),0) -> 0 | O164: =+N164-K164 -> 0 | Q164: =+IF(K164=0,"SI","NO") -> SI
C165: 151 | H165: 20 | I165: 50 | J165: =SUMIFS(APUS!Y:Y,APUS!M:M,INSUMOS!C165) -> 0 | K165: =+J165*I165 -> 0 | N165: =IFERROR(SUMIFS(APUS!$Z$140:$Z$182,APUS!#REF!,INSUMOS!D165),0) -> 0 | O165: =+N165-K165 -> 0 | Q165: =+IF(K165=0,"SI","NO") -> SI
C166: 152 | H166: 20 | I166: 50 | J166: =SUMIFS(APUS!Y:Y,APUS!M:M,INSUMOS!C166) -> 0 | K166: =+J166*I166 -> 0 | N166: =IFERROR(SUMIFS(APUS!$Z$140:$Z$182,APUS!#REF!,INSUMOS!D166),0) -> 0 | O166: =+N166-K166 -> 0 | Q166: =+IF(K166=0,"SI","NO") -> SI
C167: 153 | H167: 20 | I167: 50 | J167: =SUMIFS(APUS!Y:Y,APUS!M:M,INSUMOS!C167) -> 0 | K167: =+J167*I167 -> 0 | N167: =IFERROR(SUMIFS(APUS!$Z$140:$Z$182,APUS!#REF!,INSUMOS!D167),0) -> 0 | O167: =+N167-K167 -> 0 | Q167: =+IF(K167=0,"SI","NO") -> SI
C168: 154 | H168: 20 | I168: 50 | J168: =SUMIFS(APUS!Y:Y,APUS!M:M,INSUMOS!C168) -> 0 | K168: =+J168*I168 -> 0 | N168: =IFERROR(SUMIFS(APUS!$Z$140:$Z$182,APUS!#REF!,INSUMOS!D168),0) -> 0 | O168: =+N168-K168 -> 0 | Q168: =+IF(K168=0,"SI","NO") -> SI
C169: 155 | H169: 20 | I169: 50 | J169: =SUMIFS(APUS!Y:Y,APUS!M:M,INSUMOS!C169) -> 0 | K169: =+J169*I169 -> 0 | N169: =IFERROR(SUMIFS(APUS!$Z$140:$Z$182,APUS!#REF!,INSUMOS!D169),0) -> 0 | O169: =+N169-K169 -> 0 | Q169: =+IF(K169=0,"SI","NO") -> SI
...

Sheet DESGLOCE DE PERSONAL
C2: =INSUMOS!E5 -> "CONSULTORIA PARA EL ANALISIS Y DIAGNOSITCO DEL ESTADO ESTRUCTURAL Y DE LAS REDES HIDROSANITARIAS DE LA EDIFICACION INCLUYENDO LA EVALUACION DEL SISTEMA HIDRAULICO DEL SOTANO DEL PALACIO DE JUSTICIA NUEVO DE ARAUCA, UBICADO EN LA CALLE 21, Y LA ELABORACION DE UNA PROPUESTA TECNICA PARA LA OPTIMIZACION Y/O REPARACIONES NECESARIAS"
C3: CONTRATANTE: | D3: =INSUMOS!E4 -> 0
C4: LOCALIZACION: | D4: =APUS!$O$5 -> ARAUCA, ARAUCA | G4: FECHA: | H4: =INSUMOS!J6 -> MARZO DE 2025
C6: DESGLOCE CUADRILLAS
C8: Salario 2025 | D8: 1423500
C9: Aux. Transp. 2025 | D9: 200000
C11: PORCENTAJE PRESTACIONES SOCIALES OBREROS | F11: PORCENTAJE PRESTACIONES SOCIALES PROFESIONALES
C12: Salud | D12: 0.125 | F12: Salud | J12: 0.125
C13: Pensión | D13: 0.16 | F13: Pensión | J13: 0.16
C14: ARL (Riesgo 5) | D14: 0.0696 | F14: ARL (Riesgo 5) | J14: 0.0696
C15: Vacaciones | D15: 0.0417 | F15: Vacaciones | J15: 0.0417
C16: Prima de servicio | D16: 0.0833 | F16: Prima de servicio | J16: 0.0833
C17: Cesantías | D17: 0.0833 | F17: Cesantías | J17: 0.0833
C18: Intereses de cesantías | D18: 0.01 | F18: Intereses de cesantías | J18: 0.01
C19: Sena | D19: 0.02 | F19: Sena | J19: 0.02
C20: ICBF | D20: 0.03 | F20: ICBF | J20: 0.03
C21: Caja de compensación familiar | D21: 0.04 | F21: Caja de compensación familiar | J21: 0.04
C22: Dotacion y EPP (Camisa, pantalon, gafas, tapabocas N95 y botas de seguridad) | D22: 0.1 | F22: Dotacion y EPP (Camisa, pantalon, gafas, tapabocas N95 y botas de seguridad)
C23: Otros (horas extras,auxilios, ect.) | D23: 0.0371 | F23: Otros (horas extras,auxilios, ect.)
C24: TOTAL | D24: =SUM(D12:D23) -> 0.8 | F24: TOTAL | J24: =SUM(J12:J23) -> 0.6629
C26: DESCRIPCION | D26: UND/FACT | E26: CANT. | F26: JORNAL | G26: AUXILIO DE TRANSPORTE | H26: INCREMENTO DIARIO POR DESPLAZAMIENTO | I26: Pres. (80%) | J26: JORNAL TOTAL O VR. UNIT.
C27: M.O. ALBAÑILERIA | D27: FM
C28: Oficial Albañileria | D28: 1 | E28: 1 | F28: =ROUND((((($D$8+$D$9)/30)*1.45)*D28),0) -> 78469 | G28: =$D$9/30 -> 6666.6667 | H28: 0 | I28: =ROUND((F28+G28)*$D$24,0) -> 68109 | J28: =+SUM(F28:I28) -> 153244.67
C29: Ayudante Albañileria | D29: =+D28 -> 1 | E29: 1 | F29: =ROUND((((($D$8+$D$9)/30)*1.05)*D29),0) -> 56823 | G29: =$D$9/30 -> 6666.6667 | H29: =$H$28 -> 0 | I29: =ROUND((F29+G29)*$D$24,0) -> 50792 | J29: =+SUM(F29:I29) -> 114281.67
C31: M.O. ACABADOS | D31: FM | G31: =+SUM(G32:G33) -> 13333.333 | H31: =+SUM(H32:H33) -> 0 | I31: =+SUM(I32:I33) -> 124313 | J31: =+SUM(H31:I31) -> 124313
C32: Oficial Acabados | D32: 1.05 | E32: 1 | F32: =ROUND((((($D$8+$D$9)/30)*1.45)*D32),0) -> 82393 | G32: =$D$9/30 -> 6666.6667 | H32: =$H$28 -> 0 | I32: =ROUND((F32+G32)*$D$24,0) -> 71248 | J32: =+SUM(F32:I32) -> 160307.67
C33: Ayudante Acabados | D33: =+D32 -> 1.05 | E33: 1 | F33: =ROUND((((($D$8+$D$9)/30)*1.05)*D33),0) -> 59664 | G33: =$D$9/30 -> 6666.6667 | H33: =$H$28 -> 0 | I33: =ROUND((F33+G33)*$D$24,0) -> 53065 | J33: =+SUM(F33:I33) -> 119395.67
C35: M.O. SOLDADOR | D35: FM
C36: Oficial Soldador | D36: 1.15 | E36: 1 | F36: =ROUND((((($D$8+$D$9)/30)*1.45)*D36),0) -> 90240 | G36: =$D$9/30 -> 6666.6667 | H36: =$H$28 -> 0 | I36: =ROUND((F36+G36)*$D$24,0) -> 77525 | J36: =+SUM(F36:I36) -> 174431.67
C37: Ayudante Soldador | D37: =+D36 -> 1.15 | E37: 1 | F37: =ROUND((((($D$8+$D$9)/30)*1.05)*D37),0) -> 65346 | G37: =$D$9/30 -> 6666.6667 | H37: =$H$28 -> 0 | I37: =ROUND((F37+G37)*$D$24,0) -> 57610 | J37: =+SUM(F37:I37) -> 129622.67
C39: M.O. HIDROSANITARIO | D39: FM
C40: Oficial Hidrosanitario | D40: 1.1 | E40: 1 | F40: =ROUND((((($D$8+$D$9)/30)*1.45)*D40),0) -> 86316 | G40: =$D$9/30 -> 6666.6667 | H40: =$H$28 -> 0 | I40: =ROUND((F40+G40)*$D$24,0) -> 74386 | J40: =+SUM(F40:I40) -> 167368.67
C41: Ayudante Hidrosanitario | D41: =+D40 -> 1.1 | E41: 1 | F41: =ROUND((((($D$8+$D$9)/30)*1.05)*D41),0) -> 62505 | G41: =$D$9/30 -> 6666.6667 | H41: =$H$28 -> 0 | I41: =ROUND((F41+G41)*$D$24,0) -> 55337 | J41: =+SUM(F41:I41) -> 124508.67
C43: M.O. ELECTRICOS | D43: FM
C44: Oficial Electrico | D44: 1.2 | E44: 1 | F44: =ROUND((((($D$8+$D$9)/30)*1.45)*D44),0) -> 94163 | G44: =$D$9/30 -> 6666.6667 | H44: =$H$28 -> 0 | I44: =ROUND((F44+G44)*$D$24,0) -> 80664 | J44: =+SUM(F44:I44) -> 181493.67
C45: Ayudante Electrico | D45: =+D44 -> 1.2 | E45: 1 | F45: =ROUND((((($D$8+$D$9)/30)*1.05)*D45),0) -> 68187 | G45: =$D$9/30 -> 6666.6667 | H45: =$H$28 -> 0 | I45: =ROUND((F45+G45)*$D$24,0) -> 59883 | J45: =+SUM(F45:I45) -> 134736.67
C47: M.O. PINTURA | D47: FM
C48: Oficial PINTURA | D48: 1.1 | E48: 1 | F48: =ROUND((((($D$8+$D$9)/30)*1.45)*D48),0) -> 86316 | G48: =$D$9/30 -> 6666.6667 | H48: =$H$28 -> 0 | I48: =ROUND((F48+G48)*$D$24,0) -> 74386 | J48: =+SUM(H48:I48) -> 74386
C49: Ayudante PINTURA | D49: =D48 -> 1.1 | E49: 1 | F49: =ROUND((((($D$8+$D$9)/30)*1.05)*D49),0) -> 62505 | G49: =$D$9/30 -> 6666.6667 | H49: =$H$28 -> 0 | I49: =ROUND((F49+G49)*$D$24,0) -> 55337 | J49: =+SUM(H49:I49) -> 55337
C51: M.O. TOPOGRAFIA | D51: FM
C52: TOPOGRAFO | D52: 1 | E52: 1 | F52: =ROUND((((($D$8+$D$9)/30)*1.75)*D52),0) -> 94704 | G52: =$D$9/30 -> 6666.6667 | H52: =$H$28 -> 0 | I52: =ROUND((F52+G52)*$D$24,0) -> 81097 | J52: =+SUM(F52:I52) -> 182467.67
C53: CADENERO | D53: 1 | E53: 1 | F53: =ROUND((((($D$8+$D$9)/30)*1.35)*D53),0) -> 73058 | G53: =$D$9/30 -> 6666.6667 | H53: =$H$28 -> 0 | I53: =ROUND((F53+G53)*$D$24,0) -> 63780 | J53: =+SUM(F53:I53) -> 143504.67
C57: DESCRIPCION | E57: SUELDO BASICO | F57: PREST. | G57: V. PREST. | H57: V. APAGAR
C58: Director de Obra | E58: =3*D8 -> 4270500 | F58: =$J$24 -> 0.6629 | G58: =E58*F58 -> 2830914.5 | H58: =E58+G58 -> 7101414.5
C59: Residente de Obra (Ingeniero Civil) | E59: =2.2*D8 -> 3131700 | F59: =$J$24 -> 0.6629 | G59: =E59*F59 -> 2076003.9 | H59: =E59+G59 -> 5207703.9
C60: Auxiliar de ingenieria | E60: =1.8*D8 -> 2562300 | F60: =$J$24 -> 0.6629 | G60: =E60*F60 -> 1698548.7 | H60: =E60+G60 -> 4260848.7
C61: Ingeniero ambiental | E61: 2000000 | F61: =$J$24 -> 0.6629 | G61: =E61*F61 -> 1325800 | H61: =E61+G61 -> 3325800
C62: Ingeniero de apoyo(Especialista en hidraulica) | E62: 3500000 | F62: =$J$24 -> 0.6629 | G62: =E62*F62 -> 2320150 | H62: =E62+G62 -> 5820150
C63: Ingeniero de apoyo(Especialista hidraulico) | E63: =3*D8 -> 4270500 | F63: =$J$24 -> 0.6629 | G63: =E63*F63 -> 2830914.5 | H63: =E63+G63 -> 7101414.5
C64: Ingeniero de apoyo(Especialista electrico) | E64: =3*D8 -> 4270500 | F64: =$J$24 -> 0.6629 | G64: =E64*F64 -> 2830914.5 | H64: =E64+G64 -> 7101414.5
C65: Apoyo ingeniería, gestión de calidad y SISO | E65: =1.8*D8 -> 2562300 | F65: =$J$24 -> 0.6629 | G65: =E65*F65 -> 1698548.7 | H65: =E65+G65 -> 4260848.7
C66: Secretaria | E66: =1.6*D8 -> 2277600 | F66: =$D$24 -> 0.8 | G66: =E66*F66 -> 1822080 | H66: =E66+G66 -> 4099680
C67: Contadora | E67: =1.8*D8 -> 2562300 | F67: =$D$24 -> 0.8 | G67: =E67*F67 -> 2049840 | H67: =E67+G67 -> 4612140
C68: Vigilancia de materiales y equipos | E68: =1.5*D8 -> 2135250 | F68: =$D$24 -> 0.8 | G68: =E68*F68 -> 1708200 | H68: =E68+G68 -> 3843450
C69: Almacenista | E69: =1.3*D8 -> 1850550 | F69: =$D$24 -> 0.8 | G69: =E69*F69 -> 1480440 | H69: =E69+G69 -> 3330990
C70: Conductor vehiculo | E70: =1.8*D8 -> 2562300 | F70: =$D$24 -> 0.8 | G70: =E70*F70 -> 2049840 | H70: =E70+G70 -> 4612140
C72: Se asumen factores multiplicadores por cada una de las diferentes actividades de las cuadrilas, según el nivel de dificultad de la labor desarrollada y tomando en cuenta el conocimiento para la ejecucion de cada actividad.
C75: ELABORÓ: | F75: APROBÓ:
C80: =INFORMACION!C25 -> ING. EDGAR VILLEGAS PALLARES | F80: =INFORMACION!C14 -> 0
C81: =INFORMACION!C26 -> MP 54202136467 NTS | F81: =INFORMACION!C15 -> 0
F82: =INFORMACION!C16 -> ARAUCA, ARAUCA

Sheet AIU
B2: ADMINISTRACION, IMPREVISTOS Y UTILIDAD (A.I.U.)
B3: PROYECTO: | C3: =INFORMACION!$A$3 -> "CONSULTORIA PARA EL ANALISIS Y DIAGNOSITCO DEL ESTADO ESTRUCTURAL Y DE LAS REDES HIDROSANITARIAS DE LA EDIFICACION INCLUYENDO LA EVALUACION DEL SISTEMA HIDRAULICO DEL SOTANO DEL PALACIO DE JUSTICIA NUEVO DE ARAUCA, UBICADO EN LA CALLE 21, Y LA ELABORACION DE UNA PROPUESTA TECNICA PARA LA OPTIMIZACION Y/O REPARACIONES NECESARIAS"
B4: CONTRATANTE: | D4: =INFORMACION!A12 -> 0
B5: OBJETO: | C5: DISCRIMINACION ADMINISTRACION
B6: =PPTO!C4 -> LOCALIZACION: ARAUCA, ARAUCA | E6: FECHA: | H6: =PPTO!H4 -> MARZO DE 2025
E8: COSTO DIRECTO | I8: =+PPTO!H139 -> 770230593
C9: ADMINISTRACION | D9: =I58 -> 0.1519 | E9: VALOR DE LA ADMINISTRACION | I9: =+PPTO!H140 -> 116998027
C10: IMPREVISTOS | D10: 0.03 | E10: VALOR DE IMPREVISTOS | I10: =+PPTO!H141 -> 23106918
C11: UTILIDADES | D11: 0.05 | E11: VALOR DE UTILIDADES | I11: =+PPTO!H142 -> 38511530
E12: COSTO TOTAL OBRA | I12: =+PPTO!H146 -> 956164259
E13: PPTO INTERVENTORIA | I13: =+PPTO!#REF! -> #REF!
E14: PPTO INTERVENTORIA | I14: =+PPTO!H143 -> 7317191
E15: COSTO TOTAL DEL PROYECTO | I15: =+PPTO!#REF! -> #REF!
B17: ANALISIS DE GASTOS DE ADMINISTRACION
B19: A | C19: EJECUCION FISICA DEL CONTRATO | I19: =SUM(I20:I47) -> 0.0555
C20: ADMINISTRACIÓN
C21: GASTOS PERSONAL DE OBRA
B22: 1 | C22: Director de Obra | E22: ='DESGLOCE DE PERSONAL'!H58 -> 7101414.5 | F22: =INFORMACION!A22 -> 3 | G22: 0.5 | H22: =ROUND(E22*F22*G22,0)*B22 -> 10652122 | I22: =ROUND(((H22*100%)/$I$8),4) -> 0.0138
B23: 1 | C23: Residente de Obra (Ingeniero Civil) | D23: Residente de Obra (Ingeniero Civil o de Vías) | E23: ='DESGLOCE DE PERSONAL'!H59 -> 5207703.9 | F23: =+$F$22 -> 3 | G23: 0.5 | H23: =ROUND(E23*F23*G23,0)*B23 -> 7811556 | I23: =ROUND(((H23*100%)/$I$8),4) -> 0.0101
B24: 1 | C24: Auxiliar de Ingeniero civil | D24: Residente de Obra (Ingeniero Civil o de Vías) | E24: ='DESGLOCE DE PERSONAL'!H60 -> 4260848.7 | F24: =+$F$22 -> 3 | G24: 1 | H24: =ROUND(E24*F24*G24,0)*B24 -> 12782546 | I24: =ROUND(((H24*100%)/$I$8),4) -> 0.0166
B25: 0 | C25: Apoyo ingeniería, gestión de calidad y SISO | E25: ='DESGLOCE DE PERSONAL'!H65 -> 4260848.7 | F25: =+$F$22 -> 3 | G25: 1 | H25: =ROUND(E25*F25*G25,0)*B25 -> 0 | I25: =ROUND(((H25*100%)/$I$8),4) -> 0
B26: 0 | C26: Ingeniero de apoyo(Especialista hidraulico) | E26: ='DESGLOCE DE PERSONAL'!H62 -> 5820150 | F26: =+$F$22 -> 3 | G26: 0.5 | H26: =ROUND(E26*F26*G26,0)*B26 -> 0 | I26: =ROUND(((H26*100%)/$I$8),4) -> 0
B27: 0 | C27: Ingeniero de apoyo(Especialista electrico) | E27: ='DESGLOCE DE PERSONAL'!H64 -> 7101414.5 | F27: =+$F$22 -> 3 | G27: 0.5 | H27: =ROUND(E27*F27*G27,0)*B27 -> 0 | I27: =ROUND(((H27*100%)/$I$8),4) -> 0
B28: 0 | C28: Vigilancia de materiales y equipos | E28: ='DESGLOCE DE PERSONAL'!H68 -> 3843450 | F28: =+$F$22 -> 3 | G28: 1 | H28: =ROUND(E28*F28*G28,0)*B28 -> 0 | I28: =ROUND(((H28*100%)/$I$8),4) -> 0
B29: 0 | C29: Contadora | E29: ='DESGLOCE DE PERSONAL'!H67 -> 4612140 | F29: =+$F$22 -> 3 | G29: 0.25 | H29: =ROUND(E29*F29*G29,0)*B29 -> 0 | I29: =ROUND(((H29*100%)/$I$8),4) -> 0
B30: 1 | C30: Secretaria | E30: ='DESGLOCE DE PERSONAL'!H66 -> 4099680 | F30: =+$F$22 -> 3 | G30: 0.5 | H30: =ROUND(E30*F30*G30,0)*B30 -> 6149520 | I30: =ROUND(((H30*100%)/$I$8),4) -> 0.008
B31: 0 | C31: Almacenista | E31: ='DESGLOCE DE PERSONAL'!H69 -> 3330990 | F31: =+$F$22 -> 3 | G31: 1 | H31: =ROUND(E31*F31*G31,0)*B31 -> 0 | I31: =ROUND(((H31*100%)/$I$8),4) -> 0
C32: Gastos Administrativos
B33: 0 | C33: Alquiler de oficina | E33: 2500000 | F33: =+$F$22 -> 3 | H33: =+E33*F33*B33 -> 0 | I33: =ROUND(((H33*100%)/$I$8),4) -> 0
B34: 1 | C34: Papeleria, mensajeria, fotocopias, cd, etc) | E34: 500000 | F34: =+$F$22 -> 3 | H34: =+E34*F34*B34 -> 1500000 | I34: =ROUND(((H34*100%)/$I$8),4) -> 0.0019
B35: 1 | C35: Edicion de Informes (mensuales y final, incluye ploteo de planchas o planos original en papel de seguridad y una copia en papel bond y archivos magneticos) conclusiones y recomendaciones. | E35: 500000 | F35: =+$F$22 -> 3 | H35: =+E35*F35*B35 -> 1500000 | I35: =ROUND(((H35*100%)/$I$8),4) -> 0.0019
B36: 0 | C36: Servicio electrico para equipos de oficina | E36: 350000 | F36: =+$F$22 -> 3 | H36: =+E36*F36*B36 -> 0 | I36: =ROUND(((H36*100%)/$I$8),4) -> 0
B37: 0 | C37: Servicio de agua para personal de oficina | E37: 300000 | F37: =+$F$22 -> 3 | H37: =+E37*F37*B37 -> 0 | I37: =ROUND(((H37*100%)/$I$8),4) -> 0
B38: 0 | C38: Servicio de de internet y comunicación de oficina | E38: 200000 | F38: =+$F$22 -> 3 | H38: =+E38*F38*B38 -> 0 | I38: =ROUND(((H38*100%)/$I$8),4) -> 0
B39: 1 | C39: Ensayos de laboratorio RESISTENCIA DEL CONCRETO, 3 muestras (7, 14 y 28 dias) por cada elemento en concreto | E39: 60000 | F39: 3 | H39: =+E39*F39*B39 -> 180000 | I39: =ROUND(((H39*100%)/$I$8),4) -> 0.0002
B40: 0 | C40: Ensayo de campo, DENSIDADES EN SITIU | E40: 100000 | F40: 0 | H40: =+E40*F40*B40 -> 0 | I40: =ROUND(((H40*100%)/$I$8),4) -> 0
C41: Gastos de campamento
B42: 0 | C42: Campamento y almacen para materiales (cemento) | E42: 2500000 | F42: 1 | H42: =+E42*F42*B42 -> 0 | I42: =ROUND(((H42*100%)/$I$8),4) -> 0
B43: 0 | C43: alquiler Baño portatil no incluye transporte | E43: 600000 | F43: =+$F$22 -> 3 | H43: =+E43*F43*B43 -> 0 | I43: =ROUND(((H43*100%)/$I$8),4) -> 0
B44: 0 | C44: Muebles (mesa y silla) | E44: 450000 | F44: 4 | H44: =+E44*F44*B44 -> 0 | I44: =ROUND(((H44*100%)/$I$8),4) -> 0
C45: Papso
B46: 0 | C46: Papso | E46: 770000 | F46: =+$F$22 -> 3 | H46: =+E46*F46 -> 2310000 | I46: =ROUND(((H46*100%)/$I$8),4) -> 0.003
B48: B | C48: GASTOS DE LEGALIZACION | I48: =SUM(I49:I54) -> 0.0864
B49: 1 | C49: RETE FTE CONTRATO DE OBRA | F49: 0.02 | H49: =(SUM($I$8))*F49 -> 15404612 | I49: =ROUND(((H49*100%)/$I$8),4) -> 0.02
B50: 1 | C50: RETE ICA | F50: 0.01 | H50: =(SUM($I$8))*F50 -> 7702305.9 | I50: =ROUND(((H50*100%)/$I$8),4) -> 0.01
B51: 1 | C51: RETE IVA | F51: 0.15 | H51: =+I14*F51 -> 1097578.6 | I51: =ROUND(((H51*100%)/$I$8),4) -> 0.0014
